Workbook

Sheet INSTRUCTIVO
A1: INSTRUCCIONES PARA CARGUE DE INFORMACIÓN EN ESTE ARCHIVO PRESUPUESTAL
A2: 1 | B2: El presente documento se ajusta al ANEXO TECNICO y se trata de actividades para el mantenimiento, adecuación y mejoramiento de bienes inmuebles a disposición de la UNP a nivel nacional.
A3: 2 | B3: La hoja denominada (ESPECIF) corresponde a la denominación y descripción de las especificaciones tecnicas de cada una de esas 146 actividades.
A4: 3 | B4: Las hojas cuya pestaña esta en color ROJO se encuentran BLOQUEADAS y por tanto son meramente informativas para el diligenciamiento del presupuesto.
A5: 4 | B5: Las hojas cuya pestaña esta en color VERDE se encuentran HABILITADAS para el diligenciamiento de los valores que corresponadan y sean incorporados a los A.P.U. formulados
A6: 5 | B6: Los insumos que forman parte de los APU (analisis de precios unitarios) se contemplan igualemnte en 4 grupos a saber
A7: 6 | B7: MATERIALES E INSUMOS: (MAT-INSM) 197 items, HERRAMIENTAS Y EQUIPOS: (HRR-EQP) 41 items, MANO DE OBRA: (MAN-OBR) 96 items, OTROS INSUMOS: (OTROS) 6 items.
A8: 7 | B8: Este formato es netamente presupuestal, por lo que debe ser diligenciado solamente de forma numerica, por lo que solicitamos abstenerse de modificar textos o incluir casillas nuevas
A9: 8 | B9: Los insumos que forman parte de los APU (analisis de precios unitarios) son un total de 340, que deban ser diligenciados en su totalidad en la columna (COSTO 2025) de cada hoja (HABILITADA)
A10: 9 | B10: Luego de llenado el valor de los insumos en las 4 hojas (MAT-INSM, HRR-EQP, MAN-OBR, OTROS) se debe verificar que todos los APU, tengan cargados todos los valores.
A11: 10 | B11: Al diligenciar los valores indicados, estos quedaran cargados en las hojas (APU-CP1 a APU-CP7) y a su vez seran en la hoja (RESUMEN) donde le permitira visualizar el valor de cada item.
A12: 11 | B12: Los rendimientos de insumos aplicados por parte de la entidad se ajustan a los observados en desarrollo de labores similares y para el caso de este proceso, son inmodificables.
A13: 12 | B13: La hoja denominada (AIU), debe ser diligenciada con los respectivos porcentajes de incidencia definidos según la estructura administrtiva y funcional de cada empresa.
A14: 13 | B14: Agradecemos no modificar textos, ni incluir casillas nuevas en cada uno de las hojas activas y para cualquier observacion debera ser incluido en la hoja de OBSERVACIONES (OBS)

Sheet ESPECIF
A1: ESPECIFICACIONES TECNICAS PARA MANTENIMIENTO, ADECUACION Y MEJORAMIENTO DE INFRAESTRUTURA FISICA DE LA UNP
A2: ITEM | B2: DEFINICION DEL ITEM | C2: UN. DE MEDIDA | D2: DESCRIPCIÓN TECNICA DE LA ACTIVIDAD
A3: 1 | B3: CAPITULO 1 ACTIVIDADES PRELIMINARES | C3: UNIDAD | D3: DESCRIPCIÓN TECNICA
A4: =A3+0.01 -> 1.01 | B4: Desmonte o desinstalación de puestos de trabajo, incluye trasiego. | C4: m2 | D4: Este ítem se refiere al desmonte de los puestos de trabajo que se encuentran instalados en los espacios a intervenir incluye el desmonte de paneles divisorios, herrajes, elementos de soporte y desinstalación de puntos eléctricos y datos; se debe tener especial cuidado con todos los elementos del puesto de trabajo; Aquellos elementos que no estén dentro de la reutilización se deben entregar al contratante para su almacenamiento. El trasiego interno va por cuenta del contratista y bajo las instrucciones del contratante para su disposición.
A5: =A4+0.01 -> 1.02 | B5: Desmonte de canaleta incluido cableado y aparatos eléctricos y de datos. | C5: ml | D5: Este ítem se refiere al retiro de las canaletas metalicas o plasticas instaladas para contener cableados electricos y de voz o datos, por lo tanto la actividad incluye el retiro de la totalidad de los elementos contenidos y anexos a la canaleta, como actividad integral. El retiro, transporte y disposcicón final de los elementos retirados como resultante de la actividad estarán a cargo del contratista, incluidos en el costo de esta.
A6: =A5+0.01 -> 1.03 | B6: Suspension de puntos electricos, incluye descableado. | C6: un | D6: Este ítem se refiere al retiro cableado, ducterias, aparatos de control y elementos de iluminación instalados, la actividad debe grantizar el corte total de fluido elctrico en redes desmontadas y la instalación de tapas ciegas sobre cajas de salidas; los residuos resultantes de la actividad, al desmonte los elementos posterior almacenamiento, transportándolas y disposición final en cumplimiento de las normas RETIE, RETILAP, NTC-4552 (1, 2, 3 Versión 2008), NTC–2050
A7: =A6+0.01 -> 1.04 | B7: Desmonte o desinstalación de puertas entamboradas en madera, incluido marco. | C7: un | D7: Este ítem se refiere a las actividades, equipos e insumos necesarios para desmontar y retirar las puertas de madera incluyendo el marco, según indicaciones del contratante. Comprende el trasiego interno si aplica su traslado.
A8: =A7+0.01 -> 1.05 | B8: Desmonte o desinstalación de puertas o ventanas en perfiles de acero o aluminio, incluidos marcos y vidrios. | C8: m2 | D8: Este ítem se refiere a los trabajos necesarios para desmontar y retirar las puertas en madera incluyendo el marco de las zonas de ejecución, previamente indicadas por el contratante.
A9: =A8+0.01 -> 1.06 | B9: Desmonte o desinstalación de divisiones de oficinas, metálicas o madera. | C9: m2 | D9: Este ítem se refiere a los trabajos necesarios para desmontar y retirar las divisiones de oficinas o puestos de trabajo en madera o metálica en las zonas de ejecución, previamente indicadas por el contratante. Comprende el trasiego interno si aplica su traslado.
A10: =A9+0.01 -> 1.07 | B10: Desmonte de mueble inferior o superior y superficies de cocina. | C10: un | D10: Este ítem se refiere a los trabajos necesarios para desmontar y retirar los mueble inferior o superiores de cocinas o bibliotecas fijas, previamente indicadas por el contratante. incluye el trasiego interno si aplica su traslado.
A11: =A10+0.01 -> 1.08 | B11: Desmonte de aparatos sanitarios, lavamanos y/o orinales, incluye trasiego interno. | C11: un | D11: Este ítem se refiere a los trabajos necesarios para desmontar y retirar los aparatos sanitarios de baños, previamente indicadas por el contratante. incluye el trasiego interno si aplica su traslado.
A12: =A11+0.01 -> 1.09 | B12: Reinstalación de aparatos sanitarios, lavamanos y/o orinales, incluye trasiego interno. | C12: un | D12: Este ítem se refiere a los trabajos necesarios para la instalación de los aparatos sanitarios reutilizados para baños, previamente indicadas por el contratante. Comprende el trasiego interno si aplica su traslado.
A13: =A12+0.01 -> 1.1 | B13: Desmonte cielo raso en drywall, duracustick o similar incluye retiro de estructura. | C13: m2 | D13: Este ítem se refiere a trabajos de demolición de cielos rasos de drywall, duracustick o similar, se realizará por medios manuales, demarcando de antemano la línea de corte con cortadora de disco, retirar, despejar y limpiar el área a trabajar, y todos los materiales extraños que obstaculicen las labores posteriores. Incluye cargue y retiro de escombros.
A14: =A13+0.01 -> 1.11 | B14: Desmonte o desinstalación de vidrio templado o puerta en vidrio de 6 a 10 mm división oficina piso techo. | C14: m2 | D14: Este ítem se refiere a los trabajos necesarios para desmontar paneles en vidrio o puertas de vidrio de oficinas o puestos de trabajo en las zonas de ejecución, previamente indicadas por el contratante. Comprende el trasiego interno si aplica su traslado.
A15: =A14+0.01 -> 1.12 | B15: Demolición muro en sistema stell framing o similar incluye retiro de estructura. | C15: m2 | D15: Este ítem se refiere a los trabajos de demolición o desmonte de muros en drywall, fibrocemento o similar, incluidos elementos de estructura metálica, se realizará por medios manuales, demarcando de antemano la línea de corte con cortadora de disco y se debe retirar, despejar y limpiar el área a intervenir y todos los materiales extraños que obstaculicen las labores posteriores. Incluye cargue, transporte y disposición de escombros.
... A21: =A20+0.01 -> 1.18 | B21: Montaje o armado de puestos de trabajo, incluye trasiego interno. | C21: m2 | D21: Este ítem se refiere al montaje de los puestos de trabajo que se reutilizaran en los espacios a intervenir. Incluye el montaje de paneles divisorios, herrajes, elementos de soporte e instalación de puntos eléctricos y datos. El trasiego interno va por cuenta del contratista y bajo las instrucciones del contratante para su disposición.
A22: 2 | B22: CAPITULO 2 BASES PISOS Y ACABADOS | C22: UNIDAD | D22: DESCRIPCIÓN TECNICA
A23: =A22+0.01 -> 2.01 | B23: Alistado de piso en mortero 1:3 afinado e=4cm. | C23: m2 | D23: Este ítem se refiere a la aplicación de mortero para la nivelación y preparación de superficies irregulares y bruscas de losas estructurales o placas de contra piso, con mortero e=4cm mezclados en proporción de una parte de cemento portland por 3 partes de arena lavada o semilavada de pozo o de cantera, el material extendido y afinado, deberá ofrecer una superficie nivelada, homogénea y sin resaltos que permita recibir la instalación de acabados de pisos tales como tablones de gres, tabletas cerámicas o porcelánicas, maderas naturales o contrachapadas, laminadas, PVC, spc o alfombras entre otros.
A24: =A23+0.01 -> 2.02 | B24: Alistado de piso en mortero impermeabilizado 1:3 afinado e=4cm. | C24: m2 | D24: Este ítem se refiere a la aplicación de mortero para la nivelación y preparación de superficies irregulares y bruscas de losas estructurales o placas de contra piso, con mortero e=4cm para recibir acabados de pisos tales como paquetón de madera, listón, tabletas cerámicas, tabletas vibro prensadas de granito, alfombras y vinisol.
A25: =A24+0.01 -> 2.03 | B25: Suministro e instalación de enchapes cerámicos para pisos y/o muros. | C25: m2 | D25: Este ítem se refiere a la instalación del revestimiento cerámico sobre el piso o pared previamente realistado y afinado a nivel, la instalación de esta cerámica permite la terminación del piso o pared obteniendo un excelente acabado con baldosas puestas según la forma que la interventoría requiera teniendo en cuenta la dilatación con la que serán insta ladas las baldosa. Se debe verificar que el piso o pared donde se va a instalar el revestimiento cerámico este nivelado, sin protuberancias y aseado, de no ser así limpiarlo y verificar lotes de fabricación de cerámica para garantizar texturas y colores uniformes, según el área y la forma como se instalará la cerámica, se define los despieces y orden de colocación de las baldosas, dejando las piezas cortadas (si se requieren) en el lugar menos visible. Preparar la pega es decir remojar el pegante cerámico con agua suficiente e indicada por el fabricante del material. Alinear las hiladas de baldosa con hilos transversales en el caso del piso. Extender la pega sobre la baldosa con llana metálica dentada para que forme ranuras horizontales y esta se adhiera mejor al piso y a la pared, esta pega debe tener un grosor mínimo de 5 mm. Colocar sobre el piso y la pared la baldosa dando golpes suaves sobre ella con el martillo de caucho, para que esta se adhiera mejor a la superficie. (Colocar las hiladas de baldosa transversales sucesivas, dejando un piso uniforme y continuo). Se debe tener cuidado con las juntas, estas deben estar hiladas y con igual espesor. Las juntas del enchape del muro deben coincidir con las juntas de la cerámica del piso. Una vez fraguado la pega se procede al sellado o emboquillado de las juntas con una lechada de boquilla con color según la baldosa, utilizando para ello un elemento no metálico para evitar ralladuras. (Con una espátula de caucho y boquilla se rellenan las juntas). Posteriormente se procederá a efectuar una primera limpieza en seco con esponja o tela para retirar sobrantes del material de emboquillado. Transcurridas 24 horas, la superficie enchapada se lavará con agua, retirándose todo sobrante de mezcla o pegante, debiéndose mantener protegida y limpia. En los remates, intersecciones de muros (filos) que indique la interventoría, se utilizarán esquineras de aluminio. Los extremos cortados de las piezas deberán pulirse.
A26: =A25+0.01 -> 2.04 | B26: Suministro e instalación de Guarda escoba en cerámica. | C26: ml | D26: Este ítem se refiere a la instalación del guarda escobas en cerámica, la instalación permite la terminación del piso obteniendo un excelente acabado según la forma que el contratante lo requiera teniendo en cuenta instalación de wines metálicos o plásticos, de acuerdo con las descripciones indicadas por el contratante contratante y/o interventoría
A27: =A26+0.01 -> 2.05 | B27: Suministro e instalación de piso vinílico SPC, incluye renivelación sobre piso existente. | C27: m2 | D27: Este ítem se refiere a la instalación de piso vinílico tipo SPC, texturas tipo madera o similares, sobre el piso previamente alistado y afinado a nivel, labor esta incluida y que se debe realizar con morteros listos o masillas acrílicas, dependiendo del estado y material existente sobre la superficie donde se vaya a instalar el piso, y previo tratamiento de limpieza que permita las mejores condiciones de adherencia del material nivelante que garantice la estabilidad de capas delgadas, es decir entre 1mm y 4 mm de espesor y luego del debido tiempo de secado se procederá a la instalación que permita la terminación homogénea y nivelada del piso, según la forma que el contratante lo requiera teniendo en cuenta instalación de pirlanes de remate, de acuerdo con las descripciones indicadas por el contratante contratante y/o interventoría. Se debe verificar lotes de fabricación de material para garantizar texturas y colores uniformes. Se debe verificar niveles y pendientes del piso, según el área y la forma como se instalará el insumo, se define los despieces y orden de colocación de los listones de PVC, dejando las piezas cortadas (si se requieren) en el lugar menos visible. Dejar sobre una superficie plana y seca el lote de PVC seis horas antes de su instalación, posteriormente se procederá a efectuar una primera limpieza en seco con esponja o tela para retirar material o polvo evitando los rayones.
A28: =A27+0.01 -> 2.06 | B28: Suministro e instalación de guarda escoba en madera. | C28: ml | D28: Este ítem se refiere a la instalación del guarda escobas en MDF tipo Madera, la instalación permite la terminación del piso obteniendo un excelente según la forma que el contratante lo requiera teniendo en cuenta instalación de pirlanes, de acuerdo con las descripciones indicadas por el contratante contratante.
A29: =A28+0.01 -> 2.07 | B29: Suministro e instalación de tablón de gres liso o rústico desde 11x11 hasta 33x 33 zonas exteriores e interiores. | C29: m2 | D29: Este ítem se refiere a la instalación de piso tipo tablón de gres sobre el piso que se debe verificar que el piso o pared donde se va a instalar el revestimiento de gres este nivelado, sin protuberancias y aseado, de no ser así limpiarlo y verificar lotes de fabricación de cerámica para garantizar texturas y colores uniformes, según el área y la forma como se instalará la cerámica, se define los despieces y orden de colocación de los tablones, dejando las piezas cortadas (si se requieren) en el lugar menos visible, preparar la pega es decir remojar el mortero 1:3 con agua suficiente e indicada por el fabricante del material. Alinear las hiladas de baldosa con hilos transversales en el caso del piso. Extender la pega sobre la baldosa con llana metálica dentada para que forme ranuras horizontales y esta se adhiera mejor al piso y a la pared, esta pega debe tener un grosor mínimo de 5 mm. Colocar sobre el piso y la pared la baldosa dando golpes suaves sobre ella con el martillo de caucho, para que esta se adhiera mejor a la superficie. (Colocar las hiladas de baldosa transversales sucesivas, dejando un piso uniforme y continuo). Se debe tener cuidado con las juntas, estas deben estar hiladas y con igual espesor. Las juntas del enchape del muro deben coincidir con las juntas del tablón de piso. Una vez fraguado la pega se procede al sellado o emboquillado de las juntas con una lechada de boquilla con color según la baldosa, utilizando para ello un elemento no metálico para evitar ralladuras. (Con una espátula de caucho y boquilla se rellenan las juntas). Posteriormente se procederá a efectuar una primera limpieza en seco con esponja o tela para retirar sobrantes del material de emboquillado. Transcurridas 24 horas, la superficie enchapada se lavará con agua, retirándose todo sobrante de mezcla o pegante, debiéndose mantener protegida y limpia. En los remates, intersecciones de muros (filos) que indique la interventoría, se utilizarán esquineras de aluminio. Los extremos cortados de las piezas deberán pulirse.
A30: =A29+0.01 -> 2.08 | B30: Construcción de rampa en concreto incluye demolición, relleno, placa de concreto y refuerzo, terminada en cemento escobillado. | C30: m2 | D30: Este ítem se refiere a la construcción de un elemento de piso inclinado para la circulación peatonal que conecta espacios dispuestos a dos diferentes niveles conservando la pendiente, ancho, textura adecuadas para la circulación segura para todas las personas, incluidos usuarios en condiciones de discapacidad o movilidad reducida y entre tanto se contemplan las actividades necesarias: Demoliciones de pisos o placas, rellenos en recebo compactado, placa en concreto de 3000 p.s.i, en espesor de 10 cm, terminada en textura escobillada, rematados filos y dilataciones, actividades estas que serán ejecutadas según especificaciones tecnicas de este anexo. pero el valor de este item sera el producto de la sumatoria de los costos de las diversas actividades y su prorrateo por m2 de esta actividad. Acorde a los planos presentados por el contratante para cada caso especifico, el presente item se trata de la
A31: =A30+0.01 -> 2.09 | B31: Suministro e instalación de piso en gravilla lavada. | C31: m2 | D31: Este ítem se refiere a la instalación de un mortero con alto contenido de gravilla fina (1/16") en el color que defina el contratante, sobre superfiies de concreto o mamposteria y que antes de terminar su fraguado total sea afinada y lavada con agua, retirando los excesos de cemento y dejando expuesta la gravilla limpia, la instalación de este material permite la terminación de superficies obteniendo un excelente acabado antidelslizante cpn una apriencia homogenea.
A32: =A31+0.01 -> 2.1 | B32: Suministro e instalación de cinta autoadhesiva antideslizante. | C32: ml | D32: Este ítem se refiere a la instalación de la cinta antideslizante sobre una superficie que debe estar limpia, libre de cualquier componente o material que dificulte la adherencia, tal es el caso de productos como aceites, ceras, grasas en general, restos de silicona y carburantes. Para superficies de madera se necesitará que estén muy pulidas o de textura fina, además de estar libre del todo de particulas de polvo propias de la madera. Las superficies metálicas deberán estar exentas de óxido y restos de pinturas que originen películas intermedias que impidan la completa adherencia. En otras superficies como piedras, cerámica y cemento, deben evitarse principalmente suciedades y partículas de polvo En el caso de las baldosas de cerámicas, no aplicar sobre las juntas, pues ello posibilitará el que por fricción y presión con la parte que no queda completamente adherida (circunstancia no apreciable a la visión del ojo humano), acabe fracturando la cinta y perdiendo sus propiedades adhesivas. Se recomienda usar el borde y utilizar “sellador de bordes”, que ayudará a la fijación de los extremos y laterales de la cinta evitando de esta manera el desprendimiento de bordes. Se recomienda hacer una prueba con una pequeña muestra de cinta para eliminar cualquier tipo de duda.
A33: =A32+0.01 -> 2.11 | B33: Suministro e instalación de cinta autoadhesiva antideslizante fotoluminiscente. | C33: ml | D33: Este ítem se refiere a la instalación de la cinta antideslizante sobre una superficie que debe estar limpia, libre de cualquier componente o material que dificulte la adherencia, tal es el caso de productos como aceites, ceras, grasas en general, restos de silicona y carburantes. Para superficies de madera se necesitará que estén muy pulidas o de textura fina, además de estar libre del todo de particulas de polvo propias de la madera. Las superficies metálicas deberán estar exentas de óxido y restos de pinturas que originen películas intermedias que impidan la completa adherencia. En otras superficies como piedras, cerámica y cemento, deben evitarse principalmente suciedades y partículas de polvo En el caso de las baldosas de cerámicas, no aplicar sobre las juntas, pues ello posibilitará el que por fricción y presión con la parte que no queda completamente adherida (circunstancia no apreciable a la visión del ojo humano), acabe fracturando la cinta y perdiendo sus propiedades adhesivas. Se recomienda usar el borde y utilizar “sellador de bordes”, que ayudará a la fijación de los extremos y laterales de la cinta evitando de esta manera el desprendimiento de bordes. Se recomienda hacer una prueba con una pequeña muestra de cinta para eliminar cualquier tipo de duda.
A34: =A33+0.01 -> 2.12 | B34: Lineas de demarcación en pintura tipo trafico pesado para pisos ancho 0,10 m. | C34: ml | D34: Este ítem se refiere a la demarcación con pintura en zonas de tráfico pesado, se debe usar pinturas de tráfico de alta resistencia, como las acrílicas o termoplásticas y en caso necesario con microesferas de vidrio para mayor reflectividad nocturna, por lo que estas pinturas deben ser duraderas, resistentes a la abrasión, a la intemperie y a la humedad. La superficie a pintar debe estar limpia, seca y libre de grasa y polvo. En el caso de concreto, puede ser necesario neutralizar la superficie. Se pueden aplicar con brochas, rodillos, o máquinas.
A35: 3 | B35: CAPITULO 3 MAMPOSTERIA REFUERZOS, PAÑETES, MUROS SECOS Y PINTURA | C35: UNIDAD | D35: DESCRIPCIÓN TECNICA
A36: =A35+0.01 -> 3.01 | B36: Suministro e instalación de concreto de 3000 PSI, incluye encofrados. | C36: m3 | D36: Este ítem se refiere a la preparación, suministro e instalación del concreto de esta especificación para lo cual estará constituido por una mezcla docificada en proporciones de cemento Portland, agua, agregados fino y grueso, y aditivos en algunos casos. El diseño de las mezclas de concreto se basará en la relación agua-cemento necesaria para obtener una mezcla plástica y manejable según las condiciones específicas de colocación de tal manera que se logre un concreto de durabilidad, impermeabilidad y resistencia de 210 Kg/cm2 o 3000 psi, que esté de acuerdo con los requisitos que se exigen para las diversas estructuras, según los planos. Cemento Portland. El diseño de las estructuras y estas especificaciones fueron ejecutadas para el uso de cemento Portland que se ajuste a las especificaciones C-150 tipo 1 de la ASTM y las normas ICONTEC 30, 33, 117, 121, 107, 108, 110, 184, 225, 297, 321. Si se utilizare otro tipo de cemento será necesario efectuar los cambios correspondientes, siempre que dicho tipo sea aceptado por el Interventor. Sólo se aceptará cemento de calidad y características uniformes y en caso de que se le transporte en sacos, éstos serán lo suficientemente herméticos y fuertes para que el cemento no sufra alteraciones durante el transporte, manejo y almacenamiento. El cemento utilizado en la obra corresponderá al que sirvió de base para el diseño de la mezcla. Los agregados finos y gruesos para fabricación de concreto cumplirán con las especificaciones de la designación C-33 de la ASTM y las normas ICONTEC 77, 78, 92, 93, 98, 126, 127, 129, 130, 174, 177, 589. El agregado fino que se utilice para la fabricación del concreto cumplirá con las siguientes condiciones: Módulo de finura entre 2.3 y 3.1, Pasa tamiz 200, no mayor del 3% para hormigón sujeto a desgaste y no mayor del 5% para cualquier otro caso, deberá estar libre de raíces, micas, limos o cualquier otro material que pueda afectar la resistencia del concreto.
A37: =A36+0.01 -> 3.02 | B37: Suministro figurada y amarre de acero 60000 PSI. | C37: kg | D37: Este ítem se refiere a la varillas corrugadas que se emplearán para refuerzo de concreto, deberán ser de acero grado 60 y deberán cumplir con los requisitos establecidos en la Norma ICONTEC 2289 o su equivalente ASTM A706. Malla Electro-soldada para refuerzo de concreto deberá cumplir con los requisitos establecidos en las normas ASTM A82 y A185. laminados en caliente y estirados en frío, con una resistencia garantizada a la rotura en ensayo de tracción de 5.250 kg/cm²; el espaciamiento entre varillas deberá ser de 15 cm y el diámetro el especificado en los planos de construcción.
A38: =A37+0.01 -> 3.03 | B38: Muro en bloque #5 e=12 cm. con mortero de pega 1:3. | C38: m2 | D38: Este ítem se refiere a la ejecución de muros interiores y exteriores especificados como bloque No. 5, en planos arquitectónicos. Los bloques serán de arcilla bien cocida, libre de grietas y roturas, diseñados con perforaciones horizontales, deben presentar una estructura uniforme, densa y de grano fino, libre de acumulaciones, sa las solubles o cualquier otro defecto que pueda afectar su resistencia, durabilidad, apariencia o posibilidad de uso. El mortero de pega se prepara en proporción de una parte de cemento por 3 partes de arena. La arena será de procedencia conocida, limpia, es decir, no deberá contener más de un 1% al peso de impurezas orgánicas y arcillas. la granulometría deberá ser tal que del 95 al 100% pase el cedazo No 8 y no más del 25 %, deberá ser retenida entre el cedazo No 50 y el No 100. Las paredes se levantarán a plomo y de los espesores que enseñen los planos. Los ladrillos deben ser saturados con agua antes de ser colocados. El contratista pegará la primera hilada perfectamente nivelada y a escuadra con los demás muros y la someterá a la aprobación de la supervisión, quién autorizará la continuación del muro u ordenará las correcciones del caso. Las juntas de los muros que van a recibir repello o enchapados deben terminarse a plomo junto con el ladrillo. En todos los empates entre cualquier adecuación de mampostería y la estructura de concreto, deben emplearse anclajes de varillas de 1/4" de 40 cms de largo libre, que penetren en la columna por lo menos 20 cms. Dichos anclajes se colocarán en las juntas horizontales, cada cincuenta (50) cms verticalmente.
A39: =A38+0.01 -> 3.04 | B39: Muro ladrillo estructural e=0.12 cm, debe incluir acero de refuerzo 60,000 PSI con anclaje mecanico al piso. | C39: m2 | D39: Este ítem se refiere a la ejecución de muros interiores o exteriores especificados como estructurales, en planos arquitectónicos. Los ladrillos que lo componen serán de arcilla bien cocida, libre de grietas, roturas, deben presentar una estructura uniforme, densa y de grano fino, libre de acumulaciones, sa las solubles o cualquier otro defecto que pueda afectar su resistencia, durabilidad, apariencia o posibilidad de uso y deben tener dos perforaciones verticales redondas, que permiten el vaciado de grouting. Es importante en estos muros su debido de anclaje a la viga o placa de cimentación, la cual debe asegurarse con el anclaje de barras de acero de 1/2" astm 60000, medidente perforación y anclaje epoxico en el caso de concretos que ya hayan obtenido su resistencia final o insta ladas con ganchos antes de fundirse el elemento, estos anclajes deben estar distanciados a cada 3 ladrillos, es decir una distancia promedio a ejes de perforaciones de 50 cm y en una altura minima de 1,00 mt que permitan hacer el traslape del refuerzo en acero. El mortero de pega se prepara en proporción de una parte de cemento por 3 partes de arena. La arena será de procedencia conocida, limpia, es decir, no deberá contener más de un 1% al peso de impurezas orgánicas y arcillas. La granulometría deberá ser tal que del 95 al 100% pase el cedazo No 8 y no más del 25 %, deberá ser retenida entre el cedazo No 50 y el No 100. Tanto el cemento como el agua deberán llenar los requisitos establecidos en estas especificaciones. El grout es un concreto fluido con agregado fino o sin agregado, es_x0002_pecialmente diseñado para ser utilizado como relleno de celdas en mampostería estructural. Para la aplicación de grout para llenado de muros, en este caso se hara para el 25% de las perforaciones verticaels es decir 1 de cada 4, donde haya varillas de refuerzo y se deben tener en cuenta las siguientes especificaciones técnicas: Ángulo de la caja de carga: Debe ser de 45° para darle cabeza de llenado al grout. Mezcla mecánica: Se recomienda realizar la mezcla de forma mecánica con equipo de bajas revoluciones para evitar segregación y bajas resistencias. Fluidez: La mezcla debe tener buena fluidez para facilitar la colocación y asegurar un llenado completo libre de retracciones: El grout debe ser libre de retracciones bajo placas o en las perforaciones. Exudación y expansión controladas: Esto asegura la adherencia y el traspaso de cargas. Baja inclusión de aire: Se debe evitar la inclusión de aire en la mezcla Las paredes se levantarán a plomo y de los espesores que enseñen los planos. Los ladrillos deben ser saturados con agua antes de ser colocados.El contratista pegará la primera hilada perfectamente nivelada y a escuadra con los demás muros y la someterá a la aprobación de la supervisión, quién autorizará la continuación del muro u ordenará las correcciones del caso. Las juntas de los muros que van a recibir repello o enchapados deben terminarse a plomo junto con el ladrillo.
A40: =A39+0.01 -> 3.05 | B40: Pañete 1:4 liso debe incluir filos y dilataciones. | C40: m2 | D40: Este ítem se refiere al recubrimiento de muros con capas de mortero 1:4 definiendo las superficies de los mismos, para ser acabadas con estuco, pintura o enchapes de cerámica de acuerdo a lo seña lado en los planos arquitectónicos, incluye filos y dilataciones. Previamente a la ejecución de los pañetes se debe dejar el muro libre de grasa, o residuos del mortero de pega y humedecerse para recibir el pañete. Posteriormente se realizará la nivelación y plomada de muros a pañetar para proceder a ejecutar guías maestras verticales a una distancia máxima de dos metros, con el fin de obtener pañetes perfectamente hilados, plomados y reglados. Preparar el pañete en proporciones indicadas – Mortero 1:4 de cemento y arena de Peña. Obteniendo el fraguado inicial de las guías maestras, el mortero se aplicará fuertemente contra el muro con un palustre y se esparcirá con una regla de madera o aluminio que se apoyará contra las guías maestras. Una vez iniciado el fraguado se deberán llenar las hendiduras o porosidades que resultaren hasta lograr una superficie completamente lisa y uniforme. Los pañetes deben rematarse contra el piso, cielorraso y ángulos con otros muros y dejar las aristas de columnas, ventanas, muros machones y demás filos, ligeramente redondeados. Todos los pañetes se medirán por metro cuadrado incluyendo filos y dilataciones y descontando vanos de puertas y ventanas.
A41: =A40+0.01 -> 3.06 | B41: Pañete 1:3 impermeabilizado debe incluir filos y dilataciones. | C41: m2 | D41: Este ítem se refiere al recubrimiento de muros con capas de mortero 1:3 impermeabilizado definiendo las superficies de los mismos, para ser acabadas con estucos plástico para exterior, pintura o enchapes de cerámica de acuerdo a lo seña lado en los Planos Arquitectónicos. Incluye filos y dilataciones. Previamente a la ejecución de los pañetes se debe dejar el muro libre de grasa, o residuos del mortero de pega y humedecerse para recibir el pañete. Posteriormente se realizará la nivelación y plomada de muros a pañetar para proceder a ejecutar guías maestras verticales a una distancia máxima de dos metros, con el fin de obtener pañetes perfectamente hilados, plomados y reglados. Preparar el pañete en proporciones indicadas – Mortero 1:3 de cemento y arena de Peña e Impermeabilizar la mezcla con un Impermeabilizante Integral para mortero (Sika-1, Masterseal 501, Toxement 1A, Omicron, Toxement Polvo) o equivalentes siguiendo las especificaciones del fabricante. Obteniendo el fraguado inicial de las guías maestras, el mortero se aplicará fuertemente contra el muro con un palustre y se esparcirá con una regla de madera o aluminio que se apoyará contra las guías maestras. Una vez iniciado el fraguado se deberán llenar las hendiduras o porosidades que resultaren hasta lograr una superficie completamente lisa y uniforme. Los pañetes deben rematarse contra el piso, cielorraso y ángulos con otros muros y dejar las aristas de columnas, ventanas, muros machones y demás filos, ligeramente redondeados. Todos los pañetes se medirán por metro cuadrado incluyendo filos y dilataciones y descontando vanos de puertas y ventanas.
A42: =A41+0.01 -> 3.07 | B42: Estuco y pintura vinilo tipo 1 sobre pañete tres manos, debe incluir filos y dilataciones. | C42: m2 | D42: Este ítem se refiere al recubrimiento sobre muros en mamposteria y previamente pañetados y luego que hayan obtenido el debido secado se aplicaran capas de estuco plastico en diferentes direcciones con el fin de regularizar la superficie y sellar la porosidad de las superficies. y luego de dejar secar cada capa se destroncara manualmente las irregularidades y lineas y se porcedera a lijar manualmente hasta obtener una superficie homojenea lisa y suave que permita dar acabado fnal a llos muros. El acabado final se da mediante la aplicación de pintura en vinilo tipo 1 a dos manos con rodillo de felpa procurando que no queden grumos en la pared y retirando los elementos extraños que se puedan adherir a la pared, de tal forma que la superficie terminada quede completamente lisa y de un color uniforme. Su cuantificación se realizará por metro cuadrado incluyendo filos y dilataciones, se descontarán vanos de ventanas y puertas.
A43: =A42+0.01 -> 3.08 | B43: Muro stell framing estructura metálica base 9 cal 26, a dos caras en fibrocemento de 8 mm, incluye cantos filos y dilataciones. | C43: m2 | D43: Este ítem se refiere al armado de muros a doble cara terminados de acuerdo a las dimesiones solicitadas en planos y acabados en vinilo tipo 1 o equivalente a 3 manos , con ancho final 0,105 m. ESTRUCTURA: Compuesta por canales tipo C dispuestos horizontalmente, y parales tipo U dispuestos verticalmente en acero galvanizados calibre 26, 3.5" de ancho atornilladas entre si y fijadas en modo debido al pisos y muros, cada paral metálico tendrá perforaciones para la colocación adecuada de insta laciones eléctricas, dichas perforaciones deben permitir el paso de ducterias y la distancia maxima entre parales sera de 0,407 mt a ejes, conservando la debida alineación plomado y nivel dentro de los espacios intervenidos SISTEMAS DE FIJACIÓN: Se utilizarán los siguientes elementos: Tornillo Framer: Este tornillo tiene una longitud de 1.1. cm. (7/16”) es el adecuado para unir perfil con perfil para formar estructuras de muros divisorios y dinteles. Tornillo Largo: Este tornillo tiene una longitud de 6*1” y se utilizara para fijar el panel de revestimiento a los perfiles de acero galvanizado, de muros divisorios y dinteles. Clavos o Chazos: Estos se utilizarán para fijar la canal superior e inferior de los muros, garantizando con esto la estabilidad de la estructura. LAMINA FIBROCEMENTO e=8mm: La estructura metalica sera recubierta en lámina de fibrocemento, presentara una superficie lisa, apta para recibir todo tipo de acabado, con una superficie plana en su parte posterior. El principal elemento que forma el cuerpo del panel es fibreocemento, 1,22X2,44 mt y espesor 8mm. Para aumentar la resistencia al impacto y la flexión, el panel de fibrocemente deberá contener fibra celulosa y/o fibra de vidrio en su cuerpo, cumpliendo con todas las normas internacionales (ASTM C36). CINTA DE SELLE: Cinta de malla o papel de 90 2" de ancho, este producto se utilizará en conjunto con la pasta siendo este elemento el que impide al momento de hacer el tratamiento de la junta, que en el futuro se llegue a fisura la junta. Dándole uniformidad a la superficie en los dos tableros que forman la junta. ESTUCO: Estuco plástico listo para usar, máxima blancura, alto rendimiento, lavable, óptimo para interior y exterior. Se usará para asentar la cinta, hacer el acabado de las capas, recubrir esquineros, rebordes y fijadores. PINTURA VINÍLICA TIPO 1: Se utilizará como base del acabado de muros en dry wall, a tres manos quedando listo el panel con el acabado final.
A44: =A43+0.01 -> 3.09 | B44: Muro stell framing estructura metálica base 9 cal 26, a dos caras en drywall de 1/2", incluye cantos filos y dilataciones. | C44: m2 | D44: Este ítem se refiere al armado de muros doble cara terminados de acuerdo a las dimesiones solicitadas en planos y acabados en vinilo tipo 1 a 3 manos o equivalente, con ancho final 0,115 m. ESTRUCTURA: Compuesta por canales tipo C dispuestos horizontalmente, y parales tipo U dispuestos verticalmente en acero galvanizados calibre 26, 3.5" de ancho atornilladas entre si y fijadas en modo debido al pisos y muros, cada paral metálico tendrá perforaciones para la colocación adecuada de insta laciones eléctricas, dichas perforaciones deben permitir el paso de ducterias y la distancia maxima entre parales sera de 0,407 mt a ejes. conservando la debida alineación plomado y nivel dentro de los espacios intervenidos SISTEMAS DE FIJACIÓN: Se utilizarán los siguientes elementos: Tornillo Framer: Este tornillo tiene una longitud de 1.1. cm. (7/16”) es el adecuado para unir perfil con perfil para formar estructuras de muros divisorios y dinteles. Tornillo Largo: Este tornillo tiene una longitud de 6*1” y se utilizara para fijar el panel de revestimiento a los perfiles de acero galvanizado, de muros divisorios y dinteles. Clavos o Chazos: Estos se utilizarán para fijar la canal superior e inferior de los muros, garantizando con esto la estabilidad de la estructura. LAMINA DE YESO ST 1/2": La estructura metalica sera recubierta en lámina de yeso carton, presentara una superficie lisa y clara, apta para recibir todo tipo de acabado, con una superficie plana en su parte posterior. El principal elemento que forma el cuerpo del panel es el yeso ST 1/2", 1,22X2,44 mt y espesor 12,7 mm. cumpliendo con todas las normas internacionales (ASTM C36). CINTA DE SELLE: Cinta de malla o papel de 90 2" de ancho, este producto se utilizará en conjunto con la pasta siendo este elemento el que impide al momento de hacer el tratamiento de la junta, que en el futuro se llegue a fisura la junta. Dándole uniformidad a la superficie en los dos tableros que forman la junta. ESTUCO: Estuco plástico listo para usar, máxima blancura, alto rendimiento, lavable, óptimo para interior y exterior. Se usará para asentar la cinta, hacer el acabado de las capas, recubrir esquineros, rebordes y fijadores. PINTURA VINÍLICA TIPO 1: Se utilizará como base del acabado de muros en dry wall, a tres manos quedando listo el panel con el acabado final.
A45: =A44+0.01 -> 3.1 | B45: Muro stell framing estructura metálica base 6 cal 26, a dos caras en drywall de 1/2", incluye cantos filos y dilataciones. | C45: m2 | D45: Este ítem se refiere al armado de muros doble cara terminados de acuerdo a las dimesiones solicitadas en planos y acabados en vinilo tipo 1 a 3 manos o equivalente, con ancho final 0,90 m. ESTRUCTURA: Compuesta por canales tipo C dispuestos horizontalmente, y parales tipo U dispuestos verticalmente en acero galvanizados calibre 26, 2.5" de ancho atornilladas entre si y fijadas en modo debido al pisos y muros, cada paral metálico tendrá perforaciones para la colocación adecuada de insta laciones eléctricas, dichas perforaciones deben permitir el paso de ducterias y la distancia maxima entre parales sera de 0,407 mt a ejes.conservando la debida alineación plomado y nivel dentro de los espacios intervenidos SISTEMAS DE FIJACIÓN: Se utilizarán los siguientes elementos: Tornillo Framer: Este tornillo tiene una longitud de 1.1. cm. (7/16”) es el adecuado para unir perfil con perfil para formar estructuras de muros divisorios y dinteles. Tornillo Largo: Este tornillo tiene una longitud de 6*1” y se utilizara para fijar el panel de revestimiento a los perfiles de acero galvanizado, de muros divisorios y dinteles. Clavos o Chazos: Estos se utilizarán para fijar la canal superior e inferior de los muros, garantizando con esto la estabilidad de la estructura. LAMINA DE YESO ST e=1/2": La estructura metalica sera recubierta en lámina de yeso carton, presentara una superficie lisa y clara, apta para recibir todo tipo de acabado, con una superficie plana en su parte posterior. El principal elemento que forma el cuerpo del panel es el yeso ST 1/2", 1,22X2,44 mt y espesor 12,7 mm, cumpliendo con todas las normas internacionales (ASTM C36). CINTA DE SELLE: Cinta de malla o papel de 90 2" de ancho, este producto se utilizará en conjunto con la pasta siendo este elemento el que impide al momento de hacer el tratamiento de la junta, que en el futuro se llegue a fisura la junta. Dándole uniformidad a la superficie en los dos tableros que forman la junta. ESTUCO: Estuco plástico listo para usar, máxima blancura, alto rendimiento, lavable, óptimo para interior y exterior. Se usará para asentar la cinta, hacer el acabado de las capas, recubrir esquineros, rebordes y fijadores. PINTURA VINÍLICA TIPO 1: Se utilizará como base del acabado de muros en dry wall, a tres manos quedando listo el panel con el acabado final.
A46: =A45+0.01 -> 3.11 | B46: Suministro e instalación de aislamiento acústico para muros en stell framing b6 en poliestireno expandido d:15kg/m3 y espesor 0,06 m. | C46: m2 | D46: Este ítem se refiere a la actividad de suministro e instalación de aislamiento acustico compuesto por una lamina de poliestireno expandido densidad 15 kg/m3 y en espesor de 6 cm en las dimensiones que permita incorporarse dentro de la estructura de acero que conforma los muros stell framing base 6 cal 26, a dos caras en drywall de 1/2", actividad que se realizara inmediatamente antes de la instalación de las tapas de acabado en drywall de 1/2" a fin de conseguir el debido aislamiento termico y acustico propio del material.
A47: =A46+0.01 -> 3.12 | B47: Estampillada laminas de drywall sobre muros en mamposteria, masillado y pintado en vinilo tipo 2 a 3 manos. | C47: m2 | D47: Este ítem se refiere a la labor de adherir mediante masilla o compuesto desarrollados para el tratamiento de juntas en placas de yeso, con el fin de cubrir muros en mamposteria, con o sin pañete, sin necesidad de repellar y dar otro tipo de tratamientos sobre los muros, esta actividad debe grantizar el optimo acabado de de los muros tratados, asícomo el optimo plomado y alineación de los muros. LAMINA DE YESO ST e=1/2": La lámina de yeso carton, presentara una superficie lisa y clara, apta para recibir todo tipo de acabado, con una superficie plana en su parte posterior. El principal elemento que forma el cuerpo del panel es el yeso ST 1/2", 1,22X2,44 mt y espesor 12,7 mm, cumpliendo con todas las normas internacionales (ASTM C36). CINTA DE SELLE: Cinta de malla o papel de 90 2" de ancho, este producto se utilizará en conjunto con la pasta siendo este elemento el que impide al momento de hacer el tratamiento de la junta, que en el futuro se llegue a fisura la junta. Dándole uniformidad a la superficie en los dos tableros que forman la junta. ESTUCO: Estuco plástico listo para usar, máxima blancura, alto rendimiento, lavable, óptimo para interior y exterior. Se usará para asentar la cinta, hacer el acabado de las capas, recubrir esquineros, rebordes y fijadores. PINTURA VINÍLICA TIPO 1: Se utilizará como base del acabado de muros en dry wall, a tres manos quedando listo el panel con el acabado final.
... A51: =A50+0.01 -> 3.16 | B51: Impermeabilización fachada en hidrófugo o similar. | C51: m2 | D51: Este ítem se refiere a la aplicación de productos diseñados para repeler el agua sobre muros que no tengan ningun tipo de acabado superficial como pañetes o enchapes y que provean propiedades hidrofugas o hidrorepelentes a los elementos de mamposteria y pega, ademas que despues de su aplicación no cambien la apariencia de estos, por diferencia en su color, tonalidad o brillo de estos, pero si evite el paso de agua a traves del muro; Previo a la aplicación del producto sobre la superficie se debe retirar los excesos de cemento, sales, pinturas y polvo, de manera que al momento de la aplicación del producto se garantice la penetración del prodducto. Asi mismo la actividad debe incluir la adecuada protección de marcos, puertas, ventans, vidrios, cubieretyas y pisos.
A52: 4 | B52: CAPITULO 4 CUBIERTAS Y CIELORASOS | C52: UNIDAD | D52: DESCRIPCIÓN TECNICA
A53: =A52+0.01 -> 4.01 | B53: Desmonte o reinstalación de teja de fibrocemento, traslucida, acero pintado o similar, por cambio, reparación o refuerzo de estructura. | C53: m2 | D53: Este ítem se refiere al retiro de tejas en cualquier tipo de material que deban ser nuervamente insta ladas y no necesariamente repuestas, situación que se da en los casos que se encuentren mal insta ladas, corridas o se deba reparar la estructura de base interna por daños en sus materiales, como madera en mal estado o perfiles metalicos deformados o corrohidos; La actividad como tal debe contemplar en su estructura de costos la provisión de andamios para acceder a la cubierta, equipos de seguridad para el personal, cobertura provisional como continjencia en caso de prolongarse los trabajos y toda la logistica necesaria tendiente a solucionar las deficiencias de la cubierta.
A54: =A53+0.01 -> 4.02 | B54: Desmonte, suministro y reemplazo de teja de fibrocemento o similar. | C54: m2 | D54: Este ítem se refiere a los caso en que por deterioro, fisura o rotura en tejas de fibrocemento o similares insta ladas como cubierta de los inmuebles a intervenir se requiera el cambio de tejas de fibrocemento o similar se debera realizar el desmonte, retiro, suministro y remplazo de las tejas necesarias para solucionar los problemas derivasdos del daño en la mencionada cubierta, por lo que esta actividad como tal debe contemplar en su estructura de costos la provisión de andamios para acceder a la cubierta, equipos de seguridad para el personal y toda la logistica necesaria tendiente a solucionar las deficiencias de la cubierta.
A55: =A54+0.01 -> 4.03 | B55: Desmonte, suministro y reemplazo de teja traslucida o tipo arquitectonica. | C55: m2 | D55: Este ítem se refiere a los caso en que por deterioro, fisura o rotura en tejas traslucidas insta ladas como cubierta de los inmuebles a intervenir se requiera el cambio de tejas de fibrocemento o similar se debera realizar el desmonte, retiro, suministro y remplazo de las tejas necesarias para solucionar los problemas derivasdos del daño en la mencionada cubierta, por lo que esta actividad como tal debe contemplar en su estructura de costos la provisión de andamios para acceder a la cubierta, equipos de seguridad para el personal y toda la logistica necesaria tendiente a solucionar las deficiencias de la cubierta.
A56: =A55+0.01 -> 4.04 | B56: Desmonte de estructura existente para teja de fibrocemento y remplazo por estructura metalica. | C56: ml | D56: Este ítem se refiere a los casos en que luego de haber retirado la cubierta necesaria con el fin de remplazar tejas o elementos de la estructura existente, bien sean estos de madera o metal, pero que presenten estado de deterioro estos seran remplazados total o parcialemente previa autorización de la supervisión del contrato, por elementos metalicos tipo perfil (tubo estructural rectangular 3"x1-1/2" en espesor de 1,5 mm. como minimo) debidamente tratado superficialmente con anticrrosivo y pintura de acabado. Para la mencionada actividad se deberan garantizar la ubicación y dimensionamiento de los apoyos a lo largo de los nuevos perfiles de modo que granticen la capacidad portante de la estructura granticen los esfuerzos de la carga que soportan.
A57: =A56+0.01 -> 4.05 | B57: Mantenimiento de estructuras de cubiertas en madera, incluye inmunización. | C57: ml | D57: Este ítem se refiere a las labores propias de inmunización de los elementos de madera que componen la estructura de cubierta y que a la inspección visual no presenten avanzado detrioro, constituyendo esta actividad en una medida de prevención ante el posble ataqu de vectores biologicos y plagas que pongan en evidente vulnerabilidad estos componentes; Para la aplicación del producto quimico recomendado segun el tipo de material y posibles plagas de la zona a intervenir, se deberan observar todas las medidas de prevensión ambiental y de SGSST, ficha tecnica y hoja de manejo, segun el medio de aplicación empleado y en su estructura de costos la provisión de andamios para acceder a los espacios de cubierta, equipos de seguridad para el personal y toda la logistica necesaria tendiente a solucionar las deficiencias de la labor.
A58: =A57+0.01 -> 4.06 | B58: Sellado térmico y acústico de juntas en cubiertas, con espuma de poliuretano. | C58: ml | D58: Este ítem se refiere a la aplicación de espuma de poliuretano en los espacios que no se encuentran debidamente sellados entre dos o mas elementos en estructuras de cubierta o fachadas, que permitan solucionar la entrada de agua o aire, y en su estructura de costos la provisión de andamios para acceder a los espacios de cubierta, equipos de seguridad para el personal y toda la logistica necesaria tendiente a solucionar las deficiencias de la labor.
A59: =A58+0.01 -> 4.07 | B59: Mantenimiento y limpieza de canales de cubierta incluido bajantes de agua lluvia. | C59: ml | D59: Este ítem se refiere a la actividad de mantenimiento preventivo que Este ítem se refiere al retiro de materiales extraños y sedimentos, vegetación, arena o desechos que se encuentran dentro y alrededor de las canales metalicas, en PVC o concreto que recolectan el agua de las cubiertas. Luego de realizado el retiro de los mencionados elementos de la canal se debe realizar una minuciosa inspección que permita determinar la existencia de fisuras, grietas, dilataciones o demas que sean causales de filtraciones de agua y se debe proceder a sellarlas con cualquiera de los productos indicados para este fin, donde los mateales y mano de obra estan incluidos en la actividad.
A60: =A59+0.01 -> 4.08 | B60: Sellado de flanche, con espuma de poliuretano, masillas epoxica o similares. | C60: ml | D60: Este ítem se refiere a la aplicación de espuma de poliuretano o masilla epoxica o productos similares que permitan loa adherencia entre los flanches metalicos y superficie de muros en cemento o acabados, en los espacios que no se encuentran debidamente sellados entre los dos elementos que sirven de remae a la cubierta, que permitan solucionar la entrada de agua y en su estructura de costos la provisión de andamios para acceder a los espacios de cubierta, equipos de seguridad para el personal y toda la logistica necesaria tendiente a solucionar las deficiencias de la labor y en su estructura de costos la provisión de andamios para acceder a los espacios de cubierta, equipos de seguridad para el personal y toda la logistica necesaria tendiente a solucionar las deficiencias de la labor.
A61: =A60+0.01 -> 4.09 | B61: Suministro e instalación de flanche en lámina galvanizada cal. 22; ds=30 | C61: ml | D61: Este ítem se refiere a los casos en que no se hallen instalados los flanches metalicos o elementos de cierre entre cubiertas y muros se debe suministrar e inta lar flanche en lamina galvanizada cal 22, con un desarrollo de 30cm, por la longitud que sea necesaria y grantizando su adecuada instalación y sellado que permita evitar el ingreso de agua lluvia por las uniones entre la cubierta y muros.
A62: =A61+0.01 -> 4.1 | B62: Canal PVC amazonas, incluye soportes, tapas y soscos. | C62: ml | D62: Este ítem se refiere al suministro e instalación de canales colectoras de aguas lluvias, en PVC, referencia amazonas o similar, incluyendo elementos de soporrte, plasticos o ,metalicos, chazos, tapas y soscos para bajantes, esta actividad como tal debe contemplar en su estructura de costos la provisión de andamios para acceder a la cubierta, equipos de seguridad para el personal y toda la logistica necesaria tendiente a solucionar los sistemas colecEste ítem se refiere al suministro e instalación de canales coplectoras de aguas lluvias.
A63: =A62+0.01 -> 4.11 | B63: Bajante PVC para canal (amazonas, raingo) incluye soportes y accesorios. | C63: ml | D63: Este ítem se refiere al suministro e instalación de bajantes de aguas lluvias, en PVC, o similar, incluyendo elementos de soporrte, plasticos o ,metalicos, chazos, tapas y soscos para bajantes, esta actividad como tal debe contemplar en su estructura de costos la provisión de andamios para acceder a la cubierta, equipos de seguridad para el personal y toda la logistica necesaria tendiente a solucionar los sistemas colectores de aguas lluvias.
A64: =A63+0.01 -> 4.12 | B64: Cielo raso plano o inclinado en Drywall con estructura de acero galvanizado cal 26, incluye dilatación plastica perimetral. | C64: m2 | D64: Este ítem se refiere al armado de cieloraso terminado sobre laminas de drywall de acuerdo a las dimesiones solicitadas en planos y acabados en vinilo tipo 2 a 2 manos o equivalente en una superficie plana, horizontal o inclinada ESTRUCTURA: Estructura metálica en acero galvanizado, calibre 26 (0.45 mm) y de longitud 8’ foot (2.44m) medida estándar. Angulo perimetral de 25mm x 25mm, perfil en C base 4 o perfil vigueta, perfil omega, material para cuelgas. LAMINA DE YESO ST 1/2" 1,22X2,11M 12,7 MM: La lámina que se utilizara será en yeso, presentara una superficie lisa y clara, apta para recibir todo tipo de acabado, con una superficie plana. SISTEMAS DE FIJACIÓN: Se utilizarán los siguientes elementos: Clavo liso acerado Nº 17 x 1” o clavo más fulminante. Tornillo cabeza de pan Nº 7x7/16” punta aguda sulfatado para armar la estructura. Tornillo cabeza de trompeta Nº 6x1” punta aguda sulfatado para fijar la placa de yeso-cartón a la estructura metálica, a lambre galvanizado Nº 4 para la elaboración de cuelgas. CINTA DE SELLE: Cinta malla superboard rollo de 90 ml, este producto se utilizará en conjunto con la pasta siendo este elemento el que impide al momento de hacer el tratamiento de la junta, que en el futuro se llegue a fisura la junta. Dándole uniformidad a la superficie en los dos tableros que forman la junta. DILATACIÓN PERIMETRAL PVC: por todo el perimetro del cieloraso instalado se debe instalar una dilatación tipo "Z" en PVC, con el fin de que no aparezcan fisuras o dilataciones en la union con los muros. ESTUCO: Estuco plástico listo para usar, máxima blancura, alto rendimiento, lavable, óptimo para interior y exterior. Se usará para asentar la cinta, hacer el acabado de las capas, recubrir esquineros, rebordes y fijadores. PINTURA VINÍLICA TIPO 2: Se utilizará como base del acabado de muros en dry wall, a 2 manos quedando listo el panel con el acabado fina.
... A71: =A70+0.01 -> 4.19 | B71: Mantenimiento de terrazas o cubiertas planas en concreto o manto asfaltico, mediante pintura elastometrica con fibras o similar. | C71: m2 | D71: Este ítem se refiere al caso en que las placas planas en cubierta ya cuenten con algiun sistema de impermeabilización en caliente y que como medida de mantenimiento preventivo de podra aplicar pintrua elastometrica con contenido de fibras, que se constiruiran en una membrana impermeable que reparara las pósibles filtraciones de agua, como labor previa esta activida contempla la adecuada limpieza de la superficie a intervenir así como el sellado en caliente de las posibles uniones abiertas del material de recubrimiento, El producto que se aplique debera estar grantizado por el fabricante para uso a la intemperie en superficies no transitables por mas de 5 años y so debera ser desmejorada su calidad con incorporación de agua o solvente alguno, así mismo se deberan seguir las observaciones sobre el tiempo de secado entre la aplicación de capas, que deberan ser minimo 2 y apolicadas en sentidos transversales entre una y otra y en su estructura de costos la provisión de andamios para acceder a los espacios de cubierta, equipos de seguridad para el personal y toda la logistica necesaria tendiente a solucionar las deficiencias de la labor.
A72: 5 | B72: CAPITULO 5 CARPINTERIA MADERA, ACERO, ALUMINIO Y VIDRIO | C72: UNIDAD | D72: DESCRIPCIÓN TECNICA
A73: =A72+0.01 -> 5.01 | B73: Mantenimiento de puertas de madera, incluye desmonte y reinstalación ajuste y cambio de bisagras y cantonera. | C73: un | D73: Este ítem se refiere a las actividades necesarias para grantizar el correcto funcionamiento de las puertas internas de madera, bien sean entamboradas o entableradas, para lo que se realizaran labores de mantenimiento que incluiran cambio de bisagaras y cantoneras, asi como el correspondiemnte ajustes del marco en caso de que este se encuentre suelto, desnivelado o torcido, las labores deben contemplar las medidas de proteccion de todos los eelementos componentes de la puerta evitando rayaduras o deterioro que de presentarse estarian a costas del ejecutro de la labor.
A74: =A73+0.01 -> 5.02 | B74: Mantenimiento de puertas de vidrio, incluye desmonte y reinstalación ajuste cambio de y pivotes de empotrar en piso y techo. | C74: juego | D74: Este ítem se refiere a las actividades debidas para grantizar el correcto funcionamiento de las puertas internas o externas en vidrio, total o perfiles de madera o aluminoi, se realizaran labores de mantenimiento que incluiran cambio de pivotes inferior y superior y cantoneras, asi como el correspondiemnte ajustes del marco en caso de que este se encuentre suelto, desnivelado o torcido. las labores deben contemplar las medidas de proteccion de todos los eelementos componentes de la puerta evitando rayaduras o deterioro que de presentarse estarian a costas del ejecutro de la labor.
A75: =A74+0.01 -> 5.03 | B75: Suministro e instalación de brazo hidráulico de sobreponer cierra puerta hasta 45 kg. | C75: un | D75: Este ítem se refiere al suministro e instalación de un dispositivo oleodinamico con capacidad de carga de 45 kg que permita el cierre automatico de puertas de madera o metalicas según sea el caso y que sea instalado según las recomendaciones del fabricante observando la ubicación, calibración y forma de anclaje que granticen el optimo funcionamiento del elemento.
A76: =A75+0.01 -> 5.04 | B76: Suministro e instalación de piston hidráulico embebido en piso para puertas de vidrio. | C76: un | D76: Este ítem se refiere al suministro e instalación de un dispositivo oleodinamico con capacidad de carga de 150 kg que permita el cierre automatico de puertas de vidrio o según sea el caso y que sea instalado según las recomendaciones del fabricante observando la ubicación, calibración y forma de anclaje que incluira las actividades de apertura de la caja requerida que granticen el optimo funcionamiento del elemento.
A77: =A76+0.01 -> 5.05 | B77: Suministro e instalación de puerta entamborada y marco de madera. | C77: un | D77: Este ítem se refiere al suministro e instalación de puerta entamborada con dimensiones estandar y debe incluir marco en madera, bisagras, cerraduira tipo pomo, tapaluces o dilataciones perimetrales, chazos, tornillos y elementos de anclaje necesarios para su instalación, la hoja de puerta debe ser entamborada con estructura perimetral en bastidor de madera de pino o similar y refuerzos en los puntos de ubicación de la cerradura, y el material de acabado exterior debe ser mdf minimo de 3,5 mm de espesor y recubierto en melamina resitente, o triplex de 2,5 mm con acabado en tintilla y barniz de excelente acabado y no se admitira acabado en peliculas tipo film.
A78: =A77+0.01 -> 5.06 | B78: Suministro e instalación de puerta en aluminio y vidrio con marco en aluminio, debe incluir cerradura de seguridad. | C78: m2 | D78: Este ítem se refiere al suministro e instalación de puerta en bastidor de aluminio crudo y vidrios crudos de 5 mm, con dimensiones estandar y debe incluir marco en aluminio crudo, bisagras, cerraduira tipo pomo, chazos, tornillos y elementos de anclaje necesarios para su instalación, la hoja de puerta debe ser ajustada a las medidas de vano. Durante el perido de fabricación e instalación de puerta y marco se debe conservar las peliculas de proteccion del aluminio a fin de protejer de rayones y conservar la mejor apariencia posible al momento de la instalación.
A79: =A78+0.01 -> 5.07 | B79: Suministro e instalación de puerta entamborada en lámina cal 18, reforzada con chapa seguridad. | C79: m2 | D79: Este ítem se refiere al suministro e instalación de puerta entamabora con tapas en bandejas preformadas en lamina c.r. calibre 18 y reforzada internamente con bastidor perimtral y minimo 3 divisiones horizontales por cuerpo, armados mediente soldadura en acero perfil cuadrado de 1-1/2" de espesor 1,5 mm, con dimensiones ajustadas a la solución den vano a instya lar, esta debe incluir marco preformado en lamina cal 18, debidamente anclado a los muros de mamposteria con chazos expansivos o varillas soldadas y este marco debe ser cargado con mortero 1:3, la union entre la hoja de la puerta y el marco se debe realizar mediante bisagras tipó pivote con diamtero exterior minimo de 1/2" en hierro maquinado, tambien debe incluir el suministro e instalación de un cerrojo de apertura intern ay exter solo con llave y una cerradura de seguridad de instalación interna que tenga minimo 3 pasadores y se pueda abrir internamente con perilla o manija, el acabado de la puerta y el marco debe ser en esmalte sintetico aplicado al duco en color definido por el contratante, sobre superficies de soldadura debidamente pulidas y masilladas para su instalación.
A80: =A79+0.01 -> 5.08 | B80: Suministro e instalación de reja tipo bancaria en varilla cuadrada de 1/2" trama, mínima 15 cm acabado en esmalte. | C80: m2 | D80: Este ítem se refiere al suministro e instalación de reja tipo bancaria entramada con varillas de hierro cuadrada de 3/8" con separación maxima entre varillas verticales de 15 cm y entre varillas dispuestas horizontalmente maximo 30 cm colocadas de manera alterna, todos los elementos deben estar debidamente soldados y pulidos. De acuerdo al sistema de instalación puede tener perforaciones para ser insta lada sobre puertas o ventans, chapetas o patas para se anclada a muros o bisagras tipo pivote para soldar en caso de instalarla como puerta o contrapuerta, mediante pernos o incrutada con morteros, el acabado de la reja sera en pintura al duco en el color definido por el contratante.
A81: =A80+0.01 -> 5.09 | B81: Suministro e instalación de cerradura de seguridad tipo entrada principal de sobreponer. | C81: un | D81: Este ítem se refiere al suministro e instalación o remplazo de cerraduras de seguridad de sobreponer de minimo 3 pasadores y sobre puertas metalicas, debidamente insta ladas junto con la respectiva cantonera, donde se debe incluir el montaje de manija externa.
A82: =A81+0.01 -> 5.1 | B82: Suministro e instalación de cerrojo doble. | C82: un | D82: Este ítem se refiere al suministro e instalación o remplazo de cerraduras de seguridad tipo cerrojo de apertura interna y externa con llave o interna con perilla segun la necesidad y solicitud de el contratante en puertas metalicas o de madera, debidamente insta ladas junto con la respectiva cantonera,
A83: =A82+0.01 -> 5.11 | B83: Suministro e instalación de chapa pomo para baño. | C83: un | D83: Este ítem se refiere al suministro e instalación o remplazo de cerraduras de pomo tipo baño de apertura interna y externa con llave o interna con perilla segun la necesidad y solicitud de el contratante en puertas metalicas o de madera, debidamente insta ladas junto con la respectiva cantonera,
A84: =A83+0.01 -> 5.12 | B84: Suministro e instalación de vidrio crudo de 5mm. | C84: m2 | D84: Este ítem se refiere al suministro e instalción o remplazo de vidrios tipo crudo con espesor minimo de 5 mm en marcos de puertas o ventanas en acero, aluminio o madera observando las medidas de seguridad, uso de herramientas adecuadas y equipos necesarios para la maniplación de estos elementos, teniendo en cuenta minimizar el riesgo de accidentes.
... A102: =A101+0.01 -> 5.3 | B102: Esmalte o barniz sobre madera llena. | C102: m2 | D102: Este ítem se refiere a la aplicación de pintura tipo barniz sintetico para madera con o sin tintilla sobre elementos como tableros de puertas o muros enchapados en madera. Para la correcta aplicación del barniz se debe tener en cuenta la preparación previa de la superficie a tratar, mediante el lijado o cepillado manual o mecanico de cada elementeo retirando, polvo o pintura desprendida. asi mismo en las partes donde la madera quede expuesto se debe aplicar tintilla diluida buscando el tono de base y luego la aplicación de la pintura de acabado sobre toda la superficie del elemento, se puede realizar con brocha, rodillo o pistola de aire de modo que grantice la correcta y homogenea aplicación, mediante la dilusión con el solvente indicado por el fabricante del barniz teniendo en cuenta la adecuada protección de otros elementos mediante cinta de enmascarar, papel craft o peridico y o plastico. en su estructura de costos la provisión de andamios para acceder a los espacios de fachada, equipos de seguridad para el personal y toda la logistica necesaria tendiente a solucionar las deficiencias de la labor.
A103: 6 | B103: CAPITULO 6 INSTALACIONES HIDROSANITARIAS | C103: UNIDAD | D103: DESCRIPCIÓN TECNICA
A104: =A103+0.01 -> 6.01 | B104: Suspensión de puntos hidráulicos y/o sanitarios. | C104: un | D104: Este ítem se refiere a la suspención de puntos hidraulicos y sanitarios con accesorios tipo tapones según el diametro y el material, grantizando que no se presenten fugas en el sistema de suministro de agua, ni emenacion de olores en los sitemas de desague.
A105: =A104+0.01 -> 6.02 | B105: Cambio de sifones para desagues de lavamanos y lavaplatos tipo P, o botella según el caso. | C105: un | D105: Este ítem se refiere al desmonte de los desgues exixtentes, el suministro y reinta lación o cambio de sifones debido al mal estado y funcionamiento, esta actividad se realizará con previa indicación y aprobación del contratante, y los emenentos a instalar seran los adecuados en cada caso tipo p para lavaplatos y pocetas y tipo botella para lavamanos, en ningun caso se aceptara la instaslación de sistemaas de desague tipo acordeon o flexibles,
A106: =A105+0.01 -> 6.03 | B106: Suministro e instalación de grifería institucional para lavamanos tipo push. | C106: un | D106: Este ítem se refiere al suministro e instalación de lavamanos instituciona incluye grifería línea tipo push para lavamanos. Previo a su instalación debe presentarse la ficha tecnica para aprobar su instalción por parte de la entidad.
A107: =A106+0.01 -> 6.04 | B107: Caja de inspección 60x60 debe incluir tapa en concreto. | C107: un | D107: Este item se refiere a la construcción de una caja de inspección para las redes sanitarias y red de aguas lluvias. Su contrucción consta de una placa base en concreto reforzado, las paredes deben ser en ladrillo recocido pañetado e impermeabilizado, tapa en concreto refozado de 3000 psi, el flujo se encauzará desde las bocas de entrada hasta la boca y salida mediante cañuelas de sección circular en el fondo de la caja, y una altura no menor de 2/3 del diámetro del tubo de salida.
A108: =A107+0.01 -> 6.05 | B108: Red suministro tuberia PVC 1/2". | C108: ml | D108: Este item se refiere al suministro e instalación de tuberia de 1/2" PVC ya sea embebida o colgante para la red de suministro interna de agua potable. Se utilizará tubería y accesorios de PVC presión SCH 40. Las uniones se harán mediante soldadura PVC. -Antes de aplicarse la soldadura se limpiará el extremo del tubo y la campana del accesorio con limpiador removedor, aunque las superficies aparentemente se encuentren limpias. -Las tuberías y accesorios deberán cumplir las normas ICONTEC para su construcción e instalación.
A109: =A108+0.01 -> 6.06 | B109: Red suministro tuberia PVC 3/4". | C109: ml | D109: Este item se refiere al suministro e instalación de tuberia de 3/4" PVC ya sea embebida o colgante para la red de suministro interna de agua potable. Se utilizará tubería y accesorios de PVC presión SCH 40. Las uniones se harán mediante soldadura PVC. -Antes de aplicarse la soldadura se limpiará el extremo del tubo y la campana del accesorio con limpiador removedor, aunque las superficies aparentemente se encuentren limpias. -Las tuberías y accesorios deberán cumplir las normas ICONTEC para su construcción e instalación.
A110: =A109+0.01 -> 6.07 | B110: Registro de corte 1/2". | C110: un | D110: Este item se refiere al suministro e instalación de un registro de corte de 1/2" para la red de suministro interna de agua potable. Seguir parametros norma Colombiana NTC 1500:2023 Insta laciones hidráulicas y sanitarias.
A111: =A110+0.01 -> 6.08 | B111: Suministro e instalación llave de paso 1/2". | C111: un | D111: Este item se refiere al suministro e instalación de una llave de paso de 1/2" para la red de suministro interna de agua potable. Seguir parametros norma Colombiana NTC 1500:2023 Insta laciones hidráulicas y sanitarias.
A112: =A111+0.01 -> 6.09 | B112: Punto de agua fría de ½ + regata y accesorios. | C112: un | D112: Este item se refiere al suministro e instalación de punto hidrulico el cual incluye tuberia hasta 1,5 ml, accesorios y regata. Seguir parametros norma Colombiana NTC 1500:2023 Insta laciones hidráulicas y sanitarias.
A113: =A112+0.01 -> 6.1 | B113: Suministro e instalación de tanque plástico elevado 500 lt | C113: un | D113: Este item se refiere al suministro e instalación tanque plastico elevado para el almacenamiento de agua potable, debe incluir accesorios, instalación y pruebas que garantaicén su debido funcionamiento. Seguir parametros norma Colombiana NTC 1500:2023 Insta laciones hidráulicas y sanitarias.
A114: =A113+0.01 -> 6.11 | B114: Salida sanitaria PVC-s/paral 2". | C114: un | D114: Este item se refiere al suministro e instalación de punto sanitario el cual incluye paral, tuberia hasta 1,5 ml y accesorios. Seguir parametros norma Colombiana NTC 1500:2023 Insta laciones hidráulicas y sanitarias.
A115: =A114+0.01 -> 6.12 | B115: Salida sanitaria PVC 4", incluye accesorios y hasta 1,5 m de tuberia. | C115: un | D115: Este item se refiere al suministro e instalación de punto sanitario tuberia hasta 1,5 ml y accesorios. Seguir parametros norma Colombiana NTC 1500:2023 Insta laciones hidráulicas y sanitarias.
... A121: =A120+0.01 -> 6.18 | B121: Servicio de rotosonda para red sanitaria y/o pluvial. | C121: Hora | D121: Este ítem se refiere a la instalación de un sistema hidroflo, o bomba hidroneumática, requiere ubicar un espacio adecuado, preparar la superficie, conectar la bomba y el tanque, conectar las tuberías, verificar las conexiones y ajustar la presión. Para ello, se necesitan materiales como la bomba, el tanque de presión, tuberías (cobre, PVC, CPVC o PEX), conectores, válvulas, y cinta teflón. Una vez instalado se realizarán pruebas donde se verifica que no haya fugas, y se ajusta la presión de acuerdo a las necesidades.
A122: 7 | B122: CAPITULO 7 INSATALACIONES ELECTRICAS | C122: UNIDAD | D122: DESCRIPCIÓN TECNICA
A123: =A122+0.01 -> 7.01 | B123: Desmonte, suministro y reemplazo de aparatos de control electrico basico. | C123: un | D123: Este item se refiere al suministro e instalación por reemplazo de aparatos de control electricos como son interruptor sencillo, interruptor doble, interruptor triple, interruptores conmutables, tomacorrientes, sensores de movimiento y cualquier elemento que por daño deba ser remplazado. Esta actividad contempla el retiro e instalación en cumplimiento simpre de las normas RETIE, RETILAP, NTC-4552 (1, 2, 3 Versión 2008), NTC–2050
A124: =A123+0.01 -> 7.02 | B124: Suministro e instalación de tablero parcial de 24 circuitos (debe incluir tacos de 30 amp) | C124: un | D124: Este item se refiere al suministro e instalación de tablero 24 circuitos en cumplimiento de las normas RETIE, segun el caso este puede ser sobrepuesto o envebido en muros de mamposteria o muros secos, sin prejuicio de incluir en los costos la totalidad de actividades propias para ello así como los materiales necesarios como anclajes, soportes necesarios para la instalación, ingreso de cableado a Tablero, conexiones de red a tablero, verificación de conducción en tablero en cumplimiento de las normas RETIE, RETILAP, NTC-4552 (1, 2, 3 Versión 2008), NTC–2050 Debe incluir la totalidad de los barrajes en cobre, tornilleria y breakers o tacos en los amperajes que el balanceo de circuitos requiera, debidamente instalados y probados, identificados y marquillados en la totalidad de los 24 circuitos
A125: =A124+0.01 -> 7.03 | B125: Suministro e instalación de totalizador 3x60 amp. | C125: un | D125: Este item se refiere al suministro e instalación de elemento de control tipo breaker tripolar, 3X60 amp. dispuesto para corte general de la alimentación a tableros electricos, puede estar incluido dentro del tablero en espacio dispuesto para este, o como suministro e instalación en caja independiente, siempre y cuando cumpla con la normatividad RETIE, RETILAP, NTC-4552 (1, 2, 3 Versión 2008), NTC–2050
A126: =A125+0.01 -> 7.04 | B126: Suministro e instalación de BREAKER de 20 o 30 amp. | C126: un | D126: Este item se refiere al suministro e instalación de elemento de control tipo breaker sencillo de 30 amp. dispuesto para corte de alimentación de un circuito electrico incluido dentro del tablero o como suministro e instalación en caja independiente, siempre y cuando cumpla con la normatividad RETIE, RETILAP, NTC-4552 (1, 2, 3 Versión 2008), NTC–2050
A127: =A126+0.01 -> 7.05 | B127: Suministro e instalación de línea de puesta a tierra de tablero general. | C127: global | D127: Este item se refiere al suministro e instalación de un sistema de polo a tierra (o sistema de puesta a tierra) es un componente crucial en instalaciones eléctricas para garantizar la seguridad y el funcionamiento correcto de los circuitos eléctricos, cuyos componentes de son: 1. Conductor de tierra (Alambre de cobre desnudo que la linea de tierra de todos los circuitos al tablero y asu vez al electrodo de tierra grantizando la descarga de todo el circuito. 2. Electrodo de tierra (varilla tipo coper well o placa) que debe ser enterrada segun normas RETIE, RETILAP, NTC-4552 (1, 2, 3 Versión 2008), NTC–2050
A128: =A127+0.01 -> 7.06 | B128: Acometida ducto EMT de 1-1/2" 5#6 thhn. | C128: ml | D128: Este item se refiere al suministro e instalación de la red de acometida electrica principal o parcial en cancable tipo thhn o thhw segun la necesidad en calibre #6x5 lineas, instaladas dentro de una tuberia EMT de 1-1/2" y debe incluir, terminales par el cable en el tipo y calibre adecuados, la tuberia debe incluir los elementos de soporte, uniones, curvas, asi como las labores de pase en muros, elementos de proteccion en cumplimiento de las normas RETIE, RETILAP, NTC-4552 (1, 2, 3 Versión 2008), NTC–2050
A129: =A128+0.01 -> 7.07 | B129: Suministro e instalación de circuitos en cable 3 #12. | C129: ml | D129: Este item se refiere al suministro e instalación de la red de distribuición de circuitos en cancable tipo thhn o thhw segun la necesidad en calibre #12x3 lineas, instaladas dentro del tipo de tuberia requerida segun el grado de exposición y la que debe incluir elementos de soporte, uniones, curvas, asi como las labores de pase en muros, elementos de proteccion en cumplimiento de las normas RETIE, RETILAP, NTC-4552 (1, 2, 3 Versión 2008), NTC–2050
A130: =A129+0.01 -> 7.08 | B130: Suministros e instalación de ductos PVC, rigidos o coraza de 3/4". | C130: ml | D130: Este item se refiere al suministro e instalación de ducteria rigida o tipo coraza en PVC de 3/4" que por su tipo de material no pueden estar expuestas y se instalan al interior de muros con el fin de conducir por alli las lineas de cableado electrico de circuitos necesarios en la instalación de tomas o interruptores o elementos de ilumniación, el suministro de estas ducterias debe incluir, uniones, curvas y los elementos de salida como terminales y cajas metalicas homologadas debidamente instaladas incluidas en el costo de la actividad, así como las regatas y tapado de tuberias en los casos de muros en mamposteria, en cumplimiento de las normas RETIE, RETILAP, NTC-4552 (1, 2, 3 Versión 2008), NTC–2050
A131: =A130+0.01 -> 7.09 | B131: Suministros e instalación de ducto EMT de 1/2". | C131: ml | D131: Este item se refiere al suministro e instalación de ducterias metalicas tipo EMT de diametro (1/2") y que pueden estar expuestas con el fin de conducir por alli las lineas de cableado electrico de circuitos necesarios en la instalación de tomas o interruptores o elementos de ilumniación, el suministro de estas ducterias debe incluir, soportes, uniones, curvas y los elementos de salida como terminales y cajas metalicas homologadas debidamente instaladas incluidas en el costo de la actividad, así como las regatas y tapado de tuberias en los casos de muros en mamposteria, en cumplimiento de las normas RETIE, RETILAP, NTC-4552 (1, 2, 3 Versión 2008), NTC–2050
A132: =A131+0.01 -> 7.1 | B132: Suministros e instalación de ducto EMT de 1". | C132: ml | D132: Este item se refiere al suministro e instalación de ducterias metalicas tipo EMT de diametro (1") y que pueden estar expuestas con el fin de conducir por alli las lineas de cableado electrico de circuitos necesarios en la instalación de tomas o interruptores o elementos de ilumniación, el suministro de estas ducterias debe incluir, soportes, uniones, curvas y los elementos de salida como terminales y cajas metalicas homologadas debidamente instaladas incluidas en el costo de la actividad, así como las regatas y tapado de tuberias en los casos de muros en mamposteria, en cumplimiento de las normas RETIE, RETILAP, NTC-4552 (1, 2, 3 Versión 2008), NTC–2050
A133: =A132+0.01 -> 7.11 | B133: Salida punto electrico monofasico para toma, interruptor sencillo o iluminación. | C133: un | D133: Este item se refiere al suministro e instalación salidas electricas monofasicas para toma, interruptor sencillo o iluminación incluyendo el cableado en calibre 12AWG THHN (90°C) mas linea de tierra cal 14 en cobre desnudo, regatas, caja 5800(2X4), ductería en PVC enbevida en muros o EMT cuando sea de sobreponer y demás accesorios requeridos para su correcta instalación y funcionamiento, así como el suministro de los elementos de control electrico, como tomas o interruptores para montaje en cajas metálicas galvanizadas o tipo EMT, segun el caso e incluirá una caja galvanizada tipo rectangular, si llega una sola tubería o una caja 10x10 con suplemento, si llega más de un tubo. La salida interruptor o toma se entendera desde el punto de alimentación hasta el interruptor y las de iluminación seran desde el interruptor a la salida a conexion del elemento de iluminación y la longitud promedio maxima por salida de punto en tubería y cableado corresponde a un promedio de 3 m. por salida a punto, con sus conectores según el tipo de tubería, a lambre de cobre 12 AWG THHN, conectores tipo resorte y demas elementos necesarios y no incluye el suminstro ni elementos de iluminación, en el caso que las longitudes sean mayores estas seran liquidads como: Suministro e instalación de circuitos en cable 3 #12, Suministros e instalación de ductos PVC, rigidos o coraza de 3/4" o Suministros e instalación de ducto EMT de 1/2", segun sea el caso.
A134: =A133+0.01 -> 7.12 | B134: Salida punto electrico monofasico para interruptor doble, triple o conmutables. | C134: un | D134: Este item se refiere al suministro e instalación salidas electricas monofasicas para toma, interruptor sencillo o iluminación incluyendo el cableado en calibre 12AWG THHN (90°C) mas linea de tierra cal 14 en cobre desnudo, regatas, caja 5800(2X4), ductería en PVC enbevida en muros o EMT cuando sea de sobreponer y demás accesorios requeridos para su correcta instalación y funcionamiento, así como el suministro de los elementos de control electrico, como tomas o interruptores para montaje en cajas metálicas galvanizadas o tipo EMT, segun el caso e incluirá una caja galvanizada tipo rectangular, si llega una sola tubería o una caja 10x10 con suplemento, si llega más de un tubo. La salida interruptor o toma se entendera desde el punto de alimentación hasta el interruptor y las de iluminación seran desde el interruptor a la salida a conexion del elemento de iluminación y la longitud promedio maxima por salida de punto en tubería y cableado corresponde a un promedio de 4 m. por salida a punto, con sus conectores según el tipo de tubería, a lambre de cobre 12 AWG THHN, conectores tipo resorte y demas elementos necesarios y no incluye el suminstro ni elementos de iluminación, en el caso que las longitudes sean mayores estas seran liquidads como: Suministro e instalación de circuitos en cable 3 #12, Suministros e instalación de ductos PVC, rigidos o coraza de 3/4" o Suministros e instalación de ducto EMT de 1/2", segun sea el caso.
... A155: =A154+0.01 -> 7.33 | B155: Suministro e instalación de Patch cord cat 6A de 3,0 m. | C155: un | D155: Este item se refiere al suministro e instalación de cables de conexión o cable de parcheo, que se utiliza para conectar dispositivos de red, como switches, routers, computadoras, o paneles de parcheo y sirve para establecer una conexión física entre estos dispositivos y facilitar la transmisión de datos, especificamente para el caso tenddran longitud de 3,0 mt en cable categioria 6A del mismo o superior tipo de la red existente.
A156: Nota: El precio unitario ofrecido y pactado para la ejecución de cada actividad debe incluir en sus componentes, los materiales, herramientas, equipos, acarreos, trasiegos, mano de obra, elementos de protección personal, medidas del SGSST, señalizacion, medidas de protección de espacios, muebles y equipos, así como las certificaciones de movilización y disposisción de residuos acorde a los generados; Todo lo anterior para el desarrollo optimo de las actividades, sin prejucio por omisión alguna en la descripción de cada item aqui contenida.

Sheet MAT-INSM
A1: MATERIAL O INSUMO | B1: UN. | C1: COSTO 2025
A2: ABRAZADERA ACERO PARA TUBERIAS HASTA 2" | B2: UN
A3: ACOPLE SANITARIO ó LAVAMANOS. ½" | B3: UN
A4: ACUSTIFIBRA S/inst. Fiberglas | B4: M2
A5: ADAPTADOR PRESION Macho ½" PAVCO | B5: UN
A6: AGUA | B6: LT
A7: ALAMBRE Cu DESNUDO AWG 14 | B7: ML
A8: ALAMBRE DESNUDO #10 INTERM DI2.05 | B8: ML
A9: ALAMBRE NEGRO Cal. 18 | B9: KG
A10: ANTICORROSIVO GRIS PROTECC. ICO | B10: GLN
A11: ARENA DE PEÑA | B11: M3
A12: ARENA LAVADA DE PEÑA | B12: M3
A13: ARENA LAVADA DE RIO | B13: M3
... A198: WASH PRIMER A+B 0509 PINTUCO | B198: LT

Sheet HRR-EQP
A1: HERRAMIENTA O EQUIPO | B1: UN. | C1: COSTOS 2025
A2: ALICATE 2 POSICIONES DE 8" AISLADO | B2: UN
A3: ANDAMIO TUBULAR (SECC.) | B3: DIA
A4: BALDE DE CAUCHO PARA CONCRETO | B4: UN
A5: BROCHA DE CERDA 1" | B5: UN
A6: BROCHA DE CERDA 4" | B6: UN
A7: CARRETILLA "BUGUI" | B7: MES
A8: CIZALLA MANO 36" | B8: DIA
A9: COMPRESOR 1.5 HP CON TANQUE 2 GAL | B9: DIA
A10: CORTADORA CERAMICA KROM | B10: DIA
A11: DESTORNILLADOR DE PALA 1/4" X 6" | B11: UN
A12: DISCO DIAMANTADO 9" DIAMOND | B12: UN
A13: DISCO REFRACTARIO T-1 9"x 1/8" | B13: UN
... A42: TALADRO ROTOPERCUTOR HASTA 3/4" SIN | B42: DIA

Sheet MAN-OBR
A1: ACTIVIDAD O INSUMO | B1: UN. | C1: COSTOS 2025
A2: HORA AYUDANTE ALBA-IL + PREST | B2: HORA
A3: HORA/Cuad. ALBA-IL/Of+Ayu +PREST. 86.03% | B3: HORA
A4: HORA/Cuad. CARPINT/Of+Ayu +PREST.86.03% | B4: HORA
A5: MdeO ACOMETIDA GENERAL incl.ducto | B5: ML
A6: MdeO AFINADO Imperm. PISOS | B6: M2
A7: MdeO AFINADO PISO LISTON | B7: M2
A8: MdeO AFINADO PISOS | B8: M2
A9: MdeO AISLAPOR | B9: M3
A10: MdeO CABLEADO | B10: ML
A11: MdeO CAJA Insp.FIBRIT Traf.Pes | B11: UN
A12: MdeO CANALETA 10X40 | B12: UN
A13: MdeO CARPINTERIA METALICA | B13: M2
... A97: OFICIAL INST. SANITARIAS S/PREST. | B97: JORNAL

Sheet OTROS
A1: ACTIVIDAD O INSUMO | B1: UN. | C1: COSTO 2025
A2: BOMBA ALTA PRESION 3 HP | B2: DIA
A3: DISEÑO DE UNA MEZCLA DE HORMIGON | B3: UN
A4: ENSAYO DE CILINDRO DE 24 HORAS DE EDAD | B4: UN
A5: MANTENIMIENTO INTEGRAL PLANTA ELECT Y TRANSF. | B5: UN
A6: MANTENIMIENTO INTEGRAL UPS Y TRANSFERENCIA | B6: UN
A7: RETIRO DE ESCOMBROS | B7: M3

Sheet AIU
A1: OFRECIMIENTO DE AIU
A2: ITEM | B2: DESCRIPCION | C2: PORCENTAJE TECHO | D2: PORCENTAJE OFERTADO
A3: 1 | B3: ADMINISTRACION | C3: 0.15
A4: 2 | B4: IMPREVISTOS | C4: 0.02
A5: 3 | B5: UTILIDAD | C5: 0.09
B6: TOTAL A.I.U. | C6: =SUM(C3:C5) -> 0.26 | D6: =SUM(D3:D5) -> 0
B7: IVA SOBRE LA UTILIDAD | C7: 0.19 | D7: 0.19
B8: TOTAL A.I.U. MAS INVA SOBRE UTILIDAD | C8: =C3+C4+C5+(C5*C7) -> 0.2771 | D8: =D3+D4+D5+(D5*D7) -> 0

Sheet APU-CP1
A1: FORMATO DE ANÁLISIS DE PRECIOS UNITARIOS (APU)
A2: GRUPO DE GESTION ADMINISTRATIVA | B2: EQUIPO DE INFRAESTRUCTURA FISICA
A4: OBJETO DEL CONTRATO | D4: N° DEL CONTRATO
A5: CONTRATAR EL MANTENIMIENTO INTEGRAL, ADECUACIONES Y/O MEJORAS LOCATIVAS PARA LAS SEDES A NIVEL NACIONAL CARGO DE LA UNIDAD NACIONAL DE PROTECCIÓN | D5: FECHA DEL CONTRATO
A6: =RESUMEN!B3 -> CAPITULO 1 ACTIVIDADES PRELIMINARES | D6: NOMBRE DEL CONTRATISTA
A9: DESCRIPCIÓN DEL ITEM | C9: N° ITEM | D9: UNIDAD | E9: TOTAL COSTO DIRECTO
A10: =RESUMEN!B4 -> Desmonte o desinstalación de puestos de trabajo, incluye trasiego. | C10: =RESUMEN!A4 -> 1.01 | D10: =RESUMEN!C4 -> m2 | E10: =E19+E25+E30+E35 -> 0
A13: 1. DESCRIPCION DE MATERIALES E INSUMOS | B13: UNIDAD | C13: VR. UNIT. | D13: CANT/UND. | E13: VR. INSUMO
A14: ='MAT-INSM'!A40 -> CARTON CORRUGADO, ROLLO 1,2 M*10ML=48M2 | B14: ='MAT-INSM'!B40 -> M2 | C14: ='MAT-INSM'!C40 -> 0 | D14: 1 | E14: =ROUND(C14*D14,0) -> 0
C15: 0 | E15: =ROUND(C15*D15,0) -> 0
C16: 0 | E16: =ROUND(C16*D16,0) -> 0
C17: 0 | E17: =ROUND(C17*D17,0) -> 0
C18: 0 | E18: =ROUND(C18*D18,0) -> 0
D19: SUB-TOTAL | E19: =SUM(E14:E18) -> 0
A21: 2. DESCRIPCIÓN EQUIPOS Y HERRAMIENTAS | B21: UNIDAD | C21: VR. UNIT. | D21: CANT. | E21: VR. UNIT.
A22: ='HRR-EQP'!A11 -> DESTORNILLADOR DE PALA 1/4" X 6" | B22: ='HRR-EQP'!B11 -> UN | C22: ='HRR-EQP'!C11 -> 0 | D22: =1/30/8/2 -> 0.0020833333 | E22: =ROUND(C22*D22,0) -> 0
A23: ='HRR-EQP'!A24 -> LLAVES PARA TUBOS | B23: ='HRR-EQP'!B24 -> UN | C23: ='HRR-EQP'!C24 -> 0 | D23: =1/30/8/2 -> 0.0020833333 | E23: =ROUND(C23*D23,0) -> 0
C24: 0 | E24: =ROUND(C24*D24,0) -> 0
D25: SUB-TOTAL | E25: =SUM(E22:E24) -> 0
A27: 3. DESCRIPCIÓN MANO DE OBRA CUADRILLAS | B27: UNIDAD | C27: VR. UNIT. | D27: RENDIMIENTO | E27: VR. UNITARIO
A28: ='MAN-OBR'!A29 -> MdeO Desmonte MOBILIARIO | B28: ='MAN-OBR'!B29 -> M2 | C28: ='MAN-OBR'!C29 -> 0 | D28: 1 | E28: =ROUND(C28*D28,0) -> 0
C29: 0 | E29: =ROUND(C29*D29,0) -> 0
D30: SUB-TOTAL | E30: =SUM(E28:E29) -> 0
A32: 4. DESCRIPCIÓN OTROS COMPONENTES | B32: UNIDAD | C32: VR. UNIT. | D32: RENDIMIENTO | E32: VR. UNITARIO
A33: =OTROS!A7 -> RETIRO DE ESCOMBROS | B33: =OTROS!B7 -> M3 | C33: =OTROS!C7 -> 0 | D33: 0.2 | E33: =ROUND(C33*D33,0) -> 0
C34: 0 | E34: =ROUND(C34*D34,0) -> 0
D35: SUB-TOTAL | E35: =SUM(E33:E34) -> 0
A37: Elaboro | B37: Reviso | D37: Aprobo
A42: DESCRIPCIÓN DEL ITEM | C42: N° ITEM | D42: UNIDAD | E42: TOTAL COSTO DIRECTO
A43: =RESUMEN!B5 -> Desmonte de canaleta incluido cableado y aparatos eléctricos y de datos. | C43: =RESUMEN!A5 -> 1.02 | D43: =RESUMEN!C5 -> ml | E43: =E52+E58+E63+E68 -> 0
A46: 1. DESCRIPCION DE MATERIALES E INSUMOS | B46: UNIDAD | C46: VR. UNIT. | D46: CANT/UND. | E46: VR. INSUMO
A47: ='MAT-INSM'!A40 -> CARTON CORRUGADO, ROLLO 1,2 M*10ML=48M2 | B47: ='MAT-INSM'!B40 -> M2 | C47: ='MAT-INSM'!C40 -> 0 | D47: 1 | E47: =ROUND(C47*D47,0) -> 0
C48: 0 | E48: =ROUND(C48*D48,0) -> 0
C49: 0 | E49: =ROUND(C49*D49,0) -> 0
C50: 0 | E50: =ROUND(C50*D50,0) -> 0
C51: 0 | E51: =ROUND(C51*D51,0) -> 0
D52: SUB-TOTAL | E52: =SUM(E47:E51) -> 0
A54: 2. DESCRIPCIÓN EQUIPOS Y HERRAMIENTAS | B54: UNIDAD | C54: VR. UNIT. | D54: CANT. | E54: VR. UNIT.
A55: ='HRR-EQP'!A11 -> DESTORNILLADOR DE PALA 1/4" X 6" | B55: ='HRR-EQP'!B11 -> UN | C55: ='HRR-EQP'!C11 -> 0 | D55: =1/30/8/2 -> 0.0020833333 | E55: =ROUND(C55*D55,0) -> 0
A56: ='HRR-EQP'!A33 -> PULIDORA INDUSTRIAL DE 4 ½" MAKITA 10000 RPM | B56: ='HRR-EQP'!B33 -> DIA | C56: ='HRR-EQP'!C33 -> 0 | D56: =1/8/2 -> 0.0625 | E56: =ROUND(C56*D56,0) -> 0
C57: 0 | E57: =ROUND(C57*D57,0) -> 0
D58: SUB-TOTAL | E58: =SUM(E55:E57) -> 0
A60: 3. DESCRIPCIÓN MANO DE OBRA CUADRILLAS | B60: UNIDAD | C60: VR. UNIT. | D60: RENDIMIENTO | E60: VR. UNITARIO
A61: ='MAN-OBR'!A28 -> MdeO Desmonte CANALETA, DUCTO Y RED ELECTRICA | B61: ='MAN-OBR'!B28 -> ML | C61: ='MAN-OBR'!C28 -> 0 | D61: 1 | E61: =ROUND(C61*D61,0) -> 0
C62: 0 | E62: =ROUND(C62*D62,0) -> 0
D63: SUB-TOTAL | E63: =SUM(E61:E62) -> 0
A65: 4. DESCRIPCIÓN OTROS COMPONENTES | B65: UNIDAD | C65: VR. UNIT. | D65: RENDIMIENTO | E65: VR. UNITARIO
A66: =OTROS!A7 -> RETIRO DE ESCOMBROS | B66: =OTROS!B7 -> M3 | C66: =OTROS!C7 -> 0 | D66: 0.1 | E66: =ROUND(C66*D66,0) -> 0
C67: 0 | E67: =ROUND(C67*D67,0) -> 0
D68: SUB-TOTAL | E68: =SUM(E66:E67) -> 0
A70: Elaboro | B70: Reviso | D70: Aprobo
A75: DESCRIPCIÓN DEL ITEM | C75: N° ITEM | D75: UNIDAD | E75: TOTAL COSTO DIRECTO
A76: =RESUMEN!B6 -> Suspension de puntos electricos, incluye descableado. | C76: =RESUMEN!A6 -> 1.03 | D76: =RESUMEN!C6 -> un | E76: =E85+E91+E96+E101 -> 0
A79: 1. DESCRIPCION DE MATERIALES E INSUMOS | B79: UNIDAD | C79: VR. UNIT. | D79: CANT/UND. | E79: VR. INSUMO
A80: ='MAT-INSM'!A157 -> TAPA CIEGA BLANCA AVE | B80: ='MAT-INSM'!B157 -> UN | C80: ='MAT-INSM'!C157 -> 0 | D80: 2 | E80: =ROUND(C80*D80,0) -> 0
A81: ='MAT-INSM'!A168 -> TORNILLO 1¼" X ½" | B81: ='MAT-INSM'!B168 -> UN | C81: ='MAT-INSM'!C168 -> 0 | D81: 4 | E81: =ROUND(C81*D81,0) -> 0
C82: 0 | E82: =ROUND(C82*D82,0) -> 0
C83: 0 | E83: =ROUND(C83*D83,0) -> 0
C84: 0 | E84: =ROUND(C84*D84,0) -> 0
D85: SUB-TOTAL | E85: =SUM(E80:E84) -> 0
A87: 2. DESCRIPCIÓN EQUIPOS Y HERRAMIENTAS | B87: UNIDAD | C87: VR. UNIT. | D87: CANT. | E87: VR. UNIT.
A88: ='HRR-EQP'!A11 -> DESTORNILLADOR DE PALA 1/4" X 6" | B88: ='HRR-EQP'!B11 -> UN | C88: ='HRR-EQP'!C11 -> 0 | D88: =1/30/8 -> 0.0041666667 | E88: =ROUND(C88*D88,0) -> 0
A89: ='HRR-EQP'!A24 -> LLAVES PARA TUBOS | B89: ='HRR-EQP'!B24 -> UN | C89: ='HRR-EQP'!C24 -> 0 | D89: =1/30/8 -> 0.0041666667 | E89: =ROUND(C89*D89,0) -> 0
C90: 0 | E90: =ROUND(C90*D90,0) -> 0
D91: SUB-TOTAL | E91: =SUM(E88:E90) -> 0
A93: 3. DESCRIPCIÓN MANO DE OBRA CUADRILLAS | B93: UNIDAD | C93: VR. UNIT. | D93: RENDIMIENTO | E93: VR. UNITARIO
A94: ='MAN-OBR'!A28 -> MdeO Desmonte CANALETA, DUCTO Y RED ELECTRICA | B94: ='MAN-OBR'!B28 -> ML | C94: ='MAN-OBR'!C28 -> 0 | D94: 1 | E94: =ROUND(C94*D94,0) -> 0
C95: 0 | E95: =ROUND(C95*D95,0) -> 0
D96: SUB-TOTAL | E96: =SUM(E94:E95) -> 0
A98: 4. DESCRIPCIÓN OTROS COMPONENTES | B98: UNIDAD | C98: VR. UNIT. | D98: RENDIMIENTO | E98: VR. UNITARIO
A99: =OTROS!A7 -> RETIRO DE ESCOMBROS | B99: =OTROS!B7 -> M3 | C99: =OTROS!C7 -> 0 | D99: 0.1 | E99: =ROUND(C99*D99,0) -> 0
C100: 0 | E100: =ROUND(C100*D100,0) -> 0
D101: SUB-TOTAL | E101: =SUM(E99:E100) -> 0
A103: Elaboro | B103: Reviso | D103: Aprobo
A108: DESCRIPCIÓN DEL ITEM | C108: N° ITEM | D108: UNIDAD | E108: TOTAL COSTO DIRECTO
A109: =RESUMEN!B7 -> Desmonte o desinstalación de puertas entamboradas en madera, incluido marco. | C109: =RESUMEN!A7 -> 1.04 | D109: =RESUMEN!C7 -> un | E109: =E118+E124+E129+E134 -> 0
A112: 1. DESCRIPCION DE MATERIALES E INSUMOS | B112: UNIDAD | C112: VR. UNIT. | D112: CANT/UND. | E112: VR. INSUMO
A113: ='MAT-INSM'!A40 -> CARTON CORRUGADO, ROLLO 1,2 M*10ML=48M2 | B113: ='MAT-INSM'!B40 -> M2 | C113: ='MAT-INSM'!C40 -> 0 | D113: 2 | E113: =ROUND(C113*D113,0) -> 0
C114: 0 | E114: =ROUND(C114*D114,0) -> 0
C115: 0 | E115: =ROUND(C115*D115,0) -> 0
C116: 0 | E116: =ROUND(C116*D116,0) -> 0
C117: 0 | E117: =ROUND(C117*D117,0) -> 0
D118: SUB-TOTAL | E118: =SUM(E113:E117) -> 0
A120: 2. DESCRIPCIÓN EQUIPOS Y HERRAMIENTAS | B120: UNIDAD | C120: VR. UNIT. | D120: CANT. | E120: VR. UNIT.
A121: ='HRR-EQP'!A11 -> DESTORNILLADOR DE PALA 1/4" X 6" | B121: ='HRR-EQP'!B11 -> UN | C121: ='HRR-EQP'!C11 -> 0 | D121: =1/30/8/2 -> 0.0020833333 | E121: =ROUND(C121*D121,0) -> 0
A122: ='HRR-EQP'!A24 -> LLAVES PARA TUBOS | B122: ='HRR-EQP'!B24 -> UN | C122: ='HRR-EQP'!C24 -> 0 | D122: =1/30/8/2 -> 0.0020833333 | E122: =ROUND(C122*D122,0) -> 0
C123: 0 | E123: =ROUND(C123*D123,0) -> 0
D124: SUB-TOTAL | E124: =SUM(E121:E123) -> 0
A126: 3. DESCRIPCIÓN MANO DE OBRA CUADRILLAS | B126: UNIDAD | C126: VR. UNIT. | D126: RENDIMIENTO | E126: VR. UNITARIO
A127: ='MAN-OBR'!A30 -> MdeO Desmonte PUERTA Y MARCO | B127: ='MAN-OBR'!B30 -> UN | C127: ='MAN-OBR'!C30 -> 0 | D127: 1 | E127: =ROUND(C127*D127,0) -> 0
E128: =ROUND(C128*D128,0) -> 0
D129: SUB-TOTAL | E129: =SUM(E127:E128) -> 0
A131: 4. DESCRIPCIÓN OTROS COMPONENTES | B131: UNIDAD | C131: VR. UNIT. | D131: RENDIMIENTO | E131: VR. UNITARIO
C132: 0 | E132: =ROUND(C132*D132,0) -> 0
C133: 0 | E133: =ROUND(C133*D133,0) -> 0
D134: SUB-TOTAL | E134: =SUM(E132:E133) -> 0
A136: Elaboro | B136: Reviso | D136: Aprobo
A141: DESCRIPCIÓN DEL ITEM | C141: N° ITEM | D141: UNIDAD | E141: TOTAL COSTO DIRECTO
A142: =RESUMEN!B8 -> Desmonte o desinstalación de puertas o ventanas en perfiles de acero o aluminio, incluidos marcos y vidrios. | C142: =RESUMEN!A8 -> 1.05 | D142: =RESUMEN!C8 -> m2 | E142: =E151+E157+E162+E167 -> 0
A145: 1. DESCRIPCION DE MATERIALES E INSUMOS | B145: UNIDAD | C145: VR. UNIT. | D145: CANT/UND. | E145: VR. INSUMO
...

Sheet APU-CP2
A1: FORMATO DE ANÁLISIS DE PRECIOS UNITARIOS (APU)
A2: GRUPO DE GESTION ADMINISTRATIVA | B2: EQUIPO DE INFRAESTRUCTURA FISICA
A4: OBJETO DEL CONTRATO | D4: N° DEL CONTRATO
A5: CONTRATAR EL MANTENIMIENTO INTEGRAL, ADECUACIONES Y/O MEJORAS LOCATIVAS PARA LAS SEDES A NIVEL NACIONAL CARGO DE LA UNIDAD NACIONAL DE PROTECCIÓN | D5: FECHA DEL CONTRATO
A6: =RESUMEN!B22 -> CAPITULO 2 BASES PISOS Y ACABADOS | D6: NOMBRE DEL CONTRATISTA
A9: DESCRIPCIÓN DEL ITEM | C9: N° ITEM | D9: UNIDAD | E9: TOTAL COSTO DIRECTO
A10: =RESUMEN!B23 -> Alistado de piso en mortero 1:3 afinado e=4cm. | C10: =RESUMEN!A23 -> 2.01 | D10: =RESUMEN!C23 -> m2 | E10: =E19+E25+E30+E35 -> 0
A13: 1. DESCRIPCION DE MATERIALES E INSUMOS | B13: UNIDAD | C13: VR. UNIT. | D13: CANT/UND. | E13: VR. INSUMO
A14: ='MAT-INSM'!A13 -> ARENA LAVADA DE RIO | B14: ='MAT-INSM'!B13 -> M3 | C14: ='MAT-INSM'!C13 -> 0 | D14: =1/144*9 -> 0.0625 | E14: =ROUND(C14*D14,0) -> 0
A15: ='MAT-INSM'!A42 -> CEMENTO GRIS (constructor) | B15: ='MAT-INSM'!B42 -> KG | C15: ='MAT-INSM'!C42 -> 0 | D15: 18 | E15: =ROUND(C15*D15,0) -> 0
A16: ='MAT-INSM'!A6 -> AGUA | B16: ='MAT-INSM'!B6 -> LT | C16: ='MAT-INSM'!C6 -> 0 | D16: 10 | E16: =ROUND(C16*D16,0) -> 0
C17: 0 | E17: =ROUND(C17*D17,0) -> 0
C18: 0 | E18: =ROUND(C18*D18,0) -> 0
D19: SUB-TOTAL | E19: =SUM(E14:E18) -> 0
A21: 2. DESCRIPCIÓN EQUIPOS Y HERRAMIENTAS | B21: UNIDAD | C21: VR. UNIT. | D21: CANT. | E21: VR. UNIT.
A22: ='HRR-EQP'!A7 -> CARRETILLA "BUGUI" | B22: ='HRR-EQP'!B7 -> MES | C22: ='HRR-EQP'!C7 -> 0 | D22: =1/30/8 -> 0.0041666667 | E22: =ROUND(C22*D22,0) -> 0
A23: ='HRR-EQP'!A28 -> PALA No.2 P/CUADRADA CON CABO HERRAGRO | B23: ='HRR-EQP'!B28 -> UN | C23: ='HRR-EQP'!C28 -> 0 | D23: =1/30/16 -> 0.0020833333 | E23: =ROUND(C23*D23,0) -> 0
A24: ='HRR-EQP'!A30 -> PALUSTRE MANGO PLASTICO DE 8" | B24: ='HRR-EQP'!B30 -> UN | C24: ='HRR-EQP'!C30 -> 0 | D24: =1/30/16 -> 0.0020833333 | E24: =ROUND(C24*D24,0) -> 0
D25: SUB-TOTAL | E25: =SUM(E22:E24) -> 0
A27: 3. DESCRIPCIÓN MANO DE OBRA CUADRILLAS | B27: UNIDAD | C27: VR. UNIT. | D27: RENDIMIENTO | E27: VR. UNITARIO
A28: ='MAN-OBR'!A8 -> MdeO AFINADO PISOS | B28: ='MAN-OBR'!B8 -> M2 | C28: ='MAN-OBR'!C8 -> 0 | D28: 1 | E28: =ROUND(C28*D28,0) -> 0
C29: 0 | E29: =ROUND(C29*D29,0) -> 0
D30: SUB-TOTAL | E30: =SUM(E28:E29) -> 0
A32: 4. DESCRIPCIÓN OTROS COMPONENTES | B32: UNIDAD | C32: VR. UNIT. | D32: RENDIMIENTO | E32: VR. UNITARIO
A33: =OTROS!A7 -> RETIRO DE ESCOMBROS | B33: =OTROS!B7 -> M3 | C33: =OTROS!C7 -> 0 | D33: 0.025 | E33: =ROUND(C33*D33,0) -> 0
C34: 0 | E34: =ROUND(C34*D34,0) -> 0
D35: SUB-TOTAL | E35: =SUM(E33:E34) -> 0
A37: Elaboro | B37: Reviso | D37: Aprobo
A42: DESCRIPCIÓN DEL ITEM | C42: N° ITEM | D42: UNIDAD | E42: TOTAL COSTO DIRECTO
A43: =RESUMEN!B24 -> Alistado de piso en mortero impermeabilizado 1:3 afinado e=4cm. | C43: =RESUMEN!A24 -> 2.02 | D43: =RESUMEN!C24 -> m2 | E43: =E52+E58+E63+E68 -> 0
A46: 1. DESCRIPCION DE MATERIALES E INSUMOS | B46: UNIDAD | C46: VR. UNIT. | D46: CANT/UND. | E46: VR. INSUMO
A47: ='MAT-INSM'!A13 -> ARENA LAVADA DE RIO | B47: ='MAT-INSM'!B13 -> M3 | C47: ='MAT-INSM'!C13 -> 0 | D47: =1/144*9 -> 0.0625 | E47: =ROUND(C47*D47,0) -> 0
A48: ='MAT-INSM'!A42 -> CEMENTO GRIS (constructor) | B48: ='MAT-INSM'!B42 -> KG | C48: ='MAT-INSM'!C42 -> 0 | D48: 18 | E48: =ROUND(C48*D48,0) -> 0
A49: ='MAT-INSM'!A6 -> AGUA | B49: ='MAT-INSM'!B6 -> LT | C49: ='MAT-INSM'!C6 -> 0 | D49: 10 | E49: =ROUND(C49*D49,0) -> 0
A50: ='MAT-INSM'!A143 -> SIKA 1 20 KILOS | B50: ='MAT-INSM'!B143 -> KG | C50: ='MAT-INSM'!C143 -> 0 | D50: 0.25 | E50: =ROUND(C50*D50,0) -> 0
C51: 0 | E51: =ROUND(C51*D51,0) -> 0
D52: SUB-TOTAL | E52: =SUM(E47:E51) -> 0
A54: 2. DESCRIPCIÓN EQUIPOS Y HERRAMIENTAS | B54: UNIDAD | C54: VR. UNIT. | D54: CANT. | E54: VR. UNIT.
A55: ='HRR-EQP'!A7 -> CARRETILLA "BUGUI" | B55: ='HRR-EQP'!B7 -> MES | C55: ='HRR-EQP'!C7 -> 0 | D55: =1/30/8 -> 0.0041666667 | E55: =ROUND(C55*D55,0) -> 0
A56: ='HRR-EQP'!A28 -> PALA No.2 P/CUADRADA CON CABO HERRAGRO | B56: ='HRR-EQP'!B28 -> UN | C56: ='HRR-EQP'!C28 -> 0 | D56: =1/30/16 -> 0.0020833333 | E56: =ROUND(C56*D56,0) -> 0
A57: ='HRR-EQP'!A30 -> PALUSTRE MANGO PLASTICO DE 8" | B57: ='HRR-EQP'!B30 -> UN | C57: ='HRR-EQP'!C30 -> 0 | D57: =1/30/16 -> 0.0020833333 | E57: =ROUND(C57*D57,0) -> 0
D58: SUB-TOTAL | E58: =SUM(E55:E57) -> 0
A60: 3. DESCRIPCIÓN MANO DE OBRA CUADRILLAS | B60: UNIDAD | C60: VR. UNIT. | D60: RENDIMIENTO | E60: VR. UNITARIO
A61: ='MAN-OBR'!A6 -> MdeO AFINADO Imperm. PISOS | B61: ='MAN-OBR'!B6 -> M2 | C61: ='MAN-OBR'!C6 -> 0 | D61: 1 | E61: =ROUND(C61*D61,0) -> 0
C62: 0 | E62: =ROUND(C62*D62,0) -> 0
D63: SUB-TOTAL | E63: =SUM(E61:E62) -> 0
A65: 4. DESCRIPCIÓN OTROS COMPONENTES | B65: UNIDAD | C65: VR. UNIT. | D65: RENDIMIENTO | E65: VR. UNITARIO
A66: =OTROS!A7 -> RETIRO DE ESCOMBROS | B66: =OTROS!B7 -> M3 | C66: =OTROS!C7 -> 0 | D66: 0.025 | E66: =ROUND(C66*D66,0) -> 0
C67: 0 | E67: =ROUND(C67*D67,0) -> 0
D68: SUB-TOTAL | E68: =SUM(E66:E67) -> 0
A70: Elaboro | B70: Reviso | D70: Aprobo
A75: DESCRIPCIÓN DEL ITEM | C75: N° ITEM | D75: UNIDAD | E75: TOTAL COSTO DIRECTO
A76: =RESUMEN!B25 -> Suministro e instalación de enchapes cerámicos para pisos y/o muros. | C76: =RESUMEN!A25 -> 2.03 | D76: =RESUMEN!C25 -> m2 | E76: =E85+E91+E96+E101 -> 0
A79: 1. DESCRIPCION DE MATERIALES E INSUMOS | B79: UNIDAD | C79: VR. UNIT. | D79: CANT/UND. | E79: VR. INSUMO
A80: ='MAT-INSM'!A128 -> PISO CERAMICO TRAFICO COMERCIAL formato 41X41 hasta 60X60 | B80: ='MAT-INSM'!B128 -> M2 | C80: ='MAT-INSM'!C128 -> 0 | D80: 1.05 | E80: =ROUND(C80*D80,0) -> 0
A81: ='MAT-INSM'!A110 -> PEGACOR I-10 BLANCO CRNA | B81: ='MAT-INSM'!B110 -> KG | C81: ='MAT-INSM'!C110 -> 0 | D81: 3 | E81: =ROUND(C81*D81,0) -> 0
A82: ='MAT-INSM'!A41 -> CEMENTO BLANCO 40 Kg | B82: ='MAT-INSM'!B41 -> KG | C82: ='MAT-INSM'!C41 -> 0 | D82: 0.5 | E82: =ROUND(C82*D82,0) -> 0
A83: ='MAT-INSM'!A60 -> CONCOLOR J - 10 CRNA | B83: ='MAT-INSM'!B60 -> KG | C83: ='MAT-INSM'!C60 -> 0 | D83: 0.25 | E83: =ROUND(C83*D83,0) -> 0
A84: ='MAT-INSM'!A6 -> AGUA | B84: ='MAT-INSM'!B6 -> LT | C84: ='MAT-INSM'!C6 -> 0 | D84: 5 | E84: =ROUND(C84*D84,0) -> 0
D85: SUB-TOTAL | E85: =SUM(E80:E84) -> 0
A87: 2. DESCRIPCIÓN EQUIPOS Y HERRAMIENTAS | B87: UNIDAD | C87: VR. UNIT. | D87: CANT. | E87: VR. UNIT.
A88: ='HRR-EQP'!A10 -> CORTADORA CERAMICA KROM | B88: ='HRR-EQP'!B10 -> DIA | C88: ='HRR-EQP'!C10 -> 0 | D88: =1/8 -> 0.125 | E88: =ROUND(C88*D88,0) -> 0
A89: ='HRR-EQP'!A4 -> BALDE DE CAUCHO PARA CONCRETO | B89: ='HRR-EQP'!B4 -> UN | C89: ='HRR-EQP'!C4 -> 0 | D89: =1/30/8 -> 0.0041666667 | E89: =ROUND(C89*D89,0) -> 0
A90: ='HRR-EQP'!A29 -> PALUSTRE MANGO PLASTICO DE 5" | B90: ='HRR-EQP'!B29 -> UN | C90: ='HRR-EQP'!C29 -> 0 | D90: =1/30/8 -> 0.0041666667 | E90: =ROUND(C90*D90,0) -> 0
D91: SUB-TOTAL | E91: =SUM(E88:E90) -> 0
A93: 3. DESCRIPCIÓN MANO DE OBRA CUADRILLAS | B93: UNIDAD | C93: VR. UNIT. | D93: RENDIMIENTO | E93: VR. UNITARIO
A94: ='MAN-OBR'!A34 -> MdeO ENCHAPE CERAMICO | B94: ='MAN-OBR'!B34 -> M2 | C94: ='MAN-OBR'!C34 -> 0 | D94: 1 | E94: =ROUND(C94*D94,0) -> 0
C95: 0 | E95: =ROUND(C95*D95,0) -> 0
D96: SUB-TOTAL | E96: =SUM(E94:E95) -> 0
A98: 4. DESCRIPCIÓN OTROS COMPONENTES | B98: UNIDAD | C98: VR. UNIT. | D98: RENDIMIENTO | E98: VR. UNITARIO
A99: =OTROS!A7 -> RETIRO DE ESCOMBROS | B99: =OTROS!B7 -> M3 | C99: =OTROS!C7 -> 0 | D99: 0.2 | E99: =ROUND(C99*D99,0) -> 0
C100: 0 | E100: =ROUND(C100*D100,0) -> 0
D101: SUB-TOTAL | E101: =SUM(E99:E100) -> 0
A103: Elaboro | B103: Reviso | D103: Aprobo
A108: DESCRIPCIÓN DEL ITEM | C108: N° ITEM | D108: UNIDAD | E108: TOTAL COSTO DIRECTO
A109: =RESUMEN!B26 -> Suministro e instalación de Guarda escoba en cerámica. | C109: =RESUMEN!A26 -> 2.04 | D109: =RESUMEN!C26 -> ml | E109: =E118+E124+E129+E134 -> 0
A112: 1. DESCRIPCION DE MATERIALES E INSUMOS | B112: UNIDAD | C112: VR. UNIT. | D112: CANT/UND. | E112: VR. INSUMO
A113: ='MAT-INSM'!A128 -> PISO CERAMICO TRAFICO COMERCIAL formato 41X41 hasta 60X60 | B113: ='MAT-INSM'!B128 -> M2 | C113: ='MAT-INSM'!C128 -> 0 | D113: =1.05/5 -> 0.21 | E113: =ROUND(C113*D113,0) -> 0
A114: ='MAT-INSM'!A111 -> PEGACOR I-50 GRIS CRNA | B114: ='MAT-INSM'!B111 -> KG | C114: ='MAT-INSM'!C111 -> 0 | D114: =3/5 -> 0.6 | E114: =ROUND(C114*D114,0) -> 0
A115: ='MAT-INSM'!A41 -> CEMENTO BLANCO 40 Kg | B115: ='MAT-INSM'!B41 -> KG | C115: ='MAT-INSM'!C41 -> 0 | D115: =0.5/5 -> 0.1 | E115: =ROUND(C115*D115,0) -> 0
A116: ='MAT-INSM'!A60 -> CONCOLOR J - 10 CRNA | B116: ='MAT-INSM'!B60 -> KG | C116: ='MAT-INSM'!C60 -> 0 | D116: 0.05 | E116: =ROUND(C116*D116,0) -> 0
A117: ='MAT-INSM'!A6 -> AGUA | B117: ='MAT-INSM'!B6 -> LT | C117: ='MAT-INSM'!C6 -> 0 | D117: =5/5 -> 1 | E117: =ROUND(C117*D117,0) -> 0
D118: SUB-TOTAL | E118: =SUM(E113:E117) -> 0
A120: 2. DESCRIPCIÓN EQUIPOS Y HERRAMIENTAS | B120: UNIDAD | C120: VR. UNIT. | D120: CANT. | E120: VR. UNIT.
A121: ='HRR-EQP'!A10 -> CORTADORA CERAMICA KROM | B121: ='HRR-EQP'!B10 -> DIA | C121: ='HRR-EQP'!C10 -> 0 | D121: =1/30/8 -> 0.0041666667 | E121: =ROUND(C121*D121,0) -> 0
A122: ='HRR-EQP'!A4 -> BALDE DE CAUCHO PARA CONCRETO | B122: ='HRR-EQP'!B4 -> UN | C122: ='HRR-EQP'!C4 -> 0 | D122: =1/30/8 -> 0.0041666667 | E122: =ROUND(C122*D122,0) -> 0
A123: ='HRR-EQP'!A29 -> PALUSTRE MANGO PLASTICO DE 5" | B123: ='HRR-EQP'!B29 -> UN | C123: ='HRR-EQP'!C29 -> 0 | D123: =1/30/8 -> 0.0041666667 | E123: =ROUND(C123*D123,0) -> 0
D124: SUB-TOTAL | E124: =SUM(E121:E123) -> 0
A126: 3. DESCRIPCIÓN MANO DE OBRA CUADRILLAS | B126: UNIDAD | C126: VR. UNIT. | D126: RENDIMIENTO | E126: VR. UNITARIO
A127: ='MAN-OBR'!A35 -> MdeO ENCHAPE GUARDAESCOBA Y LINEALES | B127: ='MAN-OBR'!B35 -> ML | C127: ='MAN-OBR'!C35 -> 0 | D127: 1 | E127: =ROUND(C127*D127,0) -> 0
C128: 0 | E128: =ROUND(C128*D128,0) -> 0
D129: SUB-TOTAL | E129: =SUM(E127:E128) -> 0
A131: 4. DESCRIPCIÓN OTROS COMPONENTES | B131: UNIDAD | C131: VR. UNIT. | D131: RENDIMIENTO | E131: VR. UNITARIO
A132: =OTROS!A7 -> RETIRO DE ESCOMBROS | B132: =OTROS!B7 -> M3 | C132: =OTROS!C7 -> 0 | D132: 0.1 | E132: =ROUND(C132*D132,0) -> 0
C133: 0 | E133: =ROUND(C133*D133,0) -> 0
D134: SUB-TOTAL | E134: =SUM(E132:E133) -> 0
A136: Elaboro | B136: Reviso | D136: Aprobo
A141: DESCRIPCIÓN DEL ITEM | C141: N° ITEM | D141: UNIDAD | E141: TOTAL COSTO DIRECTO
A142: =RESUMEN!B27 -> Suministro e instalación de piso vinílico SPC, incluye renivelación sobre piso existente. | C142: =RESUMEN!A27 -> 2.05 | D142: =RESUMEN!C27 -> m2 | E142: =E151+E157+E162+E167 -> 0
A145: 1. DESCRIPCION DE MATERIALES E INSUMOS | B145: UNIDAD | C145: VR. UNIT. | D145: CANT/UND. | E145: VR. INSUMO
...

Sheet APU-CP3
A1: FORMATO DE ANÁLISIS DE PRECIOS UNITARIOS (APU)
A2: GRUPO DE GESTION ADMINISTRATIVA | B2: EQUIPO DE INFRAESTRUCTURA FISICA
A4: OBJETO DEL CONTRATO | D4: N° DEL CONTRATO
A5: CONTRATAR EL MANTENIMIENTO INTEGRAL, ADECUACIONES Y/O MEJORAS LOCATIVAS PARA LAS SEDES A NIVEL NACIONAL CARGO DE LA UNIDAD NACIONAL DE PROTECCIÓN | D5: FECHA DEL CONTRATO
A6: =RESUMEN!B35 -> CAPITULO 3 MAMPOSTERIA REFUERZOS, PAÑETES, MUROS SECOS Y PINTURA | D6: NOMBRE DEL CONTRATISTA
A9: DESCRIPCIÓN DEL ITEM | C9: N° ITEM | D9: UNIDAD | E9: TOTAL COSTO DIRECTO
A10: =RESUMEN!B36 -> Suministro e instalación de concreto de 3000 PSI, incluye encofrados. | C10: =RESUMEN!A36 -> 3.01 | D10: =RESUMEN!C36 -> m3 | E10: =E19+E25+E30+E35 -> 0
A13: 1. DESCRIPCION DE MATERIALES E INSUMOS | B13: UNIDAD | C13: VR. UNIT. | D13: CANT/UND. | E13: VR. INSUMO
A14: ='MAT-INSM'!A13 -> ARENA LAVADA DE RIO | B14: ='MAT-INSM'!B13 -> M3 | C14: ='MAT-INSM'!C13 -> 0 | D14: 0.66 | E14: =ROUND(C14*D14,0) -> 0
A15: ='MAT-INSM'!A74 -> GRAVILLA DE RIO M3 | B15: ='MAT-INSM'!B74 -> M3 | C15: ='MAT-INSM'!C74 -> 0 | D15: 0.8 | E15: =ROUND(C15*D15,0) -> 0
A16: ='MAT-INSM'!A42 -> CEMENTO GRIS (constructor) | B16: ='MAT-INSM'!B42 -> KG | C16: ='MAT-INSM'!C42 -> 0 | D16: 350 | E16: =ROUND(C16*D16,0) -> 0
A17: ='MAT-INSM'!A6 -> AGUA | B17: ='MAT-INSM'!B6 -> LT | C17: ='MAT-INSM'!C6 -> 0 | D17: 140 | E17: =ROUND(C17*D17,0) -> 0
A18: ='MAT-INSM'!A154 -> TABLA BURRA .30x.025x3 ORDINAR | B18: ='MAT-INSM'!B154 -> ML | C18: ='MAT-INSM'!C154 -> 0 | D18: 17 | E18: =ROUND(C18*D18,0) -> 0
D19: SUB-TOTAL | E19: =SUM(E14:E18) -> 0
A21: 2. DESCRIPCIÓN EQUIPOS Y HERRAMIENTAS | B21: UNIDAD | C21: VR. UNIT. | D21: CANT. | E21: VR. UNIT.
A22: ='HRR-EQP'!A7 -> CARRETILLA "BUGUI" | B22: ='HRR-EQP'!B7 -> MES | C22: ='HRR-EQP'!C7 -> 0 | D22: =1/30/8 -> 0.0041666667 | E22: =ROUND(C22*D22,0) -> 0
A23: ='HRR-EQP'!A27 -> MEZCLADORA DE CONCRETO | B23: ='HRR-EQP'!B27 -> DIA | C23: ='HRR-EQP'!C27 -> 0 | D23: =1/8 -> 0.125 | E23: =ROUND(C23*D23,0) -> 0
A24: ='HRR-EQP'!A28 -> PALA No.2 P/CUADRADA CON CABO HERRAGRO | B24: ='HRR-EQP'!B28 -> UN | C24: ='HRR-EQP'!C28 -> 0 | D24: 0.125 | E24: =ROUND(C24*D24,0) -> 0
D25: SUB-TOTAL | E25: =SUM(E22:E24) -> 0
A27: 3. DESCRIPCIÓN MANO DE OBRA CUADRILLAS | B27: UNIDAD | C27: VR. UNIT. | D27: RENDIMIENTO | E27: VR. UNITARIO
A28: ='MAN-OBR'!A18 -> MdeO CONCRETO ENCOFRADOS | B28: ='MAN-OBR'!B18 -> M3 | C28: ='MAN-OBR'!C18 -> 0 | D28: 1 | E28: =ROUND(C28*D28,0) -> 0
C29: 0 | E29: =ROUND(C29*D29,0) -> 0
D30: SUB-TOTAL | E30: =SUM(E28:E29) -> 0
A32: 4. DESCRIPCIÓN OTROS COMPONENTES | B32: UNIDAD | C32: VR. UNIT. | D32: RENDIMIENTO | E32: VR. UNITARIO
A33: =OTROS!A3 -> DISEÑO DE UNA MEZCLA DE HORMIGON | B33: =OTROS!B3 -> UN | C33: =OTROS!C3 -> 0 | D33: 0.1 | E33: =ROUND(C33*D33,0) -> 0
A34: =OTROS!A4 -> ENSAYO DE CILINDRO DE 24 HORAS DE EDAD | B34: =OTROS!B4 -> UN | C34: =OTROS!C4 -> 0 | D34: 0.1 | E34: =ROUND(C34*D34,0) -> 0
D35: SUB-TOTAL | E35: =SUM(E33:E34) -> 0
A37: Elaboro | B37: Reviso | D37: Aprobo
A42: DESCRIPCIÓN DEL ITEM | C42: N° ITEM | D42: UNIDAD | E42: TOTAL COSTO DIRECTO
A43: =RESUMEN!B37 -> Suministro figurada y amarre de acero 60000 PSI. | C43: =RESUMEN!A37 -> 3.02 | D43: =RESUMEN!C37 -> kg | E43: =E52+E58+E63+E68 -> 0
A46: 1. DESCRIPCION DE MATERIALES E INSUMOS | B46: UNIDAD | C46: VR. UNIT. | D46: CANT/UND. | E46: VR. INSUMO
A47: ='MAT-INSM'!A80 -> HIERRO PR-60 Corru/Fig ½" | B47: ='MAT-INSM'!B80 -> KG | C47: ='MAT-INSM'!C80 -> 0 | D47: 1.05 | E47: =ROUND(C47*D47,0) -> 0
A48: ='MAT-INSM'!A9 -> ALAMBRE NEGRO Cal. 18 | B48: ='MAT-INSM'!B9 -> KG | C48: ='MAT-INSM'!C9 -> 0 | D48: 0.025 | E48: =ROUND(C48*D48,0) -> 0
C49: 0 | E49: =ROUND(C49*D49,0) -> 0
C50: 0 | E50: =ROUND(C50*D50,0) -> 0
C51: 0 | E51: =ROUND(C51*D51,0) -> 0
D52: SUB-TOTAL | E52: =SUM(E47:E51) -> 0
A54: 2. DESCRIPCIÓN EQUIPOS Y HERRAMIENTAS | B54: UNIDAD | C54: VR. UNIT. | D54: CANT. | E54: VR. UNIT.
A55: ='HRR-EQP'!A33 -> PULIDORA INDUSTRIAL DE 4 ½" MAKITA 10000 RPM | B55: ='HRR-EQP'!B33 -> DIA | C55: ='HRR-EQP'!C33 -> 0 | D55: =1/8/2 -> 0.0625 | E55: =ROUND(C55*D55,0) -> 0
A56: ='HRR-EQP'!A8 -> CIZALLA MANO 36" | B56: ='HRR-EQP'!B8 -> DIA | C56: ='HRR-EQP'!C8 -> 0 | D56: =1/8/12 -> 0.010416667 | E56: =ROUND(C56*D56,0) -> 0
C57: 0 | E57: =ROUND(C57*D57,0) -> 0
D58: SUB-TOTAL | E58: =SUM(E55:E57) -> 0
A60: 3. DESCRIPCIÓN MANO DE OBRA CUADRILLAS | B60: UNIDAD | C60: VR. UNIT. | D60: RENDIMIENTO | E60: VR. UNITARIO
A61: ='MAN-OBR'!A83 -> MdeO REFUERZO HIERRO | B61: ='MAN-OBR'!B83 -> TN | C61: ='MAN-OBR'!C83 -> 0 | D61: 0.01 | E61: =ROUND(C61*D61,0) -> 0
C62: 0 | E62: =ROUND(C62*D62,0) -> 0
D63: SUB-TOTAL | E63: =SUM(E61:E62) -> 0
A65: 4. DESCRIPCIÓN OTROS COMPONENTES | B65: UNIDAD | C65: VR. UNIT. | D65: RENDIMIENTO | E65: VR. UNITARIO
A66: =OTROS!A7 -> RETIRO DE ESCOMBROS | B66: =OTROS!B7 -> M3 | C66: =OTROS!C7 -> 0 | D66: 0.05 | E66: =ROUND(C66*D66,0) -> 0
C67: 0 | E67: =ROUND(C67*D67,0) -> 0
D68: SUB-TOTAL | E68: =SUM(E66:E67) -> 0
A70: Elaboro | B70: Reviso | D70: Aprobo
A75: DESCRIPCIÓN DEL ITEM | C75: N° ITEM | D75: UNIDAD | E75: TOTAL COSTO DIRECTO
A76: =RESUMEN!B38 -> Muro en bloque #5 e=12 cm. con mortero de pega 1:3. | C76: =RESUMEN!A38 -> 3.03 | D76: =RESUMEN!C38 -> m2 | E76: =E85+E91+E96+E101 -> 0
A79: 1. DESCRIPCION DE MATERIALES E INSUMOS | B79: UNIDAD | C79: VR. UNIT. | D79: CANT/UND. | E79: VR. INSUMO
A80: ='MAT-INSM'!A25 -> BLOQUE #5 STA/FE 33x23x11.5 Obra | B80: ='MAT-INSM'!B25 -> UN | C80: ='MAT-INSM'!C25 -> 0 | D80: =1/0.33/0.23 -> 13.175231 | E80: =ROUND(C80*D80,0) -> 0
A81: ='MAT-INSM'!A101 -> MORTERO 1 : 4 ARENA PEÑA | B81: ='MAT-INSM'!B101 -> M3 | C81: ='MAT-INSM'!C101 -> 0 | D81: 0.025 | E81: =ROUND(C81*D81,0) -> 0
C82: 0 | E82: =ROUND(C82*D82,0) -> 0
C83: 0 | E83: =ROUND(C83*D83,0) -> 0
C84: 0 | E84: =ROUND(C84*D84,0) -> 0
D85: SUB-TOTAL | E85: =SUM(E80:E84) -> 0
A87: 2. DESCRIPCIÓN EQUIPOS Y HERRAMIENTAS | B87: UNIDAD | C87: VR. UNIT. | D87: CANT. | E87: VR. UNIT.
A88: ='HRR-EQP'!A3 -> ANDAMIO TUBULAR (SECC.) | B88: ='HRR-EQP'!B3 -> DIA | C88: ='HRR-EQP'!C3 -> 0 | D88: =1/8 -> 0.125 | E88: =ROUND(C88*D88,0) -> 0
A89: ='HRR-EQP'!A29 -> PALUSTRE MANGO PLASTICO DE 5" | B89: ='HRR-EQP'!B29 -> UN | C89: ='HRR-EQP'!C29 -> 0 | D89: =1/30/8 -> 0.0041666667 | E89: =ROUND(C89*D89,0) -> 0
A90: ='HRR-EQP'!A31 -> PLANCHONES 300 MTS. | B90: ='HRR-EQP'!B31 -> DIA | C90: ='HRR-EQP'!C31 -> 0 | D90: =1/30/8 -> 0.0041666667 | E90: =ROUND(C90*D90,0) -> 0
D91: SUB-TOTAL | E91: =SUM(E88:E90) -> 0
A93: 3. DESCRIPCIÓN MANO DE OBRA CUADRILLAS | B93: UNIDAD | C93: VR. UNIT. | D93: RENDIMIENTO | E93: VR. UNITARIO
A94: ='MAN-OBR'!A73 -> MdeO MURO LADRIBLOC | B94: ='MAN-OBR'!B73 -> M2 | C94: ='MAN-OBR'!C73 -> 0 | D94: 1 | E94: =ROUND(C94*D94,0) -> 0
C95: 0 | E95: =ROUND(C95*D95,0) -> 0
D96: SUB-TOTAL | E96: =SUM(E94:E95) -> 0
A98: 4. DESCRIPCIÓN OTROS COMPONENTES | B98: UNIDAD | C98: VR. UNIT. | D98: RENDIMIENTO | E98: VR. UNITARIO
A99: =OTROS!A7 -> RETIRO DE ESCOMBROS | B99: =OTROS!B7 -> M3 | C99: =OTROS!C7 -> 0 | D99: 0.125 | E99: =ROUND(C99*D99,0) -> 0
C100: 0 | E100: =ROUND(C100*D100,0) -> 0
D101: SUB-TOTAL | E101: =SUM(E99:E100) -> 0
A103: Elaboro | B103: Reviso | D103: Aprobo
A108: DESCRIPCIÓN DEL ITEM | C108: N° ITEM | D108: UNIDAD | E108: TOTAL COSTO DIRECTO
A109: =RESUMEN!B39 -> Muro ladrillo estructural e=0.12 cm, debe incluir acero de refuerzo 60,000 PSI con anclaje mecanico al piso. | C109: =RESUMEN!A39 -> 3.04 | D109: =RESUMEN!C39 -> m2 | E109: =E118+E124+E129+E134 -> 0
A112: 1. DESCRIPCION DE MATERIALES E INSUMOS | B112: UNIDAD | C112: VR. UNIT. | D112: CANT/UND. | E112: VR. INSUMO
A113: ='MAT-INSM'!A87 -> LADRILLO ESTRUCT.LIVIANO NAT. MOORE 26x12.5x6 Fab. | B113: ='MAT-INSM'!B87 -> UN | C113: ='MAT-INSM'!C87 -> 0 | D113: 50 | E113: =ROUND(C113*D113,0) -> 0
A114: ='MAT-INSM'!A101 -> MORTERO 1 : 4 ARENA PEÑA | B114: ='MAT-INSM'!B101 -> M3 | C114: ='MAT-INSM'!C101 -> 0 | D114: 0.025 | E114: =ROUND(C114*D114,0) -> 0
A115: ='MAT-INSM'!A80 -> HIERRO PR-60 Corru/Fig ½" | B115: ='MAT-INSM'!B80 -> KG | C115: ='MAT-INSM'!C80 -> 0 | D115: 8 | E115: =ROUND(C115*D115,0) -> 0
A116: ='MAT-INSM'!A62 -> CONCRETO 3000 PSI (210N) OUTINOURD | B116: ='MAT-INSM'!B62 -> M3 | C116: ='MAT-INSM'!C62 -> 0 | D116: 0.0125 | E116: =ROUND(C116*D116,0) -> 0
C117: 0 | E117: =ROUND(C117*D117,0) -> 0
D118: SUB-TOTAL | E118: =SUM(E113:E117) -> 0
A120: 2. DESCRIPCIÓN EQUIPOS Y HERRAMIENTAS | B120: UNIDAD | C120: VR. UNIT. | D120: CANT. | E120: VR. UNIT.
A121: ='HRR-EQP'!A3 -> ANDAMIO TUBULAR (SECC.) | B121: ='HRR-EQP'!B3 -> DIA | C121: ='HRR-EQP'!C3 -> 0 | D121: =1/30/8 -> 0.0041666667 | E121: =ROUND(C121*D121,0) -> 0
A122: ='HRR-EQP'!A29 -> PALUSTRE MANGO PLASTICO DE 5" | B122: ='HRR-EQP'!B29 -> UN | C122: ='HRR-EQP'!C29 -> 0 | D122: =1/30/8 -> 0.0041666667 | E122: =ROUND(C122*D122,0) -> 0
A123: ='HRR-EQP'!A31 -> PLANCHONES 300 MTS. | B123: ='HRR-EQP'!B31 -> DIA | C123: ='HRR-EQP'!C31 -> 0 | D123: =1/30/8 -> 0.0041666667 | E123: =ROUND(C123*D123,0) -> 0
D124: SUB-TOTAL | E124: =SUM(E121:E123) -> 0
A126: 3. DESCRIPCIÓN MANO DE OBRA CUADRILLAS | B126: UNIDAD | C126: VR. UNIT. | D126: RENDIMIENTO | E126: VR. UNITARIO
A127: ='MAN-OBR'!A75 -> MdeO MURO TBCON PORTANTE | B127: ='MAN-OBR'!B75 -> M2 | C127: ='MAN-OBR'!C75 -> 0 | D127: 1 | E127: =ROUND(C127*D127,0) -> 0
A128: ='MAN-OBR'!A84 -> MdeO REFUERZO MALLA MUROS | B128: ='MAN-OBR'!B84 -> M2 | C128: ='MAN-OBR'!C84 -> 0 | D128: 1 | E128: =ROUND(C128*D128,0) -> 0
D129: SUB-TOTAL | E129: =SUM(E127:E128) -> 0
A131: 4. DESCRIPCIÓN OTROS COMPONENTES | B131: UNIDAD | C131: VR. UNIT. | D131: RENDIMIENTO | E131: VR. UNITARIO
A132: =OTROS!A7 -> RETIRO DE ESCOMBROS | B132: =OTROS!B7 -> M3 | C132: =OTROS!C7 -> 0 | D132: 0.125 | E132: =ROUND(C132*D132,0) -> 0
C133: 0 | E133: =ROUND(C133*D133,0) -> 0
D134: SUB-TOTAL | E134: =SUM(E132:E133) -> 0
A136: Elaboro | B136: Reviso | D136: Aprobo
A141: DESCRIPCIÓN DEL ITEM | C141: N° ITEM | D141: UNIDAD | E141: TOTAL COSTO DIRECTO
A142: =RESUMEN!B40 -> Pañete 1:4 liso debe incluir filos y dilataciones. | C142: =RESUMEN!A40 -> 3.05 | D142: =RESUMEN!C40 -> m2 | E142: =E151+E157+E162+E167 -> 0
A145: 1. DESCRIPCION DE MATERIALES E INSUMOS | B145: UNIDAD | C145: VR. UNIT. | D145: CANT/UND. | E145: VR. INSUMO
...

Sheet APU-CP4
A1: FORMATO DE ANÁLISIS DE PRECIOS UNITARIOS (APU)
A2: GRUPO DE GESTION ADMINISTRATIVA | B2: EQUIPO DE INFRAESTRUCTURA FISICA
A4: OBJETO DEL CONTRATO | D4: N° DEL CONTRATO
A5: CONTRATAR EL MANTENIMIENTO INTEGRAL, ADECUACIONES Y/O MEJORAS LOCATIVAS PARA LAS SEDES A NIVEL NACIONAL CARGO DE LA UNIDAD NACIONAL DE PROTECCIÓN | D5: FECHA DEL CONTRATO
A6: =RESUMEN!B52 -> CAPITULO 4 CUBIERTAS Y CIELORASOS | D6: NOMBRE DEL CONTRATISTA
A9: DESCRIPCIÓN DEL ITEM | C9: N° ITEM | D9: UNIDAD | E9: TOTAL COSTO DIRECTO
A10: =RESUMEN!B53 -> Desmonte o reinstalación de teja de fibrocemento, traslucida, acero pintado o similar, por cambio, reparación o refuerzo de estructura. | C10: =RESUMEN!A53 -> 4.01 | D10: =RESUMEN!C53 -> m2 | E10: =E19+E25+E30+E35 -> 0
A13: 1. DESCRIPCION DE MATERIALES E INSUMOS | B13: UNIDAD | C13: VR. UNIT. | D13: CANT/UND. | E13: VR. INSUMO
A14: ='MAT-INSM'!A96 -> LONA PLASTICA VERDE | B14: ='MAT-INSM'!B96 -> M2 | C14: ='MAT-INSM'!C96 -> 0 | D14: 1 | E14: =ROUND(C14*D14,0) -> 0
C15: 0 | E15: =ROUND(C15*D15,0) -> 0
C16: 0 | E16: =ROUND(C16*D16,0) -> 0
C17: 0 | E17: =ROUND(C17*D17,0) -> 0
C18: 0 | E18: =ROUND(C18*D18,0) -> 0
D19: SUB-TOTAL | E19: =SUM(E14:E18) -> 0
A21: 2. DESCRIPCIÓN EQUIPOS Y HERRAMIENTAS | B21: UNIDAD | C21: VR. UNIT. | D21: CANT. | E21: VR. UNIT.
A22: ='HRR-EQP'!A3 -> ANDAMIO TUBULAR (SECC.) | B22: ='HRR-EQP'!B3 -> DIA | C22: ='HRR-EQP'!C3 -> 0 | D22: =1/8 -> 0.125 | E22: =ROUND(C22*D22,0) -> 0
A23: ='HRR-EQP'!A29 -> PALUSTRE MANGO PLASTICO DE 5" | B23: ='HRR-EQP'!B29 -> UN | C23: ='HRR-EQP'!C29 -> 0 | D23: =1/8/6 -> 0.020833333 | E23: =ROUND(C23*D23,0) -> 0
C24: 0 | E24: =ROUND(C24*D24,0) -> 0
D25: SUB-TOTAL | E25: =SUM(E22:E24) -> 0
A27: 3. DESCRIPCIÓN MANO DE OBRA CUADRILLAS | B27: UNIDAD | C27: VR. UNIT. | D27: RENDIMIENTO | E27: VR. UNITARIO
A28: ='MAN-OBR'!A22 -> MdeO Demol CUBIERTA A.C. | B28: ='MAN-OBR'!B22 -> M2 | C28: ='MAN-OBR'!C22 -> 0 | D28: 1 | E28: =ROUND(C28*D28,0) -> 0
C29: 0 | E29: =ROUND(C29*D29,0) -> 0
D30: SUB-TOTAL | E30: =SUM(E28:E29) -> 0
A32: 4. DESCRIPCIÓN OTROS COMPONENTES | B32: UNIDAD | C32: VR. UNIT. | D32: RENDIMIENTO | E32: VR. UNITARIO
A33: =OTROS!A7 -> RETIRO DE ESCOMBROS | B33: =OTROS!B7 -> M3 | C33: =OTROS!C7 -> 0 | D33: 0.25 | E33: =ROUND(C33*D33,0) -> 0
C34: 0 | E34: =ROUND(C34*D34,0) -> 0
D35: SUB-TOTAL | E35: =SUM(E33:E34) -> 0
A37: Elaboro | B37: Reviso | D37: Aprobo
A42: DESCRIPCIÓN DEL ITEM | C42: N° ITEM | D42: UNIDAD | E42: TOTAL COSTO DIRECTO
A43: =RESUMEN!B54 -> Desmonte, suministro y reemplazo de teja de fibrocemento o similar. | C43: =RESUMEN!A54 -> 4.02 | D43: =RESUMEN!C54 -> m2 | E43: =E52+E58+E63+E68 -> 0
A46: 1. DESCRIPCION DE MATERIALES E INSUMOS | B46: UNIDAD | C46: VR. UNIT. | D46: CANT/UND. | E46: VR. INSUMO
A47: ='MAT-INSM'!A165 -> TEJA PLACA Ond. No. 4 ETERNIT | B47: ='MAT-INSM'!B165 -> UN | C47: ='MAT-INSM'!C165 -> 0 | D47: =1/0.79/1.22 -> 1.0375597 | E47: =ROUND(C47*D47,0) -> 0
A48: ='MAT-INSM'!A73 -> GANCHO PLACA Ond.150mm ETERNIT | B48: ='MAT-INSM'!B73 -> UN | C48: ='MAT-INSM'!C73 -> 0 | D48: 2 | E48: =ROUND(C48*D48,0) -> 0
A49: ='MAT-INSM'!A138 -> PUNTILLA 2" CON CABEZA | B49: ='MAT-INSM'!B138 -> LB | C49: ='MAT-INSM'!C138 -> 0 | D49: 0.025 | E49: =ROUND(C49*D49,0) -> 0
C50: 0 | E50: =ROUND(C50*D50,0) -> 0
C51: 0 | E51: =ROUND(C51*D51,0) -> 0
D52: SUB-TOTAL | E52: =SUM(E47:E51) -> 0
A54: 2. DESCRIPCIÓN EQUIPOS Y HERRAMIENTAS | B54: UNIDAD | C54: VR. UNIT. | D54: CANT. | E54: VR. UNIT.
A55: =A22 -> ANDAMIO TUBULAR (SECC.) | B55: =B22 -> DIA | C55: =C22 -> 0 | D55: =1/8 -> 0.125 | E55: =ROUND(C55*D55,0) -> 0
A56: =A23 -> PALUSTRE MANGO PLASTICO DE 5" | B56: =B23 -> UN | C56: =C23 -> 0 | D56: =1/8/6 -> 0.020833333 | E56: =ROUND(C56*D56,0) -> 0
C57: 0 | E57: =ROUND(C57*D57,0) -> 0
D58: SUB-TOTAL | E58: =SUM(E55:E57) -> 0
A60: 3. DESCRIPCIÓN MANO DE OBRA CUADRILLAS | B60: UNIDAD | C60: VR. UNIT. | D60: RENDIMIENTO | E60: VR. UNITARIO
A61: =A28 -> MdeO Demol CUBIERTA A.C. | B61: =B28 -> M2 | C61: =C28 -> 0 | D61: 1 | E61: =ROUND(C61*D61,0) -> 0
A62: ='MAN-OBR'!A94 -> MdeO TEJA ASBESTO CEMENTO | B62: ='MAN-OBR'!B94 -> M2 | C62: ='MAN-OBR'!C94 -> 0 | D62: 1 | E62: =ROUND(C62*D62,0) -> 0
D63: SUB-TOTAL | E63: =SUM(E61:E62) -> 0
A65: 4. DESCRIPCIÓN OTROS COMPONENTES | B65: UNIDAD | C65: VR. UNIT. | D65: RENDIMIENTO | E65: VR. UNITARIO
A66: =A33 -> RETIRO DE ESCOMBROS | B66: =B33 -> M3 | C66: =C33 -> 0 | D66: 0.25 | E66: =ROUND(C66*D66,0) -> 0
C67: 0 | E67: =ROUND(C67*D67,0) -> 0
D68: SUB-TOTAL | E68: =SUM(E66:E67) -> 0
A70: Elaboro | B70: Reviso | D70: Aprobo
A75: DESCRIPCIÓN DEL ITEM | C75: N° ITEM | D75: UNIDAD | E75: TOTAL COSTO DIRECTO
A76: =RESUMEN!B55 -> Desmonte, suministro y reemplazo de teja traslucida o tipo arquitectonica. | C76: =RESUMEN!A55 -> 4.03 | D76: =RESUMEN!C55 -> m2 | E76: =E85+E91+E96+E101 -> 0
A79: 1. DESCRIPCION DE MATERIALES E INSUMOS | B79: UNIDAD | C79: VR. UNIT. | D79: CANT/UND. | E79: VR. INSUMO
A80: ='MAT-INSM'!A164 -> TEJA CRISTAL No. 4 POLICARBONATO AJOVER | B80: ='MAT-INSM'!B164 -> UN | C80: ='MAT-INSM'!C164 -> 0 | D80: =1/0.79/1.22 -> 1.0375597 | E80: =ROUND(C80*D80,0) -> 0
A81: =A48 -> GANCHO PLACA Ond.150mm ETERNIT | B81: =B48 -> UN | C81: =C48 -> 0 | D81: 2 | E81: =ROUND(C81*D81,0) -> 0
A82: =A49 -> PUNTILLA 2" CON CABEZA | B82: =B49 -> LB | C82: =C49 -> 0 | D82: 0.025 | E82: =ROUND(C82*D82,0) -> 0
C83: 0 | E83: =ROUND(C83*D83,0) -> 0
C84: 0 | E84: =ROUND(C84*D84,0) -> 0
D85: SUB-TOTAL | E85: =SUM(E80:E84) -> 0
A87: 2. DESCRIPCIÓN EQUIPOS Y HERRAMIENTAS | B87: UNIDAD | C87: VR. UNIT. | D87: CANT. | E87: VR. UNIT.
A88: =A55 -> ANDAMIO TUBULAR (SECC.) | B88: =B55 -> DIA | C88: =C55 -> 0 | D88: =1/8 -> 0.125 | E88: =ROUND(C88*D88,0) -> 0
A89: =A56 -> PALUSTRE MANGO PLASTICO DE 5" | B89: =B56 -> UN | C89: =C56 -> 0 | D89: =1/8/6 -> 0.020833333 | E89: =ROUND(C89*D89,0) -> 0
C90: 0 | E90: =ROUND(C90*D90,0) -> 0
D91: SUB-TOTAL | E91: =SUM(E88:E90) -> 0
A93: 3. DESCRIPCIÓN MANO DE OBRA CUADRILLAS | B93: UNIDAD | C93: VR. UNIT. | D93: RENDIMIENTO | E93: VR. UNITARIO
A94: =A61 -> MdeO Demol CUBIERTA A.C. | B94: =B61 -> M2 | C94: =C61 -> 0 | D94: 1 | E94: =ROUND(C94*D94,0) -> 0
A95: =A62 -> MdeO TEJA ASBESTO CEMENTO | B95: =B62 -> M2 | C95: =C62 -> 0 | D95: 1 | E95: =ROUND(C95*D95,0) -> 0
D96: SUB-TOTAL | E96: =SUM(E94:E95) -> 0
A98: 4. DESCRIPCIÓN OTROS COMPONENTES | B98: UNIDAD | C98: VR. UNIT. | D98: RENDIMIENTO | E98: VR. UNITARIO
A99: =A66 -> RETIRO DE ESCOMBROS | B99: =B66 -> M3 | C99: =C66 -> 0 | D99: 0.25 | E99: =ROUND(C99*D99,0) -> 0
C100: 0 | E100: =ROUND(C100*D100,0) -> 0
D101: SUB-TOTAL | E101: =SUM(E99:E100) -> 0
A103: Elaboro | B103: Reviso | D103: Aprobo
A108: DESCRIPCIÓN DEL ITEM | C108: N° ITEM | D108: UNIDAD | E108: TOTAL COSTO DIRECTO
A109: =RESUMEN!B56 -> Desmonte de estructura existente para teja de fibrocemento y remplazo por estructura metalica. | C109: =RESUMEN!A56 -> 4.04 | D109: =RESUMEN!C56 -> ml | E109: =E118+E124+E129+E134 -> 0
A112: 1. DESCRIPCION DE MATERIALES E INSUMOS | B112: UNIDAD | C112: VR. UNIT. | D112: CANT/UND. | E112: VR. INSUMO
A113: =A14 -> LONA PLASTICA VERDE | B113: =B14 -> M2 | C113: =C14 -> 0 | D113: 1 | E113: =ROUND(C113*D113,0) -> 0
A114: ='MAT-INSM'!A115 -> PERFIL ESTRUCTURAL C 120 X60 1.2 MM. | B114: ='MAT-INSM'!B115 -> ML | C114: ='MAT-INSM'!C115 -> 0 | D114: 1.05 | E114: =ROUND(C114*D114,0) -> 0
A115: ='MAT-INSM'!A149 -> SOLDADURA DE 1/8 Ref. 6010 | B115: ='MAT-INSM'!B149 -> KG | C115: ='MAT-INSM'!C149 -> 0 | D115: 0.125 | E115: =ROUND(C115*D115,0) -> 0
A116: ='MAT-INSM'!A198 -> WASH PRIMER A+B 0509 PINTUCO | B116: ='MAT-INSM'!B198 -> LT | C116: ='MAT-INSM'!C198 -> 0 | D116: 0.25 | E116: =ROUND(C116*D116,0) -> 0
C117: 0 | E117: =ROUND(C117*D117,0) -> 0
D118: SUB-TOTAL | E118: =SUM(E113:E117) -> 0
A120: 2. DESCRIPCIÓN EQUIPOS Y HERRAMIENTAS | B120: UNIDAD | C120: VR. UNIT. | D120: CANT. | E120: VR. UNIT.
A121: ='HRR-EQP'!A37 -> SIERRA CIRCULAR 71/4 10 AMP 5300RPM 2 1/3HP | B121: ='HRR-EQP'!B37 -> DIA | C121: ='HRR-EQP'!C37 -> 0 | D121: =1/8/4 -> 0.03125 | E121: =ROUND(C121*D121,0) -> 0
A122: ='HRR-EQP'!A14 -> EQUIPO SOLDADURA ELECTRICA | B122: ='HRR-EQP'!B14 -> DIA | C122: ='HRR-EQP'!C14 -> 0 | D122: =1/8/2 -> 0.0625 | E122: =ROUND(C122*D122,0) -> 0
A123: ='HRR-EQP'!A9 -> COMPRESOR 1.5 HP CON TANQUE 2 GAL | B123: ='HRR-EQP'!B9 -> DIA | C123: ='HRR-EQP'!C9 -> 0 | D123: =1/8/2 -> 0.0625 | E123: =ROUND(C123*D123,0) -> 0
D124: SUB-TOTAL | E124: =SUM(E121:E123) -> 0
A126: 3. DESCRIPCIÓN MANO DE OBRA CUADRILLAS | B126: UNIDAD | C126: VR. UNIT. | D126: RENDIMIENTO | E126: VR. UNITARIO
A127: ='MAN-OBR'!A41 -> MdeO ESTRUCTURA METALICA L. DELGADA | B127: ='MAN-OBR'!B41 -> M2 | C127: ='MAN-OBR'!C41 -> 0 | D127: 0.25 | E127: =ROUND(C127*D127,0) -> 0
A128: ='MAN-OBR'!A96 -> MdeO WASH PRIMER | B128: ='MAN-OBR'!B96 -> M2 | C128: ='MAN-OBR'!C96 -> 0 | D128: 0.25 | E128: =ROUND(C128*D128,0) -> 0
D129: SUB-TOTAL | E129: =SUM(E127:E128) -> 0
A131: 4. DESCRIPCIÓN OTROS COMPONENTES | B131: UNIDAD | C131: VR. UNIT. | D131: RENDIMIENTO | E131: VR. UNITARIO
A132: =OTROS!A7 -> RETIRO DE ESCOMBROS | B132: =OTROS!B7 -> M3 | C132: =OTROS!C7 -> 0 | D132: 0.25 | E132: =ROUND(C132*D132,0) -> 0
C133: 0 | E133: =ROUND(C133*D133,0) -> 0
D134: SUB-TOTAL | E134: =SUM(E132:E133) -> 0
A136: Elaboro | B136: Reviso | D136: Aprobo
A141: DESCRIPCIÓN DEL ITEM | C141: N° ITEM | D141: UNIDAD | E141: TOTAL COSTO DIRECTO
A142: =RESUMEN!B57 -> Mantenimiento de estructuras de cubiertas en madera, incluye inmunización. | C142: =RESUMEN!A57 -> 4.05 | D142: =RESUMEN!C57 -> ml | E142: =E151+E157+E162+E167 -> 0
A145: 1. DESCRIPCION DE MATERIALES E INSUMOS | B145: UNIDAD | C145: VR. UNIT. | D145: CANT/UND. | E145: VR. INSUMO
...

Sheet APU-CP5
A1: FORMATO DE ANÁLISIS DE PRECIOS UNITARIOS (APU)
A2: GRUPO DE GESTION ADMINISTRATIVA | B2: EQUIPO DE INFRAESTRUCTURA FISICA
A4: OBJETO DEL CONTRATO | D4: N° DEL CONTRATO
A5: CONTRATAR EL MANTENIMIENTO INTEGRAL, ADECUACIONES Y/O MEJORAS LOCATIVAS PARA LAS SEDES A NIVEL NACIONAL CARGO DE LA UNIDAD NACIONAL DE PROTECCIÓN | D5: FECHA DEL CONTRATO
A6: =RESUMEN!B72 -> CAPITULO 5 CARPINTERIA MADERA, ACERO, ALUMINIO Y VIDRIO | D6: NOMBRE DEL CONTRATISTA
A9: DESCRIPCIÓN DEL ITEM | C9: N° ITEM | D9: UNIDAD | E9: TOTAL COSTO DIRECTO
A10: =RESUMEN!B73 -> Mantenimiento de puertas de madera, incluye desmonte y reinstalación ajuste y cambio de bisagras y cantonera. | C10: =RESUMEN!A73 -> 5.01 | D10: =RESUMEN!C73 -> un | E10: =E19+E25+E30+E35 -> 0
A13: 1. DESCRIPCION DE MATERIALES E INSUMOS | B13: UNIDAD | C13: VR. UNIT. | D13: CANT/UND. | E13: VR. INSUMO
A14: ='MAT-INSM'!A24 -> BISAGRA NUDO 2 1/2 1" EN COBRE | B14: ='MAT-INSM'!B24 -> UN | C14: ='MAT-INSM'!C24 -> 0 | D14: 3 | E14: =ROUND(C14*D14,0) -> 0
C15: 0 | E15: =ROUND(C15*D15,0) -> 0
C16: 0 | E16: =ROUND(C16*D16,0) -> 0
C17: 0 | E17: =ROUND(C17*D17,0) -> 0
C18: 0 | E18: =ROUND(C18*D18,0) -> 0
D19: SUB-TOTAL | E19: =SUM(E14:E18) -> 0
A21: 2. DESCRIPCIÓN EQUIPOS Y HERRAMIENTAS | B21: UNIDAD | C21: VR. UNIT. | D21: CANT. | E21: VR. UNIT.
A22: ='HRR-EQP'!A11 -> DESTORNILLADOR DE PALA 1/4" X 6" | B22: ='HRR-EQP'!B11 -> UN | C22: ='HRR-EQP'!C11 -> 0 | D22: 0.125 | E22: =ROUND(C22*D22,0) -> 0
C23: 0 | E23: =ROUND(C23*D23,0) -> 0
C24: 0 | E24: =ROUND(C24*D24,0) -> 0
D25: SUB-TOTAL | E25: =SUM(E22:E24) -> 0
A27: 3. DESCRIPCIÓN MANO DE OBRA CUADRILLAS | B27: UNIDAD | C27: VR. UNIT. | D27: RENDIMIENTO | E27: VR. UNITARIO
A28: ='MAN-OBR'!A61 -> MdeO INSTALACION PUERTAS | B28: ='MAN-OBR'!B61 -> UN | C28: ='MAN-OBR'!C61 -> 0 | D28: 1 | E28: =ROUND(C28*D28,0) -> 0
C29: 0 | E29: =ROUND(C29*D29,0) -> 0
D30: SUB-TOTAL | E30: =SUM(E28:E29) -> 0
A32: 4. DESCRIPCIÓN OTROS COMPONENTES | B32: UNIDAD | C32: VR. UNIT. | D32: RENDIMIENTO | E32: VR. UNITARIO
C33: 0 | E33: =ROUND(C33*D33,0) -> 0
C34: 0 | E34: =ROUND(C34*D34,0) -> 0
D35: SUB-TOTAL | E35: =SUM(E33:E34) -> 0
A37: Elaboro | B37: Reviso | D37: Aprobo
A42: DESCRIPCIÓN DEL ITEM | C42: N° ITEM | D42: UNIDAD | E42: TOTAL COSTO DIRECTO
A43: =RESUMEN!B74 -> Mantenimiento de puertas de vidrio, incluye desmonte y reinstalación ajuste cambio de y pivotes de empotrar en piso y techo. | C43: =RESUMEN!A74 -> 5.02 | D43: =RESUMEN!C74 -> juego | E43: =E52+E58+E63+E68 -> 0
A46: 1. DESCRIPCION DE MATERIALES E INSUMOS | B46: UNIDAD | C46: VR. UNIT. | D46: CANT/UND. | E46: VR. INSUMO
A47: ='MAT-INSM'!A40 -> CARTON CORRUGADO, ROLLO 1,2 M*10ML=48M2 | B47: ='MAT-INSM'!B40 -> M2 | C47: ='MAT-INSM'!C40 -> 0 | D47: 1 | E47: =ROUND(C47*D47,0) -> 0
A48: ='MAT-INSM'!A22 -> BISAGRA CAPSULA ½" PAR | B48: ='MAT-INSM'!B22 -> UN | C48: ='MAT-INSM'!C22 -> 0 | D48: 2 | E48: =ROUND(C48*D48,0) -> 0
C49: 0 | E49: =ROUND(C49*D49,0) -> 0
C50: 0 | E50: =ROUND(C50*D50,0) -> 0
C51: 0 | E51: =ROUND(C51*D51,0) -> 0
D52: SUB-TOTAL | E52: =SUM(E47:E51) -> 0
A54: 2. DESCRIPCIÓN EQUIPOS Y HERRAMIENTAS | B54: UNIDAD | C54: VR. UNIT. | D54: CANT. | E54: VR. UNIT.
A55: ='HRR-EQP'!A39 -> TALADRO PERCUTOR DE ½" DE WALT | B55: ='HRR-EQP'!B39 -> DIA | C55: ='HRR-EQP'!C39 -> 0 | D55: =1/8/2 -> 0.0625 | E55: =ROUND(C55*D55,0) -> 0
A56: ='HRR-EQP'!A33 -> PULIDORA INDUSTRIAL DE 4 ½" MAKITA 10000 RPM | B56: ='HRR-EQP'!B33 -> DIA | C56: ='HRR-EQP'!C33 -> 0 | D56: =1/8/2 -> 0.0625 | E56: =ROUND(C56*D56,0) -> 0
C57: 0 | E57: =ROUND(C57*D57,0) -> 0
D58: SUB-TOTAL | E58: =SUM(E55:E57) -> 0
A60: 3. DESCRIPCIÓN MANO DE OBRA CUADRILLAS | B60: UNIDAD | C60: VR. UNIT. | D60: RENDIMIENTO | E60: VR. UNITARIO
A61: ='MAN-OBR'!A60 -> MdeO INSTALACION PORTON (Mad) | B61: ='MAN-OBR'!B60 -> UN | C61: ='MAN-OBR'!C60 -> 0 | D61: 1 | E61: =ROUND(C61*D61,0) -> 0
C62: 0 | E62: =ROUND(C62*D62,0) -> 0
D63: SUB-TOTAL | E63: =SUM(E61:E62) -> 0
A65: 4. DESCRIPCIÓN OTROS COMPONENTES | B65: UNIDAD | C65: VR. UNIT. | D65: RENDIMIENTO | E65: VR. UNITARIO
C66: 0 | E66: =ROUND(C66*D66,0) -> 0
C67: 0 | E67: =ROUND(C67*D67,0) -> 0
D68: SUB-TOTAL | E68: =SUM(E66:E67) -> 0
A70: Elaboro | B70: Reviso | D70: Aprobo
A75: DESCRIPCIÓN DEL ITEM | C75: N° ITEM | D75: UNIDAD | E75: TOTAL COSTO DIRECTO
A76: =RESUMEN!B75 -> Suministro e instalación de brazo hidráulico de sobreponer cierra puerta hasta 45 kg. | C76: =RESUMEN!A75 -> 5.03 | D76: =RESUMEN!C75 -> un | E76: =E85+E91+E96+E101 -> 0
A79: 1. DESCRIPCION DE MATERIALES E INSUMOS | B79: UNIDAD | C79: VR. UNIT. | D79: CANT/UND. | E79: VR. INSUMO
A80: ='MAT-INSM'!A50 -> CIERRA PUERTAS HIDRAULICO BRAZO 45 GK | B80: ='MAT-INSM'!B50 -> UN | C80: ='MAT-INSM'!C50 -> 0 | D80: 1 | E80: =ROUND(C80*D80,0) -> 0
A81: ='MAT-INSM'!A170 -> TORNILLO GOLOSO 1" x 8 | B81: ='MAT-INSM'!B170 -> UN | C81: ='MAT-INSM'!C170 -> 0 | D81: 8 | E81: =ROUND(C81*D81,0) -> 0
C82: 0 | E82: =ROUND(C82*D82,0) -> 0
C83: 0 | E83: =ROUND(C83*D83,0) -> 0
C84: 0 | E84: =ROUND(C84*D84,0) -> 0
D85: SUB-TOTAL | E85: =SUM(E80:E84) -> 0
A87: 2. DESCRIPCIÓN EQUIPOS Y HERRAMIENTAS | B87: UNIDAD | C87: VR. UNIT. | D87: CANT. | E87: VR. UNIT.
A88: =A55 -> TALADRO PERCUTOR DE ½" DE WALT | B88: =B55 -> DIA | C88: =C55 -> 0 | D88: =1/8/2 -> 0.0625 | E88: =ROUND(C88*D88,0) -> 0
C89: 0 | E89: =ROUND(C89*D89,0) -> 0
C90: 0 | E90: =ROUND(C90*D90,0) -> 0
D91: SUB-TOTAL | E91: =SUM(E88:E90) -> 0
A93: 3. DESCRIPCIÓN MANO DE OBRA CUADRILLAS | B93: UNIDAD | C93: VR. UNIT. | D93: RENDIMIENTO | E93: VR. UNITARIO
A94: ='MAN-OBR'!A60 -> MdeO INSTALACION PORTON (Mad) | B94: ='MAN-OBR'!B60 -> UN | C94: ='MAN-OBR'!C60 -> 0 | D94: 0.5 | E94: =ROUND(C94*D94,0) -> 0
C95: 0 | E95: =ROUND(C95*D95,0) -> 0
D96: SUB-TOTAL | E96: =SUM(E94:E95) -> 0
A98: 4. DESCRIPCIÓN OTROS COMPONENTES | B98: UNIDAD | C98: VR. UNIT. | D98: RENDIMIENTO | E98: VR. UNITARIO
C99: 0 | E99: =ROUND(C99*D99,0) -> 0
C100: 0 | E100: =ROUND(C100*D100,0) -> 0
D101: SUB-TOTAL | E101: =SUM(E99:E100) -> 0
A103: Elaboro | B103: Reviso | D103: Aprobo
A108: DESCRIPCIÓN DEL ITEM | C108: N° ITEM | D108: UNIDAD | E108: TOTAL COSTO DIRECTO
A109: =RESUMEN!B76 -> Suministro e instalación de piston hidráulico embebido en piso para puertas de vidrio. | C109: =RESUMEN!A76 -> 5.04 | D109: =RESUMEN!C76 -> un | E109: =E118+E124+E129+E134 -> 0
A112: 1. DESCRIPCION DE MATERIALES E INSUMOS | B112: UNIDAD | C112: VR. UNIT. | D112: CANT/UND. | E112: VR. INSUMO
A113: ='MAT-INSM'!A51 -> CIERRA PUERTAS HIDRAULICO PISO YALE | B113: ='MAT-INSM'!B51 -> UN | C113: ='MAT-INSM'!C51 -> 0 | D113: 1 | E113: =ROUND(C113*D113,0) -> 0
C114: 0 | E114: =ROUND(C114*D114,0) -> 0
C115: 0 | E115: =ROUND(C115*D115,0) -> 0
C116: 0 | E116: =ROUND(C116*D116,0) -> 0
C117: 0 | E117: =ROUND(C117*D117,0) -> 0
D118: SUB-TOTAL | E118: =SUM(E113:E117) -> 0
A120: 2. DESCRIPCIÓN EQUIPOS Y HERRAMIENTAS | B120: UNIDAD | C120: VR. UNIT. | D120: CANT. | E120: VR. UNIT.
A121: ='HRR-EQP'!A42 -> TALADRO ROTOPERCUTOR HASTA 3/4" SIN | B121: ='HRR-EQP'!B42 -> DIA | C121: ='HRR-EQP'!C42 -> 0 | D121: =1/8/2 -> 0.0625 | E121: =ROUND(C121*D121,0) -> 0
A122: ='HRR-EQP'!A33 -> PULIDORA INDUSTRIAL DE 4 ½" MAKITA 10000 RPM | B122: ='HRR-EQP'!B33 -> DIA | C122: ='HRR-EQP'!C33 -> 0 | D122: 0.0125 | E122: =ROUND(C122*D122,0) -> 0
C123: 0 | E123: =ROUND(C123*D123,0) -> 0
D124: SUB-TOTAL | E124: =SUM(E121:E123) -> 0
A126: 3. DESCRIPCIÓN MANO DE OBRA CUADRILLAS | B126: UNIDAD | C126: VR. UNIT. | D126: RENDIMIENTO | E126: VR. UNITARIO
A127: ='MAN-OBR'!A60 -> MdeO INSTALACION PORTON (Mad) | B127: ='MAN-OBR'!B60 -> UN | C127: ='MAN-OBR'!C60 -> 0 | D127: 1 | E127: =ROUND(C127*D127,0) -> 0
C128: 0 | E128: =ROUND(C128*D128,0) -> 0
D129: SUB-TOTAL | E129: =SUM(E127:E128) -> 0
A131: 4. DESCRIPCIÓN OTROS COMPONENTES | B131: UNIDAD | C131: VR. UNIT. | D131: RENDIMIENTO | E131: VR. UNITARIO
C132: 0 | E132: =ROUND(C132*D132,0) -> 0
C133: 0 | E133: =ROUND(C133*D133,0) -> 0
D134: SUB-TOTAL | E134: =SUM(E132:E133) -> 0
A136: Elaboro | B136: Reviso | D136: Aprobo
A141: DESCRIPCIÓN DEL ITEM | C141: N° ITEM | D141: UNIDAD | E141: TOTAL COSTO DIRECTO
A142: =RESUMEN!B77 -> Suministro e instalación de puerta entamborada y marco de madera. | C142: =RESUMEN!A77 -> 5.05 | D142: =RESUMEN!C77 -> un | E142: =E151+E157+E162+E167 -> 0
A145: 1. DESCRIPCION DE MATERIALES E INSUMOS | B145: UNIDAD | C145: VR. UNIT. | D145: CANT/UND. | E145: VR. INSUMO
...

Sheet APU-CP6
A1: FORMATO DE ANÁLISIS DE PRECIOS UNITARIOS (APU)
A2: GRUPO DE GESTION ADMINISTRATIVA | B2: EQUIPO DE INFRAESTRUCTURA FISICA
A4: OBJETO DEL CONTRATO | D4: N° DEL CONTRATO
A5: CONTRATAR EL MANTENIMIENTO INTEGRAL, ADECUACIONES Y/O MEJORAS LOCATIVAS PARA LAS SEDES A NIVEL NACIONAL CARGO DE LA UNIDAD NACIONAL DE PROTECCIÓN | D5: FECHA DEL CONTRATO
A6: =RESUMEN!B103 -> CAPITULO 6 INSTALACIONES HIDROSANITARIAS | D6: NOMBRE DEL CONTRATISTA
A9: DESCRIPCIÓN DEL ITEM | C9: N° ITEM | D9: UNIDAD | E9: TOTAL COSTO DIRECTO
A10: =RESUMEN!B104 -> Suspensión de puntos hidráulicos y/o sanitarios. | C10: =RESUMEN!A104 -> 6.01 | D10: =RESUMEN!C104 -> un | E10: =E19+E25+E30+E35 -> 0
A13: 1. DESCRIPCION DE MATERIALES E INSUMOS | B13: UNIDAD | C13: VR. UNIT. | D13: CANT/UND. | E13: VR. INSUMO
A14: ='MAT-INSM'!A161 -> TAPON PRESION ROSCADO ½ " | B14: ='MAT-INSM'!B161 -> UN | C14: ='MAT-INSM'!C161 -> 0 | D14: 2 | E14: =ROUND(C14*D14,0) -> 0
A15: ='MAT-INSM'!A54 -> CINTA TEFLON | B15: ='MAT-INSM'!B54 -> RLL | C15: ='MAT-INSM'!C54 -> 0 | D15: 0.125 | E15: =ROUND(C15*D15,0) -> 0
C16: 0 | E16: =ROUND(C16*D16,0) -> 0
C17: 0 | E17: =ROUND(C17*D17,0) -> 0
C18: 0 | E18: =ROUND(C18*D18,0) -> 0
D19: SUB-TOTAL | E19: =SUM(E14:E18) -> 0
A21: 2. DESCRIPCIÓN EQUIPOS Y HERRAMIENTAS | B21: UNIDAD | C21: VR. UNIT. | D21: CANT. | E21: VR. UNIT.
A22: ='HRR-EQP'!A18 -> ESTOPA No.4 (250 Grs) | B22: ='HRR-EQP'!B18 -> UN | C22: ='HRR-EQP'!C18 -> 0 | D22: 0.5 | E22: =ROUND(C22*D22,0) -> 0
A23: ='HRR-EQP'!A26 -> MARTILLO ROMPEDOR | B23: ='HRR-EQP'!B26 -> DIA | C23: ='HRR-EQP'!C26 -> 0 | D23: =1/8/6 -> 0.020833333 | E23: =ROUND(C23*D23,0) -> 0
C24: 0 | E24: =ROUND(C24*D24,0) -> 0
D25: SUB-TOTAL | E25: =SUM(E22:E24) -> 0
A27: 3. DESCRIPCIÓN MANO DE OBRA CUADRILLAS | B27: UNIDAD | C27: VR. UNIT. | D27: RENDIMIENTO | E27: VR. UNITARIO
A28: ='MAN-OBR'!A82 -> MdeO RED DE SUMINISTRO | B28: ='MAN-OBR'!B82 -> ML | C28: ='MAN-OBR'!C82 -> 0 | D28: 1 | E28: =ROUND(C28*D28,0) -> 0
C29: 0 | E29: =ROUND(C29*D29,0) -> 0
D30: SUB-TOTAL | E30: =SUM(E28:E29) -> 0
A32: 4. DESCRIPCIÓN OTROS COMPONENTES | B32: UNIDAD | C32: VR. UNIT. | D32: RENDIMIENTO | E32: VR. UNITARIO
A33: =OTROS!A7 -> RETIRO DE ESCOMBROS | B33: =OTROS!B7 -> M3 | C33: =OTROS!C7 -> 0 | D33: 0.025 | E33: =ROUND(C33*D33,0) -> 0
C34: 0 | E34: =ROUND(C34*D34,0) -> 0
D35: SUB-TOTAL | E35: =SUM(E33:E34) -> 0
A37: Elaboro | B37: Reviso | D37: Aprobo
A42: DESCRIPCIÓN DEL ITEM | C42: N° ITEM | D42: UNIDAD | E42: TOTAL COSTO DIRECTO
A43: =RESUMEN!B105 -> Cambio de sifones para desagues de lavamanos y lavaplatos tipo P, o botella según el caso. | C43: =RESUMEN!A105 -> 6.02 | D43: =RESUMEN!C105 -> un | E43: =E52+E58+E63+E68 -> 0
A46: 1. DESCRIPCION DE MATERIALES E INSUMOS | B46: UNIDAD | C46: VR. UNIT. | D46: CANT/UND. | E46: VR. INSUMO
A47: ='MAT-INSM'!A142 -> SIFON BOTELLA GRIS GRICOL | B47: ='MAT-INSM'!B142 -> UN | C47: ='MAT-INSM'!C142 -> 0 | D47: 1 | E47: =ROUND(C47*D47,0) -> 0
A48: ='MAT-INSM'!A54 -> CINTA TEFLON | B48: ='MAT-INSM'!B54 -> RLL | C48: ='MAT-INSM'!C54 -> 0 | D48: 0.125 | E48: =ROUND(C48*D48,0) -> 0
C49: 0 | E49: =ROUND(C49*D49,0) -> 0
C50: 0 | E50: =ROUND(C50*D50,0) -> 0
C51: 0 | E51: =ROUND(C51*D51,0) -> 0
D52: SUB-TOTAL | E52: =SUM(E47:E51) -> 0
A54: 2. DESCRIPCIÓN EQUIPOS Y HERRAMIENTAS | B54: UNIDAD | C54: VR. UNIT. | D54: CANT. | E54: VR. UNIT.
A55: ='HRR-EQP'!A24 -> LLAVES PARA TUBOS | B55: ='HRR-EQP'!B24 -> UN | C55: ='HRR-EQP'!C24 -> 0 | D55: 1 | E55: =ROUND(C55*D55,0) -> 0
A56: ='HRR-EQP'!A20 -> GUANTE CAUCHO NEGRO C-35 PROTEX | B56: ='HRR-EQP'!B20 -> UN | C56: ='HRR-EQP'!C20 -> 0 | D56: 0.5 | E56: =ROUND(C56*D56,0) -> 0
C57: 0 | E57: =ROUND(C57*D57,0) -> 0
D58: SUB-TOTAL | E58: =SUM(E55:E57) -> 0
A60: 3. DESCRIPCIÓN MANO DE OBRA CUADRILLAS | B60: UNIDAD | C60: VR. UNIT. | D60: RENDIMIENTO | E60: VR. UNITARIO
A61: =A28 -> MdeO RED DE SUMINISTRO | B61: =B28 -> ML | C61: =C28 -> 0 | D61: 1 | E61: =ROUND(C61*D61,0) -> 0
C62: 0 | E62: =ROUND(C62*D62,0) -> 0
D63: SUB-TOTAL | E63: =SUM(E61:E62) -> 0
A65: 4. DESCRIPCIÓN OTROS COMPONENTES | B65: UNIDAD | C65: VR. UNIT. | D65: RENDIMIENTO | E65: VR. UNITARIO
A66: =OTROS!A7 -> RETIRO DE ESCOMBROS | B66: =OTROS!B7 -> M3 | C66: =OTROS!C7 -> 0 | D66: 0.125 | E66: =ROUND(C66*D66,0) -> 0
C67: 0 | E67: =ROUND(C67*D67,0) -> 0
D68: SUB-TOTAL | E68: =SUM(E66:E67) -> 0
A70: Elaboro | B70: Reviso | D70: Aprobo
A75: DESCRIPCIÓN DEL ITEM | C75: N° ITEM | D75: UNIDAD | E75: TOTAL COSTO DIRECTO
A76: =RESUMEN!B106 -> Suministro e instalación de grifería institucional para lavamanos tipo push. | C76: =RESUMEN!A106 -> 6.03 | D76: =RESUMEN!C106 -> un | E76: =E85+E91+E96+E101 -> 0
A79: 1. DESCRIPCION DE MATERIALES E INSUMOS | B79: UNIDAD | C79: VR. UNIT. | D79: CANT/UND. | E79: VR. INSUMO
A80: ='MAT-INSM'!A76 -> GRIFERIA LAVAMANOS FENIX 4" GRIVAL | B80: ='MAT-INSM'!B76 -> UN | C80: ='MAT-INSM'!C76 -> 0 | D80: 1 | E80: =ROUND(C80*D80,0) -> 0
A81: ='MAT-INSM'!A3 -> ACOPLE SANITARIO ó LAVAMANOS. ½" | B81: ='MAT-INSM'!B3 -> UN | C81: ='MAT-INSM'!C3 -> 0 | D81: 1 | E81: =ROUND(C81*D81,0) -> 0
C82: 0 | E82: =ROUND(C82*D82,0) -> 0
C83: 0 | E83: =ROUND(C83*D83,0) -> 0
C84: 0 | E84: =ROUND(C84*D84,0) -> 0
D85: SUB-TOTAL | E85: =SUM(E80:E84) -> 0
A87: 2. DESCRIPCIÓN EQUIPOS Y HERRAMIENTAS | B87: UNIDAD | C87: VR. UNIT. | D87: CANT. | E87: VR. UNIT.
A88: ='HRR-EQP'!A24 -> LLAVES PARA TUBOS | B88: ='HRR-EQP'!B24 -> UN | C88: ='HRR-EQP'!C24 -> 0 | D88: 1 | E88: =ROUND(C88*D88,0) -> 0
A89: ='MAT-INSM'!A54 -> CINTA TEFLON | B89: ='MAT-INSM'!B54 -> RLL | C89: ='MAT-INSM'!C54 -> 0 | D89: 0.05 | E89: =ROUND(C89*D89,0) -> 0
C90: 0 | E90: =ROUND(C90*D90,0) -> 0
D91: SUB-TOTAL | E91: =SUM(E88:E90) -> 0
A93: 3. DESCRIPCIÓN MANO DE OBRA CUADRILLAS | B93: UNIDAD | C93: VR. UNIT. | D93: RENDIMIENTO | E93: VR. UNITARIO
A94: ='MAN-OBR'!A19 -> MdeO CONEX. MANGUERA | B94: ='MAN-OBR'!B19 -> UN | C94: ='MAN-OBR'!C19 -> 0 | D94: 2 | E94: =ROUND(C94*D94,0) -> 0
E95: =ROUND(C95*D95,0) -> 0
D96: SUB-TOTAL | E96: =SUM(E94:E94) -> 0
A98: 4. DESCRIPCIÓN OTROS COMPONENTES | B98: UNIDAD | C98: VR. UNIT. | D98: RENDIMIENTO | E98: VR. UNITARIO
C99: 0 | E99: =ROUND(C99*D99,0) -> 0
C100: 0 | E100: =ROUND(C100*D100,0) -> 0
D101: SUB-TOTAL | E101: =SUM(E99:E100) -> 0
A103: Elaboro | B103: Reviso | D103: Aprobo
A108: DESCRIPCIÓN DEL ITEM | C108: N° ITEM | D108: UNIDAD | E108: TOTAL COSTO DIRECTO
A109: =RESUMEN!B107 -> Caja de inspección 60x60 debe incluir tapa en concreto. | C109: =RESUMEN!A107 -> 6.04 | D109: =RESUMEN!C107 -> un | E109: =E118+E124+E129+E134 -> 0
A112: 1. DESCRIPCION DE MATERIALES E INSUMOS | B112: UNIDAD | C112: VR. UNIT. | D112: CANT/UND. | E112: VR. INSUMO
A113: ='MAT-INSM'!A34 -> CAJA INSPECCION Sin Tapa h=50 FIBRIT | B113: ='MAT-INSM'!B34 -> UN | C113: ='MAT-INSM'!C34 -> 0 | D113: 1 | E113: =ROUND(C113*D113,0) -> 0
A114: ='MAT-INSM'!A159 -> TAPA CAJA INSP. CON MARCO | B114: ='MAT-INSM'!B159 -> UN | C114: ='MAT-INSM'!C159 -> 0 | D114: 0.25 | E114: =ROUND(C114*D114,0) -> 0
A115: ='MAT-INSM'!A102 -> MORTERO 2000 PSI Cte. | B115: ='MAT-INSM'!B102 -> M3 | C115: ='MAT-INSM'!C102 -> 0 | D115: 0.0625 | E115: =ROUND(C115*D115,0) -> 0
C116: 0 | E116: =ROUND(C116*D116,0) -> 0
C117: 0 | E117: =ROUND(C117*D117,0) -> 0
D118: SUB-TOTAL | E118: =SUM(E113:E117) -> 0
A120: 2. DESCRIPCIÓN EQUIPOS Y HERRAMIENTAS | B120: UNIDAD | C120: VR. UNIT. | D120: CANT. | E120: VR. UNIT.
C121: 0 | E121: =ROUND(C121*D121,0) -> 0
C122: 0 | E122: =ROUND(C122*D122,0) -> 0
C123: 0 | E123: =ROUND(C123*D123,0) -> 0
D124: SUB-TOTAL | E124: =SUM(E121:E123) -> 0
A126: 3. DESCRIPCIÓN MANO DE OBRA CUADRILLAS | B126: UNIDAD | C126: VR. UNIT. | D126: RENDIMIENTO | E126: VR. UNITARIO
A127: ='MAN-OBR'!A11 -> MdeO CAJA Insp.FIBRIT Traf.Pes | B127: ='MAN-OBR'!B11 -> UN | C127: ='MAN-OBR'!C11 -> 0 | D127: 1 | E127: =ROUND(C127*D127,0) -> 0
C128: 0 | E128: =ROUND(C128*D128,0) -> 0
D129: SUB-TOTAL | E129: =SUM(E127:E128) -> 0
A131: 4. DESCRIPCIÓN OTROS COMPONENTES | B131: UNIDAD | C131: VR. UNIT. | D131: RENDIMIENTO | E131: VR. UNITARIO
A132: =OTROS!A7 -> RETIRO DE ESCOMBROS | B132: =OTROS!B7 -> M3 | C132: =OTROS!C7 -> 0 | D132: 0.5 | E132: =ROUND(C132*D132,0) -> 0
C133: 0 | E133: =ROUND(C133*D133,0) -> 0
D134: SUB-TOTAL | E134: =SUM(E132:E133) -> 0
A136: Elaboro | B136: Reviso | D136: Aprobo
A141: DESCRIPCIÓN DEL ITEM | C141: N° ITEM | D141: UNIDAD | E141: TOTAL COSTO DIRECTO
A142: =RESUMEN!B108 -> Red suministro tuberia PVC 1/2". | C142: =RESUMEN!A108 -> 6.05 | D142: =RESUMEN!C108 -> ml | E142: =E151+E157+E162+E167 -> 0
A145: 1. DESCRIPCION DE MATERIALES E INSUMOS | B145: UNIDAD | C145: VR. UNIT. | D145: CANT/UND. | E145: VR. INSUMO
...

Sheet APU-CP7
A1: FORMATO DE ANÁLISIS DE PRECIOS UNITARIOS (APU)
A2: GRUPO DE GESTION ADMINISTRATIVA | B2: EQUIPO DE INFRAESTRUCTURA FISICA
A4: OBJETO DEL CONTRATO | D4: N° DEL CONTRATO
A5: CONTRATAR EL MANTENIMIENTO INTEGRAL, ADECUACIONES Y/O MEJORAS LOCATIVAS PARA LAS SEDES A NIVEL NACIONAL CARGO DE LA UNIDAD NACIONAL DE PROTECCIÓN | D5: FECHA DEL CONTRATO
A6: =RESUMEN!B122 -> CAPITULO 7 INSATALACIONES ELECTRICAS | D6: NOMBRE DEL CONTRATISTA
A9: DESCRIPCIÓN DEL ITEM | C9: N° ITEM | D9: UNIDAD | E9: TOTAL COSTO DIRECTO
A10: =RESUMEN!B123 -> Desmonte, suministro y reemplazo de aparatos de control electrico basico. | C10: =RESUMEN!A123 -> 7.01 | D10: =RESUMEN!C123 -> un | E10: =E19+E25+E30+E35 -> 0
A13: 1. DESCRIPCION DE MATERIALES E INSUMOS | B13: UNIDAD | C13: VR. UNIT. | D13: CANT/UND. | E13: VR. INSUMO
A14: ='MAT-INSM'!A167 -> TOMA CORRIENTE POLO A TIERRA L/NEX | B14: ='MAT-INSM'!B167 -> UN | C14: ='MAT-INSM'!C167 -> 0 | D14: 1 | E14: =ROUND(C14*D14,0) -> 0
A15: ='MAT-INSM'!A52 -> CINTA AISLANTE NEGRA, X 15M | B15: ='MAT-INSM'!B52 -> RLL | C15: ='MAT-INSM'!C52 -> 0 | D15: 0.125 | E15: =ROUND(C15*D15,0) -> 0
C16: 0 | E16: =ROUND(C16*D16,0) -> 0
C17: 0 | E17: =ROUND(C17*D17,0) -> 0
C18: 0 | E18: =ROUND(C18*D18,0) -> 0
D19: SUB-TOTAL | E19: =SUM(E14:E18) -> 0
A21: 2. DESCRIPCIÓN EQUIPOS Y HERRAMIENTAS | B21: UNIDAD | C21: VR. UNIT. | D21: CANT. | E21: VR. UNIT.
A22: ='HRR-EQP'!A11 -> DESTORNILLADOR DE PALA 1/4" X 6" | B22: ='HRR-EQP'!B11 -> UN | C22: ='HRR-EQP'!C11 -> 0 | D22: 0.125 | E22: =ROUND(C22*D22,0) -> 0
C23: 0 | E23: =ROUND(C23*D23,0) -> 0
C24: 0 | E24: =ROUND(C24*D24,0) -> 0
D25: SUB-TOTAL | E25: =SUM(E22:E24) -> 0
A27: 3. DESCRIPCIÓN MANO DE OBRA CUADRILLAS | B27: UNIDAD | C27: VR. UNIT. | D27: RENDIMIENTO | E27: VR. UNITARIO
A28: ='MAN-OBR'!A15 -> MdeO Coloc. APARATOS ELECTRICOS O LAMPARAS | B28: ='MAN-OBR'!B15 -> UN | C28: ='MAN-OBR'!C15 -> 0 | D28: 1 | E28: =ROUND(C28*D28,0) -> 0
C29: 0 | E29: =ROUND(C29*D29,0) -> 0
D30: SUB-TOTAL | E30: =SUM(E28:E29) -> 0
A32: 4. DESCRIPCIÓN OTROS COMPONENTES | B32: UNIDAD | C32: VR. UNIT. | D32: RENDIMIENTO | E32: VR. UNITARIO
A33: =OTROS!A7 -> RETIRO DE ESCOMBROS | B33: =OTROS!B7 -> M3 | C33: =OTROS!C7 -> 0 | D33: 0.0625 | E33: =ROUND(C33*D33,0) -> 0
C34: 0 | E34: =ROUND(C34*D34,0) -> 0
D35: SUB-TOTAL | E35: =SUM(E33:E34) -> 0
A37: Elaboro | B37: Reviso | D37: Aprobo
A42: DESCRIPCIÓN DEL ITEM | C42: N° ITEM | D42: UNIDAD | E42: TOTAL COSTO DIRECTO
A43: =RESUMEN!B124 -> Suministro e instalación de tablero parcial de 24 circuitos (debe incluir tacos de 30 amp) | C43: =RESUMEN!A124 -> 7.02 | D43: =RESUMEN!C124 -> un | E43: =E52+E58+E63+E68 -> 0
A46: 1. DESCRIPCION DE MATERIALES E INSUMOS | B46: UNIDAD | C46: VR. UNIT. | D46: CANT/UND. | E46: VR. INSUMO
A47: ='MAT-INSM'!A155 -> TABLERO C/P TRIF.24CTS LUMINEX | B47: ='MAT-INSM'!B155 -> UN | C47: ='MAT-INSM'!C155 -> 0 | D47: 1 | E47: =ROUND(C47*D47,0) -> 0
A48: ='MAT-INSM'!A63 -> CORTACIRCUITO ENCH. 1POL 20AMP L/NEX | B48: ='MAT-INSM'!B63 -> UN | C48: ='MAT-INSM'!C63 -> 0 | D48: 24 | E48: =ROUND(C48*D48,0) -> 0
A49: ='MAT-INSM'!A29 -> CABLE cobre desnudo AWG 1/0 ML | B49: ='MAT-INSM'!B29 -> ML | C49: ='MAT-INSM'!C29 -> 0 | D49: 3 | E49: =ROUND(C49*D49,0) -> 0
A50: ='MAT-INSM'!A52 -> CINTA AISLANTE NEGRA, X 15M | B50: ='MAT-INSM'!B52 -> RLL | C50: ='MAT-INSM'!C52 -> 0 | D50: 1 | E50: =ROUND(C50*D50,0) -> 0
C51: 0 | E51: =ROUND(C51*D51,0) -> 0
D52: SUB-TOTAL | E52: =SUM(E47:E51) -> 0
A54: 2. DESCRIPCIÓN EQUIPOS Y HERRAMIENTAS | B54: UNIDAD | C54: VR. UNIT. | D54: CANT. | E54: VR. UNIT.
A55: ='HRR-EQP'!A2 -> ALICATE 2 POSICIONES DE 8" AISLADO | B55: ='HRR-EQP'!B2 -> UN | C55: ='HRR-EQP'!C2 -> 0 | D55: 1 | E55: =ROUND(C55*D55,0) -> 0
A56: ='HRR-EQP'!A11 -> DESTORNILLADOR DE PALA 1/4" X 6" | B56: ='HRR-EQP'!B11 -> UN | C56: ='HRR-EQP'!C11 -> 0 | D56: 0.25 | E56: =ROUND(C56*D56,0) -> 0
C57: 0 | E57: =ROUND(C57*D57,0) -> 0
D58: SUB-TOTAL | E58: =SUM(E55:E57) -> 0
A60: 3. DESCRIPCIÓN MANO DE OBRA CUADRILLAS | B60: UNIDAD | C60: VR. UNIT. | D60: RENDIMIENTO | E60: VR. UNITARIO
A61: ='MAN-OBR'!A91 -> MdeO Tabl.PARCIALES 24 CIRCUIT | B61: ='MAN-OBR'!B91 -> UN | C61: ='MAN-OBR'!C91 -> 0 | D61: 1 | E61: =ROUND(C61*D61,0) -> 0
C62: 0 | E62: =ROUND(C62*D62,0) -> 0
D63: SUB-TOTAL | E63: =SUM(E61:E62) -> 0
A65: 4. DESCRIPCIÓN OTROS COMPONENTES | B65: UNIDAD | C65: VR. UNIT. | D65: RENDIMIENTO | E65: VR. UNITARIO
A66: =OTROS!A7 -> RETIRO DE ESCOMBROS | B66: =OTROS!B7 -> M3 | C66: =OTROS!C7 -> 0 | D66: 0.125 | E66: =ROUND(C66*D66,0) -> 0
C67: 0 | E67: =ROUND(C67*D67,0) -> 0
D68: SUB-TOTAL | E68: =SUM(E66:E67) -> 0
A70: Elaboro | B70: Reviso | D70: Aprobo
A75: DESCRIPCIÓN DEL ITEM | C75: N° ITEM | D75: UNIDAD | E75: TOTAL COSTO DIRECTO
A76: =RESUMEN!B125 -> Suministro e instalación de totalizador 3x60 amp. | C76: =RESUMEN!A125 -> 7.03 | D76: =RESUMEN!C125 -> un | E76: =E85+E91+E96+E101 -> 0
A79: 1. DESCRIPCION DE MATERIALES E INSUMOS | B79: UNIDAD | C79: VR. UNIT. | D79: CANT/UND. | E79: VR. INSUMO
A80: ='MAT-INSM'!A64 -> CORTACIRCUITO ENCH. 3POL 50AMP L/NEX | B80: ='MAT-INSM'!B64 -> UN | C80: ='MAT-INSM'!C64 -> 0 | D80: 1 | E80: =ROUND(C80*D80,0) -> 0
C81: 0 | E81: =ROUND(C81*D81,0) -> 0
C82: 0 | E82: =ROUND(C82*D82,0) -> 0
C83: 0 | E83: =ROUND(C83*D83,0) -> 0
C84: 0 | E84: =ROUND(C84*D84,0) -> 0
D85: SUB-TOTAL | E85: =SUM(E80:E84) -> 0
A87: 2. DESCRIPCIÓN EQUIPOS Y HERRAMIENTAS | B87: UNIDAD | C87: VR. UNIT. | D87: CANT. | E87: VR. UNIT.
A88: ='HRR-EQP'!A2 -> ALICATE 2 POSICIONES DE 8" AISLADO | B88: ='HRR-EQP'!B2 -> UN | C88: ='HRR-EQP'!C2 -> 0 | D88: 0.2 | E88: =ROUND(C88*D88,0) -> 0
C89: 0 | E89: =ROUND(C89*D89,0) -> 0
C90: 0 | E90: =ROUND(C90*D90,0) -> 0
D91: SUB-TOTAL | E91: =SUM(E88:E90) -> 0
A93: 3. DESCRIPCIÓN MANO DE OBRA CUADRILLAS | B93: UNIDAD | C93: VR. UNIT. | D93: RENDIMIENTO | E93: VR. UNITARIO
A94: ='MAN-OBR'!A91 -> MdeO Tabl.PARCIALES 24 CIRCUIT | B94: ='MAN-OBR'!B91 -> UN | C94: ='MAN-OBR'!C91 -> 0 | D94: =1/8 -> 0.125 | E94: =ROUND(C94*D94,0) -> 0
C95: 0 | E95: =ROUND(C95*D95,0) -> 0
D96: SUB-TOTAL | E96: =SUM(E94:E95) -> 0
A98: 4. DESCRIPCIÓN OTROS COMPONENTES | B98: UNIDAD | C98: VR. UNIT. | D98: RENDIMIENTO | E98: VR. UNITARIO
C99: 0 | E99: =ROUND(C99*D99,0) -> 0
C100: 0 | E100: =ROUND(C100*D100,0) -> 0
D101: SUB-TOTAL | E101: =SUM(E99:E100) -> 0
A103: Elaboro | B103: Reviso | D103: Aprobo
A108: DESCRIPCIÓN DEL ITEM | C108: N° ITEM | D108: UNIDAD | E108: TOTAL COSTO DIRECTO
A109: =RESUMEN!B126 -> Suministro e instalación de BREAKER de 20 o 30 amp. | C109: =RESUMEN!A126 -> 7.04 | D109: =RESUMEN!C126 -> un | E109: =E118+E124+E129+E134 -> 0
A112: 1. DESCRIPCION DE MATERIALES E INSUMOS | B112: UNIDAD | C112: VR. UNIT. | D112: CANT/UND. | E112: VR. INSUMO
A113: ='MAT-INSM'!A63 -> CORTACIRCUITO ENCH. 1POL 20AMP L/NEX | B113: ='MAT-INSM'!B63 -> UN | C113: ='MAT-INSM'!C63 -> 0 | D113: 1 | E113: =ROUND(C113*D113,0) -> 0
C114: 0 | E114: =ROUND(C114*D114,0) -> 0
C115: 0 | E115: =ROUND(C115*D115,0) -> 0
C116: 0 | E116: =ROUND(C116*D116,0) -> 0
C117: 0 | E117: =ROUND(C117*D117,0) -> 0
D118: SUB-TOTAL | E118: =SUM(E113:E117) -> 0
A120: 2. DESCRIPCIÓN EQUIPOS Y HERRAMIENTAS | B120: UNIDAD | C120: VR. UNIT. | D120: CANT. | E120: VR. UNIT.
A121: ='HRR-EQP'!A2 -> ALICATE 2 POSICIONES DE 8" AISLADO | B121: ='HRR-EQP'!B2 -> UN | C121: ='HRR-EQP'!C2 -> 0 | D121: 0.025 | E121: =ROUND(C121*D121,0) -> 0
C122: 0 | E122: =ROUND(C122*D122,0) -> 0
C123: 0 | E123: =ROUND(C123*D123,0) -> 0
D124: SUB-TOTAL | E124: =SUM(E121:E123) -> 0
A126: 3. DESCRIPCIÓN MANO DE OBRA CUADRILLAS | B126: UNIDAD | C126: VR. UNIT. | D126: RENDIMIENTO | E126: VR. UNITARIO
A127: ='MAN-OBR'!A90 -> MdeO Tabl.PARCIALES 12-CIRCUIT | B127: ='MAN-OBR'!B90 -> UN | C127: ='MAN-OBR'!C90 -> 0 | D127: =1/12 -> 0.083333333 | E127: =ROUND(C127*D127,0) -> 0
C128: 0 | E128: =ROUND(C128*D128,0) -> 0
D129: SUB-TOTAL | E129: =SUM(E127:E128) -> 0
A131: 4. DESCRIPCIÓN OTROS COMPONENTES | B131: UNIDAD | C131: VR. UNIT. | D131: RENDIMIENTO | E131: VR. UNITARIO
C132: 0 | E132: =ROUND(C132*D132,0) -> 0
C133: 0 | E133: =ROUND(C133*D133,0) -> 0
D134: SUB-TOTAL | E134: =SUM(E132:E133) -> 0
A136: Elaboro | B136: Reviso | D136: Aprobo
A141: DESCRIPCIÓN DEL ITEM | C141: N° ITEM | D141: UNIDAD | E141: TOTAL COSTO DIRECTO
A142: =RESUMEN!B127 -> Suministro e instalación de línea de puesta a tierra de tablero general. | C142: =RESUMEN!A127 -> 7.05 | D142: =RESUMEN!C127 -> global | E142: =E151+E157+E162+E167 -> 0
A145: 1. DESCRIPCION DE MATERIALES E INSUMOS | B145: UNIDAD | C145: VR. UNIT. | D145: CANT/UND. | E145: VR. INSUMO
...

Sheet RESUMEN
A1: ITEMS A CONTRATAR
A2: ITEM | B2: DEFINICION DEL ITEM | C2: UN. DE MEDIDA | D2: PRECIO TECHO | E2: VALOR UNITARIO
A3: =ESPECIF!A3 -> 1 | B3: =ESPECIF!B3 -> CAPITULO 1 ACTIVIDADES PRELIMINARES | C3: =ESPECIF!C3 -> UNIDAD
A4: =ESPECIF!A4 -> 1.01 | B4: =ESPECIF!B4 -> Desmonte o desinstalación de puestos de trabajo, incluye trasiego. | C4: =ESPECIF!C4 -> m2 | D4: 41141 | E4: ='APU-CP1'!E10 -> 0
A5: =ESPECIF!A5 -> 1.02 | B5: =ESPECIF!B5 -> Desmonte de canaleta incluido cableado y aparatos eléctricos y de datos. | C5: =ESPECIF!C5 -> ml | D5: 16261 | E5: ='APU-CP1'!E43 -> 0
A6: =ESPECIF!A6 -> 1.03 | B6: =ESPECIF!B6 -> Suspension de puntos electricos, incluye descableado. | C6: =ESPECIF!C6 -> un | D6: 35860 | E6: ='APU-CP1'!E76 -> 0
A7: =ESPECIF!A7 -> 1.04 | B7: =ESPECIF!B7 -> Desmonte o desinstalación de puertas entamboradas en madera, incluido marco. | C7: =ESPECIF!C7 -> un | D7: 33644 | E7: ='APU-CP1'!E109 -> 0
A8: =ESPECIF!A8 -> 1.05 | B8: =ESPECIF!B8 -> Desmonte o desinstalación de puertas o ventanas en perfiles de acero o aluminio, incluidos marcos y vidrios. | C8: =ESPECIF!C8 -> m2 | D8: 33644 | E8: ='APU-CP1'!E142 -> 0
A9: =ESPECIF!A9 -> 1.06 | B9: =ESPECIF!B9 -> Desmonte o desinstalación de divisiones de oficinas, metálicas o madera. | C9: =ESPECIF!C9 -> m2 | D9: 31164 | E9: ='APU-CP1'!E175 -> 0
A10: =ESPECIF!A10 -> 1.07 | B10: =ESPECIF!B10 -> Desmonte de mueble inferior o superior y superficies de cocina. | C10: =ESPECIF!C10 -> un | D10: 145205 | E10: ='APU-CP1'!E208 -> 0
A11: =ESPECIF!A11 -> 1.08 | B11: =ESPECIF!B11 -> Desmonte de aparatos sanitarios, lavamanos y/o orinales, incluye trasiego interno. | C11: =ESPECIF!C11 -> un | D11: 56670 | E11: ='APU-CP1'!E241 -> 0
A12: =ESPECIF!A12 -> 1.09 | B12: =ESPECIF!B12 -> Reinstalación de aparatos sanitarios, lavamanos y/o orinales, incluye trasiego interno. | C12: =ESPECIF!C12 -> un | D12: 152233 | E12: ='APU-CP1'!E274 -> 0
A13: =ESPECIF!A13 -> 1.1 | B13: =ESPECIF!B13 -> Desmonte cielo raso en drywall, duracustick o similar incluye retiro de estructura. | C13: =ESPECIF!C13 -> m2 | D13: 11540 | E13: ='APU-CP1'!E307 -> 0
A14: =ESPECIF!A14 -> 1.11 | B14: =ESPECIF!B14 -> Desmonte o desinstalación de vidrio templado o puerta en vidrio de 6 a 10 mm división oficina piso techo. | C14: =ESPECIF!C14 -> m2 | D14: 61095 | E14: ='APU-CP1'!E340 -> 0
A15: =ESPECIF!A15 -> 1.12 | B15: =ESPECIF!B15 -> Demolición muro en sistema stell framing o similar incluye retiro de estructura. | C15: =ESPECIF!C15 -> m2 | D15: 21787 | E15: ='APU-CP1'!E373 -> 0
A16: =ESPECIF!A16 -> 1.13 | B16: =ESPECIF!B16 -> Demolición de enchapes de pisos o muros. | C16: =ESPECIF!C16 -> m2 | D16: 25710 | E16: ='APU-CP1'!E406 -> 0
A17: =ESPECIF!A17 -> 1.14 | B17: =ESPECIF!B17 -> Demolición de pañetes. | C17: =ESPECIF!C17 -> m2 | D17: 23353 | E17: ='APU-CP1'!E439 -> 0
A18: =ESPECIF!A18 -> 1.15 | B18: =ESPECIF!B18 -> Demolición placa contrapiso maciza e=0,10 a 0,15 m. incluye corte y retiro de refuerzo. | C18: =ESPECIF!C18 -> m2 | D18: 109600 | E18: ='APU-CP1'!E472 -> 0
A19: =ESPECIF!A19 -> 1.16 | B19: =ESPECIF!B19 -> Demolición de muros en mampostería de arcilla o concreto, incluido pañete a dos caras. | C19: =ESPECIF!C19 -> m2 | D19: 31046 | E19: ='APU-CP1'!E505 -> 0
A20: =ESPECIF!A20 -> 1.17 | B20: =ESPECIF!B20 -> Cortes y demolición para regatas en muros, pisos o entrepisos, incluye resane. | C20: =ESPECIF!C20 -> ml | D20: 70516 | E20: ='APU-CP1'!E538 -> 0
A21: =ESPECIF!A21 -> 1.18 | B21: =ESPECIF!B21 -> Montaje o armado de puestos de trabajo, incluye trasiego interno. | C21: =ESPECIF!C21 -> m2 | D21: 69921 | E21: ='APU-CP1'!E571 -> 0
A22: =ESPECIF!A22 -> 2 | B22: =ESPECIF!B22 -> CAPITULO 2 BASES PISOS Y ACABADOS | C22: =ESPECIF!C22 -> UNIDAD
A23: =ESPECIF!A23 -> 2.01 | B23: =ESPECIF!B23 -> Alistado de piso en mortero 1:3 afinado e=4cm. | C23: =ESPECIF!C23 -> m2 | D23: 42361 | E23: ='APU-CP2'!E10 -> 0
A24: =ESPECIF!A24 -> 2.02 | B24: =ESPECIF!B24 -> Alistado de piso en mortero impermeabilizado 1:3 afinado e=4cm. | C24: =ESPECIF!C24 -> m2 | D24: 53459 | E24: ='APU-CP2'!E43 -> 0
A25: =ESPECIF!A25 -> 2.03 | B25: =ESPECIF!B25 -> Suministro e instalación de enchapes cerámicos para pisos y/o muros. | C25: =ESPECIF!C25 -> m2 | D25: 73846 | E25: ='APU-CP2'!E76 -> 0
A26: =ESPECIF!A26 -> 2.04 | B26: =ESPECIF!B26 -> Suministro e instalación de Guarda escoba en cerámica. | C26: =ESPECIF!C26 -> ml | D26: 35872 | E26: ='APU-CP2'!E109 -> 0
A27: =ESPECIF!A27 -> 2.05 | B27: =ESPECIF!B27 -> Suministro e instalación de piso vinílico SPC, incluye renivelación sobre piso existente. | C27: =ESPECIF!C27 -> m2 | D27: 222974 | E27: ='APU-CP2'!E142 -> 0
A28: =ESPECIF!A28 -> 2.06 | B28: =ESPECIF!B28 -> Suministro e instalación de guarda escoba en madera. | C28: =ESPECIF!C28 -> ml | D28: 100450 | E28: ='APU-CP2'!E175 -> 0
A29: =ESPECIF!A29 -> 2.07 | B29: =ESPECIF!B29 -> Suministro e instalación de tablón de gres liso o rústico desde 11x11 hasta 33x 33 zonas exteriores e interiores. | C29: =ESPECIF!C29 -> m2 | D29: 164183 | E29: ='APU-CP2'!E208 -> 0
A30: =ESPECIF!A30 -> 2.08 | B30: =ESPECIF!B30 -> Construcción de rampa en concreto incluye demolición, relleno, placa de concreto y refuerzo, terminada en cemento escobillado. | C30: =ESPECIF!C30 -> m2 | D30: 164928 | E30: ='APU-CP2'!E241 -> 0
A31: =ESPECIF!A31 -> 2.09 | B31: =ESPECIF!B31 -> Suministro e instalación de piso en gravilla lavada. | C31: =ESPECIF!C31 -> m2 | D31: 160778 | E31: ='APU-CP2'!E274 -> 0
A32: =ESPECIF!A32 -> 2.1 | B32: =ESPECIF!B32 -> Suministro e instalación de cinta autoadhesiva antideslizante. | C32: =ESPECIF!C32 -> ml | D32: 11718 | E32: ='APU-CP2'!E307 -> 0
A33: =ESPECIF!A33 -> 2.11 | B33: =ESPECIF!B33 -> Suministro e instalación de cinta autoadhesiva antideslizante fotoluminiscente. | C33: =ESPECIF!C33 -> ml | D33: 16279 | E33: ='APU-CP2'!E340 -> 0
A34: =ESPECIF!A34 -> 2.12 | B34: =ESPECIF!B34 -> Lineas de demarcación en pintura tipo trafico pesado para pisos ancho 0,10 m. | C34: =ESPECIF!C34 -> ml | D34: 16594 | E34: ='APU-CP2'!E373 -> 0
A35: =ESPECIF!A35 -> 3 | B35: =ESPECIF!B35 -> CAPITULO 3 MAMPOSTERIA REFUERZOS, PAÑETES, MUROS SECOS Y PINTURA | C35: =ESPECIF!C35 -> UNIDAD
A36: =ESPECIF!A36 -> 3.01 | B36: =ESPECIF!B36 -> Suministro e instalación de concreto de 3000 PSI, incluye encofrados. | C36: =ESPECIF!C36 -> m3 | D36: 1780594 | E36: ='APU-CP3'!E10 -> 0
A37: =ESPECIF!A37 -> 3.02 | B37: =ESPECIF!B37 -> Suministro figurada y amarre de acero 60000 PSI. | C37: =ESPECIF!C37 -> kg | D37: 29735 | E37: ='APU-CP3'!E43 -> 0
A38: =ESPECIF!A38 -> 3.03 | B38: =ESPECIF!B38 -> Muro en bloque #5 e=12 cm. con mortero de pega 1:3. | C38: =ESPECIF!C38 -> m2 | D38: 81459 | E38: ='APU-CP3'!E76 -> 0
A39: =ESPECIF!A39 -> 3.04 | B39: =ESPECIF!B39 -> Muro ladrillo estructural e=0.12 cm, debe incluir acero de refuerzo 60,000 PSI con anclaje mecanico al piso. | C39: =ESPECIF!C39 -> m2 | D39: 236997 | E39: ='APU-CP3'!E109 -> 0
A40: =ESPECIF!A40 -> 3.05 | B40: =ESPECIF!B40 -> Pañete 1:4 liso debe incluir filos y dilataciones. | C40: =ESPECIF!C40 -> m2 | D40: 38958 | E40: ='APU-CP3'!E142 -> 0
A41: =ESPECIF!A41 -> 3.06 | B41: =ESPECIF!B41 -> Pañete 1:3 impermeabilizado debe incluir filos y dilataciones. | C41: =ESPECIF!C41 -> m2 | D41: 43796 | E41: ='APU-CP3'!E175 -> 0
A42: =ESPECIF!A42 -> 3.07 | B42: =ESPECIF!B42 -> Estuco y pintura vinilo tipo 1 sobre pañete tres manos, debe incluir filos y dilataciones. | C42: =ESPECIF!C42 -> m2 | D42: 55351 | E42: ='APU-CP3'!E208 -> 0
A43: =ESPECIF!A43 -> 3.08 | B43: =ESPECIF!B43 -> Muro stell framing estructura metálica base 9 cal 26, a dos caras en fibrocemento de 8 mm, incluye cantos filos y dilataciones. | C43: =ESPECIF!C43 -> m2 | D43: 302308 | E43: ='APU-CP3'!E241 -> 0
A44: =ESPECIF!A44 -> 3.09 | B44: =ESPECIF!B44 -> Muro stell framing estructura metálica base 9 cal 26, a dos caras en drywall de 1/2", incluye cantos filos y dilataciones. | C44: =ESPECIF!C44 -> m2 | D44: 266960 | E44: ='APU-CP3'!E276 -> 0
A45: =ESPECIF!A45 -> 3.1 | B45: =ESPECIF!B45 -> Muro stell framing estructura metálica base 6 cal 26, a dos caras en drywall de 1/2", incluye cantos filos y dilataciones. | C45: =ESPECIF!C45 -> m2 | D45: 255853 | E45: ='APU-CP3'!E311 -> 0
A46: =ESPECIF!A46 -> 3.11 | B46: =ESPECIF!B46 -> Suministro e instalación de aislamiento acústico para muros en stell framing b6 en poliestireno expandido d:15kg/m3 y espesor 0,06 m. | C46: =ESPECIF!C46 -> m2 | D46: 41784 | E46: ='APU-CP3'!E346 -> 0
A47: =ESPECIF!A47 -> 3.12 | B47: =ESPECIF!B47 -> Estampillada laminas de drywall sobre muros en mamposteria, masillado y pintado en vinilo tipo 2 a 3 manos. | C47: =ESPECIF!C47 -> m2 | D47: 99345 | E47: ='APU-CP3'!E379 -> 0
A48: =ESPECIF!A48 -> 3.13 | B48: =ESPECIF!B48 -> Resanes sobre muros interiores de mamposteria, drywall o fibrocemento y aplicación de pintura en vinilo tipo 1 a 2 manos. | C48: =ESPECIF!C48 -> m2 | D48: 45332 | E48: ='APU-CP3'!E412 -> 0
A49: =ESPECIF!A49 -> 3.14 | B49: =ESPECIF!B49 -> Resanes sobre muros exteriores de mamposteria o fibrocemento y aplicación de pintura acrilica para exteriores a 2 manos. | C49: =ESPECIF!C49 -> m2 | D49: 46900 | E49: ='APU-CP3'!E445 -> 0
A50: =ESPECIF!A50 -> 3.15 | B50: =ESPECIF!B50 -> Aplicación de pasta acrílica sobre muros interiores en cerámica, mas estuco plastico y acabado en vinilo tipo 1 a 2 manos. | C50: =ESPECIF!C50 -> m2 | D50: 68215 | E50: ='APU-CP3'!E478 -> 0
A51: =ESPECIF!A51 -> 3.16 | B51: =ESPECIF!B51 -> Impermeabilización fachada en hidrófugo o similar. | C51: =ESPECIF!C51 -> m2 | D51: 29688 | E51: ='APU-CP3'!E511 -> 0
A52: =ESPECIF!A52 -> 4 | B52: =ESPECIF!B52 -> CAPITULO 4 CUBIERTAS Y CIELORASOS | C52: =ESPECIF!C52 -> UNIDAD
A53: =ESPECIF!A53 -> 4.01 | B53: =ESPECIF!B53 -> Desmonte o reinstalación de teja de fibrocemento, traslucida, acero pintado o similar, por cambio, reparación o refuerzo de estructura. | C53: =ESPECIF!C53 -> m2 | D53: 33770 | E53: ='APU-CP4'!E10 -> 0
A54: =ESPECIF!A54 -> 4.02 | B54: =ESPECIF!B54 -> Desmonte, suministro y reemplazo de teja de fibrocemento o similar. | C54: =ESPECIF!C54 -> m2 | D54: 146459 | E54: ='APU-CP4'!E43 -> 0
A55: =ESPECIF!A55 -> 4.03 | B55: =ESPECIF!B55 -> Desmonte, suministro y reemplazo de teja traslucida o tipo arquitectonica. | C55: =ESPECIF!C55 -> m2 | D55: 271922 | E55: ='APU-CP4'!E76 -> 0
A56: =ESPECIF!A56 -> 4.04 | B56: =ESPECIF!B56 -> Desmonte de estructura existente para teja de fibrocemento y remplazo por estructura metalica. | C56: =ESPECIF!C56 -> ml | D56: 104280 | E56: ='APU-CP4'!E109 -> 0
A57: =ESPECIF!A57 -> 4.05 | B57: =ESPECIF!B57 -> Mantenimiento de estructuras de cubiertas en madera, incluye inmunización. | C57: =ESPECIF!C57 -> ml | D57: 34775 | E57: ='APU-CP4'!E142 -> 0
A58: =ESPECIF!A58 -> 4.06 | B58: =ESPECIF!B58 -> Sellado térmico y acústico de juntas en cubiertas, con espuma de poliuretano. | C58: =ESPECIF!C58 -> ml | D58: 23700 | E58: ='APU-CP4'!E175 -> 0
A59: =ESPECIF!A59 -> 4.07 | B59: =ESPECIF!B59 -> Mantenimiento y limpieza de canales de cubierta incluido bajantes de agua lluvia. | C59: =ESPECIF!C59 -> ml | D59: 18179 | E59: ='APU-CP4'!E208 -> 0
A60: =ESPECIF!A60 -> 4.08 | B60: =ESPECIF!B60 -> Sellado de flanche, con espuma de poliuretano, masillas epoxica o similares. | C60: =ESPECIF!C60 -> ml | D60: 18898 | E60: ='APU-CP4'!E241 -> 0
A61: =ESPECIF!A61 -> 4.09 | B61: =ESPECIF!B61 -> Suministro e instalación de flanche en lámina galvanizada cal. 22; ds=30 | C61: =ESPECIF!C61 -> ml | D61: 83338 | E61: ='APU-CP4'!E274 -> 0
A62: =ESPECIF!A62 -> 4.1 | B62: =ESPECIF!B62 -> Canal PVC amazonas, incluye soportes, tapas y soscos. | C62: =ESPECIF!C62 -> ml | D62: 166513 | E62: ='APU-CP4'!E307 -> 0
A63: =ESPECIF!A63 -> 4.11 | B63: =ESPECIF!B63 -> Bajante PVC para canal (amazonas, raingo) incluye soportes y accesorios. | C63: =ESPECIF!C63 -> ml | D63: 169286 | E63: ='APU-CP4'!E340 -> 0
A64: =ESPECIF!A64 -> 4.12 | B64: =ESPECIF!B64 -> Cielo raso plano o inclinado en Drywall con estructura de acero galvanizado cal 26, incluye dilatación plastica perimetral. | C64: =ESPECIF!C64 -> m2 | D64: 173594 | E64: ='APU-CP4'!E373 -> 0
A65: =ESPECIF!A65 -> 4.13 | B65: =ESPECIF!B65 -> Cielo raso plano o inclinado en PVC con estructura en acero galvanizado cal 26, incluye bocel de remate perimetral. | C65: =ESPECIF!C65 -> m2 | D65: 231399 | E65: ='APU-CP4'!E409 -> 0
A66: =ESPECIF!A66 -> 4.14 | B66: =ESPECIF!B66 -> Suministro y remplazo de paneles de cieloraso tipo duracustick 0,60x0,60 m. | C66: =ESPECIF!C66 -> un | D66: 109630 | E66: ='APU-CP4'!E442 -> 0
A67: =ESPECIF!A67 -> 4.15 | B67: =ESPECIF!B67 -> Suministro e instalación de aislamiento térmico sobre cieloraso tipo frescasa de 3". | C67: =ESPECIF!C67 -> m2 | D67: 87183 | E67: ='APU-CP4'!E475 -> 0
A68: =ESPECIF!A68 -> 4.16 | B68: =ESPECIF!B68 -> Resanes bajo cielorasos interiores en drywall o fibrocemento y aplicación de pintura en vinilo tipo 2 a 2 manos. | C68: =ESPECIF!C68 -> m2 | D68: 49343 | E68: ='APU-CP4'!E508 -> 0
A69: =ESPECIF!A69 -> 4.17 | B69: =ESPECIF!B69 -> Apertura, suministro e instlación de tapas de registro para inspección, 0,40x0,40 m, bajo cielorasos de drywall o PVC. | C69: =ESPECIF!C69 -> un | D69: 176283 | E69: ='APU-CP4'!E541 -> 0
A70: =ESPECIF!A70 -> 4.18 | B70: =ESPECIF!B70 -> Suministro e instalación de manto asfaltico recubierto en alumnio, aplicado en caliente, sobre cubiertas o flanches. | C70: =ESPECIF!C70 -> m2 | D70: 124418 | E70: ='APU-CP4'!E574 -> 0
A71: =ESPECIF!A71 -> 4.19 | B71: =ESPECIF!B71 -> Mantenimiento de terrazas o cubiertas planas en concreto o manto asfaltico, mediante pintura elastometrica con fibras o similar. | C71: =ESPECIF!C71 -> m2 | D71: 65523 | E71: ='APU-CP4'!E607 -> 0
A72: =ESPECIF!A72 -> 5 | B72: =ESPECIF!B72 -> CAPITULO 5 CARPINTERIA MADERA, ACERO, ALUMINIO Y VIDRIO | C72: =ESPECIF!C72 -> UNIDAD
A73: =ESPECIF!A73 -> 5.01 | B73: =ESPECIF!B73 -> Mantenimiento de puertas de madera, incluye desmonte y reinstalación ajuste y cambio de bisagras y cantonera. | C73: =ESPECIF!C73 -> un | D73: 47243 | E73: ='APU-CP5'!E10 -> 0
A74: =ESPECIF!A74 -> 5.02 | B74: =ESPECIF!B74 -> Mantenimiento de puertas de vidrio, incluye desmonte y reinstalación ajuste cambio de y pivotes de empotrar en piso y techo. | C74: =ESPECIF!C74 -> juego | D74: 244414 | E74: ='APU-CP5'!E43 -> 0
A75: =ESPECIF!A75 -> 5.03 | B75: =ESPECIF!B75 -> Suministro e instalación de brazo hidráulico de sobreponer cierra puerta hasta 45 kg. | C75: =ESPECIF!C75 -> un | D75: 303775 | E75: ='APU-CP5'!E76 -> 0
A76: =ESPECIF!A76 -> 5.04 | B76: =ESPECIF!B76 -> Suministro e instalación de piston hidráulico embebido en piso para puertas de vidrio. | C76: =ESPECIF!C76 -> un | D76: 581613 | E76: ='APU-CP5'!E109 -> 0
A77: =ESPECIF!A77 -> 5.05 | B77: =ESPECIF!B77 -> Suministro e instalación de puerta entamborada y marco de madera. | C77: =ESPECIF!C77 -> un | D77: 1461350 | E77: ='APU-CP5'!E142 -> 0
A78: =ESPECIF!A78 -> 5.06 | B78: =ESPECIF!B78 -> Suministro e instalación de puerta en aluminio y vidrio con marco en aluminio, debe incluir cerradura de seguridad. | C78: =ESPECIF!C78 -> m2 | D78: 968483 | E78: ='APU-CP5'!E175 -> 0
A79: =ESPECIF!A79 -> 5.07 | B79: =ESPECIF!B79 -> Suministro e instalación de puerta entamborada en lámina cal 18, reforzada con chapa seguridad. | C79: =ESPECIF!C79 -> m2 | D79: 1798758 | E79: ='APU-CP5'!E208 -> 0
A80: =ESPECIF!A80 -> 5.08 | B80: =ESPECIF!B80 -> Suministro e instalación de reja tipo bancaria en varilla cuadrada de 1/2" trama, mínima 15 cm acabado en esmalte. | C80: =ESPECIF!C80 -> m2 | D80: 597652 | E80: ='APU-CP5'!E241 -> 0
A81: =ESPECIF!A81 -> 5.09 | B81: =ESPECIF!B81 -> Suministro e instalación de cerradura de seguridad tipo entrada principal de sobreponer. | C81: =ESPECIF!C81 -> un | D81: 301795 | E81: ='APU-CP5'!E274 -> 0
A82: =ESPECIF!A82 -> 5.1 | B82: =ESPECIF!B82 -> Suministro e instalación de cerrojo doble. | C82: =ESPECIF!C82 -> un | D82: 161529 | E82: ='APU-CP5'!E307 -> 0
A83: =ESPECIF!A83 -> 5.11 | B83: =ESPECIF!B83 -> Suministro e instalación de chapa pomo para baño. | C83: =ESPECIF!C83 -> un | D83: 78713 | E83: ='APU-CP5'!E340 -> 0
A84: =ESPECIF!A84 -> 5.12 | B84: =ESPECIF!B84 -> Suministro e instalación de vidrio crudo de 5mm. | C84: =ESPECIF!C84 -> m2 | D84: 180572 | E84: ='APU-CP5'!E373 -> 0
A85: =ESPECIF!A85 -> 5.13 | B85: =ESPECIF!B85 -> Suministro e instalación de vidrio templado 6 mm, debe incluir perfil F. | C85: =ESPECIF!C85 -> m2 | D85: 387254 | E85: ='APU-CP5'!E406 -> 0
A86: =ESPECIF!A86 -> 5.14 | B86: =ESPECIF!B86 -> División vidrio templado incoloro, barras y accesorios en acero inoxidable 8 mm. | C86: =ESPECIF!C86 -> m2 | D86: 549187 | E86: ='APU-CP5'!E439 -> 0
A87: =ESPECIF!A87 -> 5.15 | B87: =ESPECIF!B87 -> Suministro e instalación puerta, en vidrio templado incoloro de 8 mm con barra de giro en acero debe incluir cerradura. | C87: =ESPECIF!C87 -> m2 | D87: 512809 | E87: ='APU-CP5'!E472 -> 0
A88: =ESPECIF!A88 -> 5.16 | B88: =ESPECIF!B88 -> Suministro e instalación de chapa a presión para puertas de vidrio de 8mm. | C88: =ESPECIF!C88 -> un | D88: 253442 | E88: ='APU-CP5'!E505 -> 0
A89: =ESPECIF!A89 -> 5.17 | B89: =ESPECIF!B89 -> Suministro e instalación de película sobre vidrio, tipo polarizada u opalizada. | C89: =ESPECIF!C89 -> m2 | D89: 252576 | E89: ='APU-CP5'!E538 -> 0
A90: =ESPECIF!A90 -> 5.18 | B90: =ESPECIF!B90 -> Suministro e instalación de película sobre vidrio, tipo microperforado con diseño. | C90: =ESPECIF!C90 -> m2 | D90: 265850 | E90: ='APU-CP5'!E571 -> 0
A91: =ESPECIF!A91 -> 5.19 | B91: =ESPECIF!B91 -> Suministro e instalación de persianas tipo blackout. | C91: =ESPECIF!C91 -> m2 | D91: 246473 | E91: ='APU-CP5'!E604 -> 0
A92: =ESPECIF!A92 -> 5.2 | B92: =ESPECIF!B92 -> Suministro e instalación de baranda pasamanos h: 1,10mt en tubo de 2-1/2" anclada a piso. | C92: =ESPECIF!C92 -> ml | D92: 426893 | E92: ='APU-CP5'!E637 -> 0
A93: =ESPECIF!A93 -> 5.21 | B93: =ESPECIF!B93 -> Suministro e instalación ducto cuadrado en lamina galvanizada cl 22, desarrollo:1:00m. | C93: =ESPECIF!C93 -> ml | D93: 701963 | E93: ='APU-CP5'!E670 -> 0
A94: =ESPECIF!A94 -> 5.22 | B94: =ESPECIF!B94 -> Mantenimiento de rejas y barandas debe incluir cambio de perfiles cerramiento y puertas en reja de tubo de 4x8 cm. | C94: =ESPECIF!C94 -> ml | D94: 126522 | E94: ='APU-CP5'!E703 -> 0
A95: =ESPECIF!A95 -> 5.23 | B95: =ESPECIF!B95 -> Suministro e instalación de mueble bajo para cafeteria, superficie en acero con poceta de 1,80 m. grifería y desagüe. | C95: =ESPECIF!C95 -> un | D95: 1761336 | E95: ='APU-CP5'!E736 -> 0
A96: =ESPECIF!A96 -> 5.24 | B96: =ESPECIF!B96 -> Suministro de barra de seguridad abatible y plegable con sujeción en acero inoxidable. | C96: =ESPECIF!C96 -> un | D96: 513796 | E96: ='APU-CP5'!E769 -> 0
A97: =ESPECIF!A97 -> 5.25 | B97: =ESPECIF!B97 -> Suministro e instalación aviso luminoso en lona panaflex con plastificado e impresión digital. | C97: =ESPECIF!C97 -> m2 | D97: 292212 | E97: ='APU-CP5'!E802 -> 0
A98: =ESPECIF!A98 -> 5.26 | B98: =ESPECIF!B98 -> Suministro e instalación de concertina debe incluir elementos de soporte. | C98: =ESPECIF!C98 -> ml | D98: 166791 | E98: ='APU-CP5'!E835 -> 0
A99: =ESPECIF!A99 -> 5.27 | B99: =ESPECIF!B99 -> Esmalte sobre lámina lineal, hasta cuatro caras por elemento. | C99: =ESPECIF!C99 -> ml | D99: 84445 | E99: ='APU-CP5'!E868 -> 0
A100: =ESPECIF!A100 -> 5.28 | B100: =ESPECIF!B100 -> Esmalte sobre lámina llena. | C100: =ESPECIF!C100 -> m2 | D100: 130116 | E100: ='APU-CP5'!E901 -> 0
...

Sheet OBS
A1: Esta hoja esta dispuesta para recibir sus OBSERVACIONES
